Workbook

Sheet Accueil
B2: GMAO - Gestion de la Maintenance Assistée par Ordinateur
B3: ='Paramètres'!$AA$18
B4: Classeur prêt à l'emploi pour PME industrielle. Toutes les données (entreprise, personnes, fournisseurs, numéros de série, coûts) sont FICTIVES et servent d'exemple : remplacez-les par les vôtres.
B6: Onglets
B7: Tableau de bord | C7: Indicateurs clés (MTBF, MTTR, disponibilité, taux de préventif, coûts, budget), alertes temps réel, top 10, causes, graphiques. Choisir l'année en D4.
B8: Équipements | C8: Parc machines : identification, criticité A/B/C, garantie, heures d'ouverture + indicateurs de fiabilité calculés par équipement.
B9: Ordres de travail | C9: Cœur de la GMAO : toutes les demandes et interventions. Coûts MO / pièces / sous-traitance et coût d'indisponibilité calculés.
B10: Plan préventif | C10: Gammes de maintenance préventive avec fréquence, échéance calculée, statut (OK / À PLANIFIER / EN RETARD) et charge annuelle.
B11: Contrôles réglementaires | C11: Échéancier des contrôles réglementaires (VGP levage, presses, électricité, ESP, incendie, portes, rayonnages, ventilation...).
B12: Stock pièces | C12: Magasin : stock calculé, mini/maxi, valeur, statut de réapprovisionnement et quantité à commander.
B13: Mouvements stock | C13: Entrées / sorties / retours de pièces. Une sortie liée à un N° d'OT est automatiquement imputée au coût de l'OT.
B14: Techniciens | C14: Équipe maintenance : taux horaires, habilitations électriques, CACES, SST, heures réalisées et charge.
B15: Fournisseurs | C15: Fournisseurs, sous-traitants et organismes de contrôle : contrats, délais, évaluation, dépenses de la période.
B16: Budget | C16: Budget mensuel par poste (saisie) vs réel calculé automatiquement, écarts et cumuls.
B17: Relevés compteurs | C17: Relevés de compteurs horaires pour la maintenance conditionnelle.
B18: Paramètres | C18: Listes déroulantes et paramètres de calcul (coût d'arrêt, seuils d'alerte, objectifs).
B20: Légende
B21: Texte bleu | C21: Cellule de saisie (donnée à renseigner / modifier).
B22: Fond gris | C22: Formule de calcul automatique : ne pas écraser. Les formules sont pré-étendues sur plusieurs milliers de lignes.
B23: Texte vert | C23: Lien vers une autre feuille.
B24: Fond jaune | C24: Paramètre clé / hypothèse à ajuster (année d'analyse, coût d'arrêt, objectifs...).
B25: En-tête bleu clair | C25: Colonne calculée (en-tête bleu moyen) ; en-tête bleu foncé = colonne de saisie.
B27: Utilisation au quotidien
B28: 1. Nouvelle demande / panne | C28: Onglet Ordres de travail : ajouter une ligne sous la dernière. N° = 'Prochain N° OT' affiché en haut. Saisir date, équipement, type, priorité, description, statut 'Demandé'.
B29: 2. Intervention | C29: Renseigner intervenant, début / fin, heures d'arrêt de production, temps MO, cause, travaux réalisés. Passer le statut à 'Clôturé'.
B30: 3. Pièces consommées | C30: Onglet Mouvements stock : une ligne 'Sortie' avec la référence, la quantité et le N° d'OT. Le coût s'impute automatiquement à l'OT et le stock se met à jour.
B31: 4. Préventif | C31: Chaque semaine, filtrer le Plan préventif sur 'EN RETARD' / 'À PLANIFIER' et créer les OT avec le code gamme (GP-xxx) dans 'Réf. gamme / contrôle'. À la clôture, l'échéance suivante se recalcule.
B32: 5. Réglementaire | C32: Même principe avec l'ID contrôle (CR-xxx). Renseigner le coût de l'organisme en sous-traitance et le nombre d'observations du rapport.
B33: 6. Magasin | C33: Filtrer Stock pièces sur 'À COMMANDER' : la colonne 'Qté à commander' donne la quantité pour revenir au stock maxi. Saisir la quantité en commande, puis l'entrée à réception.
B34: 7. Pilotage | C34: Tableau de bord mensuel : choisir l'année, analyser disponibilité, top 10 et causes pour orienter les actions d'amélioration (OT 'Amélioratif').
B35: Démarrer avec vos données | C35: Effacer uniquement les cellules en texte bleu des onglets de données (Ctrl + clic sur les colonnes bleues > Suppr). Les colonnes grises se recalculent seules. Conserver les lignes d'en-tête.
B37: Définitions des indicateurs
B38: MTBF | C38: Mean Time Between Failures = (heures d'ouverture de la période - heures d'arrêt sur panne) / nombre de pannes. Plus il est élevé, plus l'équipement est fiable.
B39: MTTR | C39: Mean Time To Repair = heures d'arrêt sur panne / nombre de pannes (inclut prise en charge et attente pièces).
B40: Disponibilité | C40: 1 - heures d'arrêt maintenance / heures d'ouverture de la période (au prorata de l'année écoulée).
B41: Taux de préventif | C41: Heures MO préventives (systématique + conditionnel) / heures MO totales. Repère : viser > 60 %.
B42: Coût d'indisponibilité | C42: Heures d'arrêt × coût horaire d'arrêt (Paramètres) × facteur de criticité (A = 100 %, B = 50 %, C = 20 %).
B43: Criticité | C43: A = goulot sans redondance, B = important, C = secondaire. Sert à prioriser les OT et le préventif.
B44: Période d'analyse | C44: Les indicateurs 'période' filtrent les OT sur la date de demande comprise dans l'année choisie dans le Tableau de bord.
B46: Avertissement | C46: Les références réglementaires et périodicités sont indicatives : à valider avec votre organisme de contrôle, votre assureur et la réglementation en vigueur.

Sheet Tableau de bord
B2: TABLEAU DE BORD MAINTENANCE
B3: ='Paramètres'!$AA$18&" • "&'Paramètres'!$AA$19
B4: Année d'analyse : | D4: 2026 | F4: Période du | G4: ='Paramètres'!$AA$6 | H4: au | I4: =MIN('Paramètres'!$AA$7,TODAY()) | K4: Mise à jour : | L4: =TODAY()
B6: ACTIVITÉ
B7: OT créés | E7: OT correctifs | H7: OT préventifs | K7: OT ouverts | N7: Urgences P1 ouvertes | Q7: Charge en attente (h)
B8: =COUNTIFS('Ordres de travail'!$B$5:$B$3004,">="&'Paramètres'!$AA$6,'Ordres de travail'!$B$5:$B$3004,"<"&('Paramètres'!$AA$7+1)) | E8: =COUNTIFS('Ordres de travail'!$H$5:$H$3004,"Correctif",'Ordres de travail'!$AC$5:$AC$3004,"<>Annulé",'Ordres de travail'!$B$5:$B$3004,">="&'Paramètres'!$AA$6,'Ordres de travail'!$B$5:$B$3004,"<"&('Paramètres'!$AA$7+1)) | H8: =SUM(COUNTIFS('Ordres de travail'!$H$5:$H$3004,{"Préventif systématique","Préventif conditionnel"},'Ordres de travail'!$AC$5:$AC$3004,"<>Annulé",'Ordres de travail'!$B$5:$B$3004,">="&'Paramètres'!$AA$6,'Ordres de travail'!$B$5:$B$3004,"<"&('Paramètres'!$AA$7+1))) | K8: =SUM(COUNTIFS('Ordres de travail'!$AC$5:$AC$3004,{"Demandé","Planifié","En cours","En attente pièces"})) | N8: =SUM(COUNTIFS('Ordres de travail'!$AC$5:$AC$3004,{"Demandé","Planifié","En cours","En attente pièces"},'Ordres de travail'!$K$5:$K$3004,"P1 - Urgent")) | Q8: =SUM(SUMIFS('Ordres de travail'!$T$5:$T$3004,'Ordres de travail'!$AC$5:$AC$3004,{"Demandé","Planifié","En cours","En attente pièces"}))
B9: sur la période | E9: pannes (hors annulés) | H9: systématiques + conditionnels | K9: à ce jour (tous types) | N9: à traiter en priorité | Q9: heures MO estimées OT ouverts
B11: PERFORMANCE
B12: MTBF parc (h) | E12: MTTR (h) | H12: Disponibilité parc | K12: Taux de préventif | N12: Réalisation préventif | Q12: Heures d'arrêt production
B13: =IFERROR((SUMIFS('Équipements'!$O$5:$O$304,'Équipements'!$L$5:$L$304,"<>Réformé")*'Paramètres'!$AA$8-SUMIFS('Ordres de travail'!$S$5:$S$3004,'Ordres de travail'!$H$5:$H$3004,"Correctif",'Ordres de travail'!$AC$5:$AC$3004,"<>Annulé",'Ordres de travail'!$B$5:$B$3004,">="&'Paramètres'!$AA$6,'Ordres de travail'!$B$5:$B$3004,"<"&('Paramètres'!$AA$7+1)))/COUNTIFS('Ordres de travail'!$H$5:$H$3004,"Correctif",'Ordres de travail'!$AC$5:$AC$3004,"<>Annulé",'Ordres de travail'!$B$5:$B$3004,">="&'Paramètres'!$AA$6,'Ordres de travail'!$B$5:$B$3004,"<"&('Paramètres'!$AA$7+1)),"-") | E13: =IFERROR(SUMIFS('Ordres de travail'!$S$5:$S$3004,'Ordres de travail'!$H$5:$H$3004,"Correctif",'Ordres de travail'!$AC$5:$AC$3004,"<>Annulé",'Ordres de travail'!$B$5:$B$3004,">="&'Paramètres'!$AA$6,'Ordres de travail'!$B$5:$B$3004,"<"&('Paramètres'!$AA$7+1))/COUNTIFS('Ordres de travail'!$H$5:$H$3004,"Correctif",'Ordres de travail'!$AC$5:$AC$3004,"<>Annulé",'Ordres de travail'!$B$5:$B$3004,">="&'Paramètres'!$AA$6,'Ordres de travail'!$B$5:$B$3004,"<"&('Paramètres'!$AA$7+1)),"-") | H13: =IFERROR(1-SUMIFS('Ordres de travail'!$S$5:$S$3004,'Ordres de travail'!$AC$5:$AC$3004,"<>Annulé",'Ordres de travail'!$B$5:$B$3004,">="&'Paramètres'!$AA$6,'Ordres de travail'!$B$5:$B$3004,"<"&('Paramètres'!$AA$7+1))/(SUMIFS('Équipements'!$O$5:$O$304,'Équipements'!$L$5:$L$304,"<>Réformé")*'Paramètres'!$AA$8),"-") | K13: =IFERROR(SUM(SUMIFS('Ordres de travail'!$T$5:$T$3004,'Ordres de travail'!$H$5:$H$3004,{"Préventif systématique","Préventif conditionnel"},'Ordres de travail'!$AC$5:$AC$3004,"<>Annulé",'Ordres de travail'!$B$5:$B$3004,">="&'Paramètres'!$AA$6,'Ordres de travail'!$B$5:$B$3004,"<"&('Paramètres'!$AA$7+1)))/SUMIFS('Ordres de travail'!$T$5:$T$3004,'Ordres de travail'!$AC$5:$AC$3004,"<>Annulé",'Ordres de travail'!$B$5:$B$3004,">="&'Paramètres'!$AA$6,'Ordres de travail'!$B$5:$B$3004,"<"&('Paramètres'!$AA$7+1)),"-") | N13: =IFERROR(SUM(COUNTIFS('Ordres de travail'!$H$5:$H$3004,{"Préventif systématique","Préventif conditionnel"},'Ordres de travail'!$AC$5:$AC$3004,"Clôturé",'Ordres de travail'!$B$5:$B$3004,">="&'Paramètres'!$AA$6,'Ordres de travail'!$B$5:$B$3004,"<"&('Paramètres'!$AA$7+1)))/SUM(COUNTIFS('Ordres de travail'!$H$5:$H$3004,{"Préventif systématique","Préventif conditionnel"},'Ordres de travail'!$AC$5:$AC$3004,"<>Annulé",'Ordres de travail'!$B$5:$B$3004,">="&'Paramètres'!$AA$6,'Ordres de travail'!$B$5:$B$3004,"<"&('Paramètres'!$AA$7+1))),"-") | Q13: =SUMIFS('Ordres de travail'!$S$5:$S$3004,'Ordres de travail'!$AC$5:$AC$3004,"<>Annulé",'Ordres de travail'!$B$5:$B$3004,">="&'Paramètres'!$AA$6,'Ordres de travail'!$B$5:$B$3004,"<"&('Paramètres'!$AA$7+1))
B14: temps moyen entre pannes | E14: durée moyenne d'arrêt / panne | H14: objectif : voir Paramètres | K14: heures MO préventif / total | N14: OT préventifs clôturés / émis | Q14: tous types d'intervention
B16: COÛTS
B17: Coût maintenance (€) | E17: Budget annuel (€) | H17: Budget consommé | K17: Coût d'indisponibilité (€) | N17: Valeur du stock (€) | Q17: Coût maint. / valeur parc
B18: =SUMIFS('Ordres de travail'!$AA$5:$AA$3004,'Ordres de travail'!$B$5:$B$3004,">="&'Paramètres'!$AA$6,'Ordres de travail'!$B$5:$B$3004,"<"&('Paramètres'!$AA$7+1)) | E18: =SUMIFS('Budget'!$F$5:$F$64,'Budget'!$A$5:$A$64,'Paramètres'!$AA$5) | H18: =IFERROR(SUMIFS('Ordres de travail'!$AA$5:$AA$3004,'Ordres de travail'!$B$5:$B$3004,">="&'Paramètres'!$AA$6,'Ordres de travail'!$B$5:$B$3004,"<"&('Paramètres'!$AA$7+1))/SUMIFS('Budget'!$F$5:$F$64,'Budget'!$A$5:$A$64,'Paramètres'!$AA$5),"-") | K18: =SUMIFS('Ordres de travail'!$AB$5:$AB$3004,'Ordres de travail'!$B$5:$B$3004,">="&'Paramètres'!$AA$6,'Ordres de travail'!$B$5:$B$3004,"<"&('Paramètres'!$AA$7+1)) | N18: =SUM('Stock pièces'!$R$5:$R$404) | Q18: =IFERROR(SUMIFS('Ordres de travail'!$AA$5:$AA$3004,'Ordres de travail'!$B$5:$B$3004,">="&'Paramètres'!$AA$6,'Ordres de travail'!$B$5:$B$3004,"<"&('Paramètres'!$AA$7+1))/'Paramètres'!$AA$8/SUM('Équipements'!$J$5:$J$304),"-")
B19: MO + pièces + achats + ST | E19: onglet Budget | H19: réel / budget annuel | K19: estimation pertes production | N19: magasin pièces, à ce jour | Q19: annualisé (repère : 3 à 6 %)
B21: ALERTES (TEMPS RÉEL)
B22: Préventifs en retard | E22: Préventifs à planifier | H22: Contrôles régl. en retard | K22: Contrôles à planifier | N22: Pièces à commander | Q22: Habilitations à renouveler
B23: =COUNTIF('Plan préventif'!$R$5:$R$404,"EN RETARD") | E23: =COUNTIF('Plan préventif'!$R$5:$R$404,"À PLANIFIER") | H23: =COUNTIF('Contrôles réglementaires'!$L$5:$L$154,"EN RETARD") | K23: =COUNTIF('Contrôles réglementaires'!$L$5:$L$154,"À PLANIFIER") | N23: =COUNTIF('Stock pièces'!$S$5:$S$404,"À COMMANDER")+COUNTIF('Stock pièces'!$S$5:$S$404,"RUPTURE") | Q23: =COUNTIF('Techniciens'!$N$5:$N$44,"EXPIRÉE")+COUNTIF('Techniciens'!$N$5:$N$44,"À RENOUVELER")
B24: gammes échues | E24: échéance proche | H24: non-conformité légale | K24: échéance < seuil | N24: sous stock mini | Q24: expirées ou proches
B27: Évolution mensuelle | M27: Répartition par type d'intervention
B28: Mois | C28: Début mois | D28: Correctifs | E28: Préventifs | F28: Réglem. + amélio. | G28: Heures d'arrêt | H28: Coût réel (€) | I28: Budget (€) | J28: Cumul réel (€) | K28: Cumul budget (€) | M28: Type | O28: Nb OT | P28: Heures MO | Q28: Coût (€) | R28: % coût | S28: Arrêt (h)
B29: Janvier | C29: =DATE('Paramètres'!$AA$5,1,1) | D29: =COUNTIFS('Ordres de travail'!$H$5:$H$3004,"Correctif",'Ordres de travail'!$AC$5:$AC$3004,"<>Annulé",'Ordres de travail'!$B$5:$B$3004,">="&$C29,'Ordres de travail'!$B$5:$B$3004,"<"&EDATE($C29,1)) | E29: =SUM(COUNTIFS('Ordres de travail'!$H$5:$H$3004,{"Préventif systématique","Préventif conditionnel"},'Ordres de travail'!$AC$5:$AC$3004,"<>Annulé",'Ordres de travail'!$B$5:$B$3004,">="&$C29,'Ordres de travail'!$B$5:$B$3004,"<"&EDATE($C29,1))) | F29: =COUNTIFS('Ordres de travail'!$H$5:$H$3004,"Réglementaire",'Ordres de travail'!$AC$5:$AC$3004,"<>Annulé",'Ordres de travail'!$B$5:$B$3004,">="&$C29,'Ordres de travail'!$B$5:$B$3004,"<"&EDATE($C29,1))+COUNTIFS('Ordres de travail'!$H$5:$H$3004,"Amélioratif",'Ordres de travail'!$AC$5:$AC$3004,"<>Annulé",'Ordres de travail'!$B$5:$B$3004,">="&$C29,'Ordres de travail'!$B$5:$B$3004,"<"&EDATE($C29,1)) | G29: =SUMIFS('Ordres de travail'!$S$5:$S$3004,'Ordres de travail'!$AC$5:$AC$3004,"<>Annulé",'Ordres de travail'!$B$5:$B$3004,">="&$C29,'Ordres de travail'!$B$5:$B$3004,"<"&EDATE($C29,1)) | H29: =SUMIFS('Ordres de travail'!$AA$5:$AA$3004,'Ordres de travail'!$B$5:$B$3004,">="&$C29,'Ordres de travail'!$B$5:$B$3004,"<"&EDATE($C29,1)) | I29: =SUMIFS('Budget'!$F$5:$F$64,'Budget'!$B$5:$B$64,$C29) | J29: =IF($C29>TODAY(),NA(),SUM($H$29:H29)) | K29: =SUM($I$29:I29) | M29: Correctif | O29: =COUNTIFS('Ordres de travail'!$H$5:$H$3004,$M29,'Ordres de travail'!$AC$5:$AC$3004,"<>Annulé",'Ordres de travail'!$B$5:$B$3004,">="&'Paramètres'!$AA$6,'Ordres de travail'!$B$5:$B$3004,"<"&('Paramètres'!$AA$7+1)) | P29: =SUMIFS('Ordres de travail'!$T$5:$T$3004,'Ordres de travail'!$H$5:$H$3004,$M29,'Ordres de travail'!$AC$5:$AC$3004,"<>Annulé",'Ordres de travail'!$B$5:$B$3004,">="&'Paramètres'!$AA$6,'Ordres de travail'!$B$5:$B$3004,"<"&('Paramètres'!$AA$7+1)) | Q29: =SUMIFS('Ordres de travail'!$AA$5:$AA$3004,'Ordres de travail'!$H$5:$H$3004,$M29,'Ordres de travail'!$B$5:$B$3004,">="&'Paramètres'!$AA$6,'Ordres de travail'!$B$5:$B$3004,"<"&('Paramètres'!$AA$7+1)) | R29: =IFERROR(Q29/SUM($Q$29:$Q$33),0) | S29: =SUMIFS('Ordres de travail'!$S$5:$S$3004,'Ordres de travail'!$H$5:$H$3004,$M29,'Ordres de travail'!$AC$5:$AC$3004,"<>Annulé",'Ordres de travail'!$B$5:$B$3004,">="&'Paramètres'!$AA$6,'Ordres de travail'!$B$5:$B$3004,"<"&('Paramètres'!$AA$7+1))
B30: Février | C30: =DATE('Paramètres'!$AA$5,2,1) | D30: =COUNTIFS('Ordres de travail'!$H$5:$H$3004,"Correctif",'Ordres de travail'!$AC$5:$AC$3004,"<>Annulé",'Ordres de travail'!$B$5:$B$3004,">="&$C30,'Ordres de travail'!$B$5:$B$3004,"<"&EDATE($C30,1)) | E30: =SUM(COUNTIFS('Ordres de travail'!$H$5:$H$3004,{"Préventif systématique","Préventif conditionnel"},'Ordres de travail'!$AC$5:$AC$3004,"<>Annulé",'Ordres de travail'!$B$5:$B$3004,">="&$C30,'Ordres de travail'!$B$5:$B$3004,"<"&EDATE($C30,1))) | F30: =COUNTIFS('Ordres de travail'!$H$5:$H$3004,"Réglementaire",'Ordres de travail'!$AC$5:$AC$3004,"<>Annulé",'Ordres de travail'!$B$5:$B$3004,">="&$C30,'Ordres de travail'!$B$5:$B$3004,"<"&EDATE($C30,1))+COUNTIFS('Ordres de travail'!$H$5:$H$3004,"Amélioratif",'Ordres de travail'!$AC$5:$AC$3004,"<>Annulé",'Ordres de travail'!$B$5:$B$3004,">="&$C30,'Ordres de travail'!$B$5:$B$3004,"<"&EDATE($C30,1)) | G30: =SUMIFS('Ordres de travail'!$S$5:$S$3004,'Ordres de travail'!$AC$5:$AC$3004,"<>Annulé",'Ordres de travail'!$B$5:$B$3004,">="&$C30,'Ordres de travail'!$B$5:$B$3004,"<"&EDATE($C30,1)) | H30: =SUMIFS('Ordres de travail'!$AA$5:$AA$3004,'Ordres de travail'!$B$5:$B$3004,">="&$C30,'Ordres de travail'!$B$5:$B$3004,"<"&EDATE($C30,1)) | I30: =SUMIFS('Budget'!$F$5:$F$64,'Budget'!$B$5:$B$64,$C30) | J30: =IF($C30>TODAY(),NA(),SUM($H$29:H30)) | K30: =SUM($I$29:I30) | M30: Préventif systématique | O30: =COUNTIFS('Ordres de travail'!$H$5:$H$3004,$M30,'Ordres de travail'!$AC$5:$AC$3004,"<>Annulé",'Ordres de travail'!$B$5:$B$3004,">="&'Paramètres'!$AA$6,'Ordres de travail'!$B$5:$B$3004,"<"&('Paramètres'!$AA$7+1)) | P30: =SUMIFS('Ordres de travail'!$T$5:$T$3004,'Ordres de travail'!$H$5:$H$3004,$M30,'Ordres de travail'!$AC$5:$AC$3004,"<>Annulé",'Ordres de travail'!$B$5:$B$3004,">="&'Paramètres'!$AA$6,'Ordres de travail'!$B$5:$B$3004,"<"&('Paramètres'!$AA$7+1)) | Q30: =SUMIFS('Ordres de travail'!$AA$5:$AA$3004,'Ordres de travail'!$H$5:$H$3004,$M30,'Ordres de travail'!$B$5:$B$3004,">="&'Paramètres'!$AA$6,'Ordres de travail'!$B$5:$B$3004,"<"&('Paramètres'!$AA$7+1)) | R30: =IFERROR(Q30/SUM($Q$29:$Q$33),0) | S30: =SUMIFS('Ordres de travail'!$S$5:$S$3004,'Ordres de travail'!$H$5:$H$3004,$M30,'Ordres de travail'!$AC$5:$AC$3004,"<>Annulé",'Ordres de travail'!$B$5:$B$3004,">="&'Paramètres'!$AA$6,'Ordres de travail'!$B$5:$B$3004,"<"&('Paramètres'!$AA$7+1))
B31: Mars | C31: =DATE('Paramètres'!$AA$5,3,1) | D31: =COUNTIFS('Ordres de travail'!$H$5:$H$3004,"Correctif",'Ordres de travail'!$AC$5:$AC$3004,"<>Annulé",'Ordres de travail'!$B$5:$B$3004,">="&$C31,'Ordres de travail'!$B$5:$B$3004,"<"&EDATE($C31,1)) | E31: =SUM(COUNTIFS('Ordres de travail'!$H$5:$H$3004,{"Préventif systématique","Préventif conditionnel"},'Ordres de travail'!$AC$5:$AC$3004,"<>Annulé",'Ordres de travail'!$B$5:$B$3004,">="&$C31,'Ordres de travail'!$B$5:$B$3004,"<"&EDATE($C31,1))) | F31: =COUNTIFS('Ordres de travail'!$H$5:$H$3004,"Réglementaire",'Ordres de travail'!$AC$5:$AC$3004,"<>Annulé",'Ordres de travail'!$B$5:$B$3004,">="&$C31,'Ordres de travail'!$B$5:$B$3004,"<"&EDATE($C31,1))+COUNTIFS('Ordres de travail'!$H$5:$H$3004,"Amélioratif",'Ordres de travail'!$AC$5:$AC$3004,"<>Annulé",'Ordres de travail'!$B$5:$B$3004,">="&$C31,'Ordres de travail'!$B$5:$B$3004,"<"&EDATE($C31,1)) | G31: =SUMIFS('Ordres de travail'!$S$5:$S$3004,'Ordres de travail'!$AC$5:$AC$3004,"<>Annulé",'Ordres de travail'!$B$5:$B$3004,">="&$C31,'Ordres de travail'!$B$5:$B$3004,"<"&EDATE($C31,1)) | H31: =SUMIFS('Ordres de travail'!$AA$5:$AA$3004,'Ordres de travail'!$B$5:$B$3004,">="&$C31,'Ordres de travail'!$B$5:$B$3004,"<"&EDATE($C31,1)) | I31: =SUMIFS('Budget'!$F$5:$F$64,'Budget'!$B$5:$B$64,$C31) | J31: =IF($C31>TODAY(),NA(),SUM($H$29:H31)) | K31: =SUM($I$29:I31) | M31: Préventif conditionnel | O31: =COUNTIFS('Ordres de travail'!$H$5:$H$3004,$M31,'Ordres de travail'!$AC$5:$AC$3004,"<>Annulé",'Ordres de travail'!$B$5:$B$3004,">="&'Paramètres'!$AA$6,'Ordres de travail'!$B$5:$B$3004,"<"&('Paramètres'!$AA$7+1)) | P31: =SUMIFS('Ordres de travail'!$T$5:$T$3004,'Ordres de travail'!$H$5:$H$3004,$M31,'Ordres de travail'!$AC$5:$AC$3004,"<>Annulé",'Ordres de travail'!$B$5:$B$3004,">="&'Paramètres'!$AA$6,'Ordres de travail'!$B$5:$B$3004,"<"&('Paramètres'!$AA$7+1)) | Q31: =SUMIFS('Ordres de travail'!$AA$5:$AA$3004,'Ordres de travail'!$H$5:$H$3004,$M31,'Ordres de travail'!$B$5:$B$3004,">="&'Paramètres'!$AA$6,'Ordres de travail'!$B$5:$B$3004,"<"&('Paramètres'!$AA$7+1)) | R31: =IFERROR(Q31/SUM($Q$29:$Q$33),0) | S31: =SUMIFS('Ordres de travail'!$S$5:$S$3004,'Ordres de travail'!$H$5:$H$3004,$M31,'Ordres de travail'!$AC$5:$AC$3004,"<>Annulé",'Ordres de travail'!$B$5:$B$3004,">="&'Paramètres'!$AA$6,'Ordres de travail'!$B$5:$B$3004,"<"&('Paramètres'!$AA$7+1))
B32: Avril | C32: =DATE('Paramètres'!$AA$5,4,1) | D32: =COUNTIFS('Ordres de travail'!$H$5:$H$3004,"Correctif",'Ordres de travail'!$AC$5:$AC$3004,"<>Annulé",'Ordres de travail'!$B$5:$B$3004,">="&$C32,'Ordres de travail'!$B$5:$B$3004,"<"&EDATE($C32,1)) | E32: =SUM(COUNTIFS('Ordres de travail'!$H$5:$H$3004,{"Préventif systématique","Préventif conditionnel"},'Ordres de travail'!$AC$5:$AC$3004,"<>Annulé",'Ordres de travail'!$B$5:$B$3004,">="&$C32,'Ordres de travail'!$B$5:$B$3004,"<"&EDATE($C32,1))) | F32: =COUNTIFS('Ordres de travail'!$H$5:$H$3004,"Réglementaire",'Ordres de travail'!$AC$5:$AC$3004,"<>Annulé",'Ordres de travail'!$B$5:$B$3004,">="&$C32,'Ordres de travail'!$B$5:$B$3004,"<"&EDATE($C32,1))+COUNTIFS('Ordres de travail'!$H$5:$H$3004,"Amélioratif",'Ordres de travail'!$AC$5:$AC$3004,"<>Annulé",'Ordres de travail'!$B$5:$B$3004,">="&$C32,'Ordres de travail'!$B$5:$B$3004,"<"&EDATE($C32,1)) | G32: =SUMIFS('Ordres de travail'!$S$5:$S$3004,'Ordres de travail'!$AC$5:$AC$3004,"<>Annulé",'Ordres de travail'!$B$5:$B$3004,">="&$C32,'Ordres de travail'!$B$5:$B$3004,"<"&EDATE($C32,1)) | H32: =SUMIFS('Ordres de travail'!$AA$5:$AA$3004,'Ordres de travail'!$B$5:$B$3004,">="&$C32,'Ordres de travail'!$B$5:$B$3004,"<"&EDATE($C32,1)) | I32: =SUMIFS('Budget'!$F$5:$F$64,'Budget'!$B$5:$B$64,$C32) | J32: =IF($C32>TODAY(),NA(),SUM($H$29:H32)) | K32: =SUM($I$29:I32) | M32: Réglementaire | O32: =COUNTIFS('Ordres de travail'!$H$5:$H$3004,$M32,'Ordres de travail'!$AC$5:$AC$3004,"<>Annulé",'Ordres de travail'!$B$5:$B$3004,">="&'Paramètres'!$AA$6,'Ordres de travail'!$B$5:$B$3004,"<"&('Paramètres'!$AA$7+1)) | P32: =SUMIFS('Ordres de travail'!$T$5:$T$3004,'Ordres de travail'!$H$5:$H$3004,$M32,'Ordres de travail'!$AC$5:$AC$3004,"<>Annulé",'Ordres de travail'!$B$5:$B$3004,">="&'Paramètres'!$AA$6,'Ordres de travail'!$B$5:$B$3004,"<"&('Paramètres'!$AA$7+1)) | Q32: =SUMIFS('Ordres de travail'!$AA$5:$AA$3004,'Ordres de travail'!$H$5:$H$3004,$M32,'Ordres de travail'!$B$5:$B$3004,">="&'Paramètres'!$AA$6,'Ordres de travail'!$B$5:$B$3004,"<"&('Paramètres'!$AA$7+1)) | R32: =IFERROR(Q32/SUM($Q$29:$Q$33),0) | S32: =SUMIFS('Ordres de travail'!$S$5:$S$3004,'Ordres de travail'!$H$5:$H$3004,$M32,'Ordres de travail'!$AC$5:$AC$3004,"<>Annulé",'Ordres de travail'!$B$5:$B$3004,">="&'Paramètres'!$AA$6,'Ordres de travail'!$B$5:$B$3004,"<"&('Paramètres'!$AA$7+1))
B33: Mai | C33: =DATE('Paramètres'!$AA$5,5,1) | D33: =COUNTIFS('Ordres de travail'!$H$5:$H$3004,"Correctif",'Ordres de travail'!$AC$5:$AC$3004,"<>Annulé",'Ordres de travail'!$B$5:$B$3004,">="&$C33,'Ordres de travail'!$B$5:$B$3004,"<"&EDATE($C33,1)) | E33: =SUM(COUNTIFS('Ordres de travail'!$H$5:$H$3004,{"Préventif systématique","Préventif conditionnel"},'Ordres de travail'!$AC$5:$AC$3004,"<>Annulé",'Ordres de travail'!$B$5:$B$3004,">="&$C33,'Ordres de travail'!$B$5:$B$3004,"<"&EDATE($C33,1))) | F33: =COUNTIFS('Ordres de travail'!$H$5:$H$3004,"Réglementaire",'Ordres de travail'!$AC$5:$AC$3004,"<>Annulé",'Ordres de travail'!$B$5:$B$3004,">="&$C33,'Ordres de travail'!$B$5:$B$3004,"<"&EDATE($C33,1))+COUNTIFS('Ordres de travail'!$H$5:$H$3004,"Amélioratif",'Ordres de travail'!$AC$5:$AC$3004,"<>Annulé",'Ordres de travail'!$B$5:$B$3004,">="&$C33,'Ordres de travail'!$B$5:$B$3004,"<"&EDATE($C33,1)) | G33: =SUMIFS('Ordres de travail'!$S$5:$S$3004,'Ordres de travail'!$AC$5:$AC$3004,"<>Annulé",'Ordres de travail'!$B$5:$B$3004,">="&$C33,'Ordres de travail'!$B$5:$B$3004,"<"&EDATE($C33,1)) | H33: =SUMIFS('Ordres de travail'!$AA$5:$AA$3004,'Ordres de travail'!$B$5:$B$3004,">="&$C33,'Ordres de travail'!$B$5:$B$3004,"<"&EDATE($C33,1)) | I33: =SUMIFS('Budget'!$F$5:$F$64,'Budget'!$B$5:$B$64,$C33) | J33: =IF($C33>TODAY(),NA(),SUM($H$29:H33)) | K33: =SUM($I$29:I33) | M33: Amélioratif | O33: =COUNTIFS('Ordres de travail'!$H$5:$H$3004,$M33,'Ordres de travail'!$AC$5:$AC$3004,"<>Annulé",'Ordres de travail'!$B$5:$B$3004,">="&'Paramètres'!$AA$6,'Ordres de travail'!$B$5:$B$3004,"<"&('Paramètres'!$AA$7+1)) | P33: =SUMIFS('Ordres de travail'!$T$5:$T$3004,'Ordres de travail'!$H$5:$H$3004,$M33,'Ordres de travail'!$AC$5:$AC$3004,"<>Annulé",'Ordres de travail'!$B$5:$B$3004,">="&'Paramètres'!$AA$6,'Ordres de travail'!$B$5:$B$3004,"<"&('Paramètres'!$AA$7+1)) | Q33: =SUMIFS('Ordres de travail'!$AA$5:$AA$3004,'Ordres de travail'!$H$5:$H$3004,$M33,'Ordres de travail'!$B$5:$B$3004,">="&'Paramètres'!$AA$6,'Ordres de travail'!$B$5:$B$3004,"<"&('Paramètres'!$AA$7+1)) | R33: =IFERROR(Q33/SUM($Q$29:$Q$33),0) | S33: =SUMIFS('Ordres de travail'!$S$5:$S$3004,'Ordres de travail'!$H$5:$H$3004,$M33,'Ordres de travail'!$AC$5:$AC$3004,"<>Annulé",'Ordres de travail'!$B$5:$B$3004,">="&'Paramètres'!$AA$6,'Ordres de travail'!$B$5:$B$3004,"<"&('Paramètres'!$AA$7+1))
B34: Juin | C34: =DATE('Paramètres'!$AA$5,6,1) | D34: =COUNTIFS('Ordres de travail'!$H$5:$H$3004,"Correctif",'Ordres de travail'!$AC$5:$AC$3004,"<>Annulé",'Ordres de travail'!$B$5:$B$3004,">="&$C34,'Ordres de travail'!$B$5:$B$3004,"<"&EDATE($C34,1)) | E34: =SUM(COUNTIFS('Ordres de travail'!$H$5:$H$3004,{"Préventif systématique","Préventif conditionnel"},'Ordres de travail'!$AC$5:$AC$3004,"<>Annulé",'Ordres de travail'!$B$5:$B$3004,">="&$C34,'Ordres de travail'!$B$5:$B$3004,"<"&EDATE($C34,1))) | F34: =COUNTIFS('Ordres de travail'!$H$5:$H$3004,"Réglementaire",'Ordres de travail'!$AC$5:$AC$3004,"<>Annulé",'Ordres de travail'!$B$5:$B$3004,">="&$C34,'Ordres de travail'!$B$5:$B$3004,"<"&EDATE($C34,1))+COUNTIFS('Ordres de travail'!$H$5:$H$3004,"Amélioratif",'Ordres de travail'!$AC$5:$AC$3004,"<>Annulé",'Ordres de travail'!$B$5:$B$3004,">="&$C34,'Ordres de travail'!$B$5:$B$3004,"<"&EDATE($C34,1)) | G34: =SUMIFS('Ordres de travail'!$S$5:$S$3004,'Ordres de travail'!$AC$5:$AC$3004,"<>Annulé",'Ordres de travail'!$B$5:$B$3004,">="&$C34,'Ordres de travail'!$B$5:$B$3004,"<"&EDATE($C34,1)) | H34: =SUMIFS('Ordres de travail'!$AA$5:$AA$3004,'Ordres de travail'!$B$5:$B$3004,">="&$C34,'Ordres de travail'!$B$5:$B$3004,"<"&EDATE($C34,1)) | I34: =SUMIFS('Budget'!$F$5:$F$64,'Budget'!$B$5:$B$64,$C34) | J34: =IF($C34>TODAY(),NA(),SUM($H$29:H34)) | K34: =SUM($I$29:I34) | M34: TOTAL | O34: =SUM(O29:O33) | P34: =SUM(P29:P33) | Q34: =SUM(Q29:Q33) | R34: =SUM(R29:R33) | S34: =SUM(S29:S33)
B35: Juillet | C35: =DATE('Paramètres'!$AA$5,7,1) | D35: =COUNTIFS('Ordres de travail'!$H$5:$H$3004,"Correctif",'Ordres de travail'!$AC$5:$AC$3004,"<>Annulé",'Ordres de travail'!$B$5:$B$3004,">="&$C35,'Ordres de travail'!$B$5:$B$3004,"<"&EDATE($C35,1)) | E35: =SUM(COUNTIFS('Ordres de travail'!$H$5:$H$3004,{"Préventif systématique","Préventif conditionnel"},'Ordres de travail'!$AC$5:$AC$3004,"<>Annulé",'Ordres de travail'!$B$5:$B$3004,">="&$C35,'Ordres de travail'!$B$5:$B$3004,"<"&EDATE($C35,1))) | F35: =COUNTIFS('Ordres de travail'!$H$5:$H$3004,"Réglementaire",'Ordres de travail'!$AC$5:$AC$3004,"<>Annulé",'Ordres de travail'!$B$5:$B$3004,">="&$C35,'Ordres de travail'!$B$5:$B$3004,"<"&EDATE($C35,1))+COUNTIFS('Ordres de travail'!$H$5:$H$3004,"Amélioratif",'Ordres de travail'!$AC$5:$AC$3004,"<>Annulé",'Ordres de travail'!$B$5:$B$3004,">="&$C35,'Ordres de travail'!$B$5:$B$3004,"<"&EDATE($C35,1)) | G35: =SUMIFS('Ordres de travail'!$S$5:$S$3004,'Ordres de travail'!$AC$5:$AC$3004,"<>Annulé",'Ordres de travail'!$B$5:$B$3004,">="&$C35,'Ordres de travail'!$B$5:$B$3004,"<"&EDATE($C35,1)) | H35: =SUMIFS('Ordres de travail'!$AA$5:$AA$3004,'Ordres de travail'!$B$5:$B$3004,">="&$C35,'Ordres de travail'!$B$5:$B$3004,"<"&EDATE($C35,1)) | I35: =SUMIFS('Budget'!$F$5:$F$64,'Budget'!$B$5:$B$64,$C35) | J35: =IF($C35>TODAY(),NA(),SUM($H$29:H35)) | K35: =SUM($I$29:I35)
B36: Août | C36: =DATE('Paramètres'!$AA$5,8,1) | D36: =COUNTIFS('Ordres de travail'!$H$5:$H$3004,"Correctif",'Ordres de travail'!$AC$5:$AC$3004,"<>Annulé",'Ordres de travail'!$B$5:$B$3004,">="&$C36,'Ordres de travail'!$B$5:$B$3004,"<"&EDATE($C36,1)) | E36: =SUM(COUNTIFS('Ordres de travail'!$H$5:$H$3004,{"Préventif systématique","Préventif conditionnel"},'Ordres de travail'!$AC$5:$AC$3004,"<>Annulé",'Ordres de travail'!$B$5:$B$3004,">="&$C36,'Ordres de travail'!$B$5:$B$3004,"<"&EDATE($C36,1))) | F36: =COUNTIFS('Ordres de travail'!$H$5:$H$3004,"Réglementaire",'Ordres de travail'!$AC$5:$AC$3004,"<>Annulé",'Ordres de travail'!$B$5:$B$3004,">="&$C36,'Ordres de travail'!$B$5:$B$3004,"<"&EDATE($C36,1))+COUNTIFS('Ordres de travail'!$H$5:$H$3004,"Amélioratif",'Ordres de travail'!$AC$5:$AC$3004,"<>Annulé",'Ordres de travail'!$B$5:$B$3004,">="&$C36,'Ordres de travail'!$B$5:$B$3004,"<"&EDATE($C36,1)) | G36: =SUMIFS('Ordres de travail'!$S$5:$S$3004,'Ordres de travail'!$AC$5:$AC$3004,"<>Annulé",'Ordres de travail'!$B$5:$B$3004,">="&$C36,'Ordres de travail'!$B$5:$B$3004,"<"&EDATE($C36,1)) | H36: =SUMIFS('Ordres de travail'!$AA$5:$AA$3004,'Ordres de travail'!$B$5:$B$3004,">="&$C36,'Ordres de travail'!$B$5:$B$3004,"<"&EDATE($C36,1)) | I36: =SUMIFS('Budget'!$F$5:$F$64,'Budget'!$B$5:$B$64,$C36) | J36: =IF($C36>TODAY(),NA(),SUM($H$29:H36)) | K36: =SUM($I$29:I36) | M36: Indicateurs par atelier
B37: Septembre | C37: =DATE('Paramètres'!$AA$5,9,1) | D37: =COUNTIFS('Ordres de travail'!$H$5:$H$3004,"Correctif",'Ordres de travail'!$AC$5:$AC$3004,"<>Annulé",'Ordres de travail'!$B$5:$B$3004,">="&$C37,'Ordres de travail'!$B$5:$B$3004,"<"&EDATE($C37,1)) | E37: =SUM(COUNTIFS('Ordres de travail'!$H$5:$H$3004,{"Préventif systématique","Préventif conditionnel"},'Ordres de travail'!$AC$5:$AC$3004,"<>Annulé",'Ordres de travail'!$B$5:$B$3004,">="&$C37,'Ordres de travail'!$B$5:$B$3004,"<"&EDATE($C37,1))) | F37: =COUNTIFS('Ordres de travail'!$H$5:$H$3004,"Réglementaire",'Ordres de travail'!$AC$5:$AC$3004,"<>Annulé",'Ordres de travail'!$B$5:$B$3004,">="&$C37,'Ordres de travail'!$B$5:$B$3004,"<"&EDATE($C37,1))+COUNTIFS('Ordres de travail'!$H$5:$H$3004,"Amélioratif",'Ordres de travail'!$AC$5:$AC$3004,"<>Annulé",'Ordres de travail'!$B$5:$B$3004,">="&$C37,'Ordres de travail'!$B$5:$B$3004,"<"&EDATE($C37,1)) | G37: =SUMIFS('Ordres de travail'!$S$5:$S$3004,'Ordres de travail'!$AC$5:$AC$3004,"<>Annulé",'Ordres de travail'!$B$5:$B$3004,">="&$C37,'Ordres de travail'!$B$5:$B$3004,"<"&EDATE($C37,1)) | H37: =SUMIFS('Ordres de travail'!$AA$5:$AA$3004,'Ordres de travail'!$B$5:$B$3004,">="&$C37,'Ordres de travail'!$B$5:$B$3004,"<"&EDATE($C37,1)) | I37: =SUMIFS('Budget'!$F$5:$F$64,'Budget'!$B$5:$B$64,$C37) | J37: =IF($C37>TODAY(),NA(),SUM($H$29:H37)) | K37: =SUM($I$29:I37) | M37: Atelier | O37: Nb pannes | P37: Arrêt pannes (h) | Q37: Coût (€) | R37: Disponibilité | S37: Nb équip.
B38: Octobre | C38: =DATE('Paramètres'!$AA$5,10,1) | D38: =COUNTIFS('Ordres de travail'!$H$5:$H$3004,"Correctif",'Ordres de travail'!$AC$5:$AC$3004,"<>Annulé",'Ordres de travail'!$B$5:$B$3004,">="&$C38,'Ordres de travail'!$B$5:$B$3004,"<"&EDATE($C38,1)) | E38: =SUM(COUNTIFS('Ordres de travail'!$H$5:$H$3004,{"Préventif systématique","Préventif conditionnel"},'Ordres de travail'!$AC$5:$AC$3004,"<>Annulé",'Ordres de travail'!$B$5:$B$3004,">="&$C38,'Ordres de travail'!$B$5:$B$3004,"<"&EDATE($C38,1))) | F38: =COUNTIFS('Ordres de travail'!$H$5:$H$3004,"Réglementaire",'Ordres de travail'!$AC$5:$AC$3004,"<>Annulé",'Ordres de travail'!$B$5:$B$3004,">="&$C38,'Ordres de travail'!$B$5:$B$3004,"<"&EDATE($C38,1))+COUNTIFS('Ordres de travail'!$H$5:$H$3004,"Amélioratif",'Ordres de travail'!$AC$5:$AC$3004,"<>Annulé",'Ordres de travail'!$B$5:$B$3004,">="&$C38,'Ordres de travail'!$B$5:$B$3004,"<"&EDATE($C38,1)) | G38: =SUMIFS('Ordres de travail'!$S$5:$S$3004,'Ordres de travail'!$AC$5:$AC$3004,"<>Annulé",'Ordres de travail'!$B$5:$B$3004,">="&$C38,'Ordres de travail'!$B$5:$B$3004,"<"&EDATE($C38,1)) | H38: =SUMIFS('Ordres de travail'!$AA$5:$AA$3004,'Ordres de travail'!$B$5:$B$3004,">="&$C38,'Ordres de travail'!$B$5:$B$3004,"<"&EDATE($C38,1)) | I38: =SUMIFS('Budget'!$F$5:$F$64,'Budget'!$B$5:$B$64,$C38) | J38: =IF($C38>TODAY(),NA(),SUM($H$29:H38)) | K38: =SUM($I$29:I38) | M38: Usinage | O38: =COUNTIFS('Ordres de travail'!$F$5:$F$3004,$M38,'Ordres de travail'!$H$5:$H$3004,"Correctif",'Ordres de travail'!$AC$5:$AC$3004,"<>Annulé",'Ordres de travail'!$B$5:$B$3004,">="&'Paramètres'!$AA$6,'Ordres de travail'!$B$5:$B$3004,"<"&('Paramètres'!$AA$7+1)) | P38: =SUMIFS('Ordres de travail'!$S$5:$S$3004,'Ordres de travail'!$F$5:$F$3004,$M38,'Ordres de travail'!$H$5:$H$3004,"Correctif",'Ordres de travail'!$AC$5:$AC$3004,"<>Annulé",'Ordres de travail'!$B$5:$B$3004,">="&'Paramètres'!$AA$6,'Ordres de travail'!$B$5:$B$3004,"<"&('Paramètres'!$AA$7+1)) | Q38: =SUMIFS('Ordres de travail'!$AA$5:$AA$3004,'Ordres de travail'!$F$5:$F$3004,$M38,'Ordres de travail'!$B$5:$B$3004,">="&'Paramètres'!$AA$6,'Ordres de travail'!$B$5:$B$3004,"<"&('Paramètres'!$AA$7+1)) | R38: =IFERROR(1-SUMIFS('Ordres de travail'!$S$5:$S$3004,'Ordres de travail'!$F$5:$F$3004,$M38,'Ordres de travail'!$AC$5:$AC$3004,"<>Annulé",'Ordres de travail'!$B$5:$B$3004,">="&'Paramètres'!$AA$6,'Ordres de travail'!$B$5:$B$3004,"<"&('Paramètres'!$AA$7+1))/(SUMIFS('Équipements'!$O$5:$O$304,'Équipements'!$D$5:$D$304,$M38,'Équipements'!$L$5:$L$304,"<>Réformé")*'Paramètres'!$AA$8),"-") | S38: =COUNTIFS('Équipements'!$D$5:$D$304,$M38,'Équipements'!$L$5:$L$304,"<>Réformé")
B39: Novembre | C39: =DATE('Paramètres'!$AA$5,11,1) | D39: =COUNTIFS('Ordres de travail'!$H$5:$H$3004,"Correctif",'Ordres de travail'!$AC$5:$AC$3004,"<>Annulé",'Ordres de travail'!$B$5:$B$3004,">="&$C39,'Ordres de travail'!$B$5:$B$3004,"<"&EDATE($C39,1)) | E39: =SUM(COUNTIFS('Ordres de travail'!$H$5:$H$3004,{"Préventif systématique","Préventif conditionnel"},'Ordres de travail'!$AC$5:$AC$3004,"<>Annulé",'Ordres de travail'!$B$5:$B$3004,">="&$C39,'Ordres de travail'!$B$5:$B$3004,"<"&EDATE($C39,1))) | F39: =COUNTIFS('Ordres de travail'!$H$5:$H$3004,"Réglementaire",'Ordres de travail'!$AC$5:$AC$3004,"<>Annulé",'Ordres de travail'!$B$5:$B$3004,">="&$C39,'Ordres de travail'!$B$5:$B$3004,"<"&EDATE($C39,1))+COUNTIFS('Ordres de travail'!$H$5:$H$3004,"Amélioratif",'Ordres de travail'!$AC$5:$AC$3004,"<>Annulé",'Ordres de travail'!$B$5:$B$3004,">="&$C39,'Ordres de travail'!$B$5:$B$3004,"<"&EDATE($C39,1)) | G39: =SUMIFS('Ordres de travail'!$S$5:$S$3004,'Ordres de travail'!$AC$5:$AC$3004,"<>Annulé",'Ordres de travail'!$B$5:$B$3004,">="&$C39,'Ordres de travail'!$B$5:$B$3004,"<"&EDATE($C39,1)) | H39: =SUMIFS('Ordres de travail'!$AA$5:$AA$3004,'Ordres de travail'!$B$5:$B$3004,">="&$C39,'Ordres de travail'!$B$5:$B$3004,"<"&EDATE($C39,1)) | I39: =SUMIFS('Budget'!$F$5:$F$64,'Budget'!$B$5:$B$64,$C39) | J39: =IF($C39>TODAY(),NA(),SUM($H$29:H39)) | K39: =SUM($I$29:I39) | M39: Tôlerie | O39: =COUNTIFS('Ordres de travail'!$F$5:$F$3004,$M39,'Ordres de travail'!$H$5:$H$3004,"Correctif",'Ordres de travail'!$AC$5:$AC$3004,"<>Annulé",'Ordres de travail'!$B$5:$B$3004,">="&'Paramètres'!$AA$6,'Ordres de travail'!$B$5:$B$3004,"<"&('Paramètres'!$AA$7+1)) | P39: =SUMIFS('Ordres de travail'!$S$5:$S$3004,'Ordres de travail'!$F$5:$F$3004,$M39,'Ordres de travail'!$H$5:$H$3004,"Correctif",'Ordres de travail'!$AC$5:$AC$3004,"<>Annulé",'Ordres de travail'!$B$5:$B$3004,">="&'Paramètres'!$AA$6,'Ordres de travail'!$B$5:$B$3004,"<"&('Paramètres'!$AA$7+1)) | Q39: =SUMIFS('Ordres de travail'!$AA$5:$AA$3004,'Ordres de travail'!$F$5:$F$3004,$M39,'Ordres de travail'!$B$5:$B$3004,">="&'Paramètres'!$AA$6,'Ordres de travail'!$B$5:$B$3004,"<"&('Paramètres'!$AA$7+1)) | R39: =IFERROR(1-SUMIFS('Ordres de travail'!$S$5:$S$3004,'Ordres de travail'!$F$5:$F$3004,$M39,'Ordres de travail'!$AC$5:$AC$3004,"<>Annulé",'Ordres de travail'!$B$5:$B$3004,">="&'Paramètres'!$AA$6,'Ordres de travail'!$B$5:$B$3004,"<"&('Paramètres'!$AA$7+1))/(SUMIFS('Équipements'!$O$5:$O$304,'Équipements'!$D$5:$D$304,$M39,'Équipements'!$L$5:$L$304,"<>Réformé")*'Paramètres'!$AA$8),"-") | S39: =COUNTIFS('Équipements'!$D$5:$D$304,$M39,'Équipements'!$L$5:$L$304,"<>Réformé")
B40: Décembre | C40: =DATE('Paramètres'!$AA$5,12,1) | D40: =COUNTIFS('Ordres de travail'!$H$5:$H$3004,"Correctif",'Ordres de travail'!$AC$5:$AC$3004,"<>Annulé",'Ordres de travail'!$B$5:$B$3004,">="&$C40,'Ordres de travail'!$B$5:$B$3004,"<"&EDATE($C40,1)) | E40: =SUM(COUNTIFS('Ordres de travail'!$H$5:$H$3004,{"Préventif systématique","Préventif conditionnel"},'Ordres de travail'!$AC$5:$AC$3004,"<>Annulé",'Ordres de travail'!$B$5:$B$3004,">="&$C40,'Ordres de travail'!$B$5:$B$3004,"<"&EDATE($C40,1))) | F40: =COUNTIFS('Ordres de travail'!$H$5:$H$3004,"Réglementaire",'Ordres de travail'!$AC$5:$AC$3004,"<>Annulé",'Ordres de travail'!$B$5:$B$3004,">="&$C40,'Ordres de travail'!$B$5:$B$3004,"<"&EDATE($C40,1))+COUNTIFS('Ordres de travail'!$H$5:$H$3004,"Amélioratif",'Ordres de travail'!$AC$5:$AC$3004,"<>Annulé",'Ordres de travail'!$B$5:$B$3004,">="&$C40,'Ordres de travail'!$B$5:$B$3004,"<"&EDATE($C40,1)) | G40: =SUMIFS('Ordres de travail'!$S$5:$S$3004,'Ordres de travail'!$AC$5:$AC$3004,"<>Annulé",'Ordres de travail'!$B$5:$B$3004,">="&$C40,'Ordres de travail'!$B$5:$B$3004,"<"&EDATE($C40,1)) | H40: =SUMIFS('Ordres de travail'!$AA$5:$AA$3004,'Ordres de travail'!$B$5:$B$3004,">="&$C40,'Ordres de travail'!$B$5:$B$3004,"<"&EDATE($C40,1)) | I40: =SUMIFS('Budget'!$F$5:$F$64,'Budget'!$B$5:$B$64,$C40) | J40: =IF($C40>TODAY(),NA(),SUM($H$29:H40)) | K40: =SUM($I$29:I40) | M40: Soudure | O40: =COUNTIFS('Ordres de travail'!$F$5:$F$3004,$M40,'Ordres de travail'!$H$5:$H$3004,"Correctif",'Ordres de travail'!$AC$5:$AC$3004,"<>Annulé",'Ordres de travail'!$B$5:$B$3004,">="&'Paramètres'!$AA$6,'Ordres de travail'!$B$5:$B$3004,"<"&('Paramètres'!$AA$7+1)) | P40: =SUMIFS('Ordres de travail'!$S$5:$S$3004,'Ordres de travail'!$F$5:$F$3004,$M40,'Ordres de travail'!$H$5:$H$3004,"Correctif",'Ordres de travail'!$AC$5:$AC$3004,"<>Annulé",'Ordres de travail'!$B$5:$B$3004,">="&'Paramètres'!$AA$6,'Ordres de travail'!$B$5:$B$3004,"<"&('Paramètres'!$AA$7+1)) | Q40: =SUMIFS('Ordres de travail'!$AA$5:$AA$3004,'Ordres de travail'!$F$5:$F$3004,$M40,'Ordres de travail'!$B$5:$B$3004,">="&'Paramètres'!$AA$6,'Ordres de travail'!$B$5:$B$3004,"<"&('Paramètres'!$AA$7+1)) | R40: =IFERROR(1-SUMIFS('Ordres de travail'!$S$5:$S$3004,'Ordres de travail'!$F$5:$F$3004,$M40,'Ordres de travail'!$AC$5:$AC$3004,"<>Annulé",'Ordres de travail'!$B$5:$B$3004,">="&'Paramètres'!$AA$6,'Ordres de travail'!$B$5:$B$3004,"<"&('Paramètres'!$AA$7+1))/(SUMIFS('Équipements'!$O$5:$O$304,'Équipements'!$D$5:$D$304,$M40,'Équipements'!$L$5:$L$304,"<>Réformé")*'Paramètres'!$AA$8),"-") | S40: =COUNTIFS('Équipements'!$D$5:$D$304,$M40,'Équipements'!$L$5:$L$304,"<>Réformé")
B41: TOTAL | D41: =SUM(D29:D40) | E41: =SUM(E29:E40) | F41: =SUM(F29:F40) | G41: =SUM(G29:G40) | H41: =SUM(H29:H40) | I41: =SUM(I29:I40) | M41: Peinture | O41: =COUNTIFS('Ordres de travail'!$F$5:$F$3004,$M41,'Ordres de travail'!$H$5:$H$3004,"Correctif",'Ordres de travail'!$AC$5:$AC$3004,"<>Annulé",'Ordres de travail'!$B$5:$B$3004,">="&'Paramètres'!$AA$6,'Ordres de travail'!$B$5:$B$3004,"<"&('Paramètres'!$AA$7+1)) | P41: =SUMIFS('Ordres de travail'!$S$5:$S$3004,'Ordres de travail'!$F$5:$F$3004,$M41,'Ordres de travail'!$H$5:$H$3004,"Correctif",'Ordres de travail'!$AC$5:$AC$3004,"<>Annulé",'Ordres de travail'!$B$5:$B$3004,">="&'Paramètres'!$AA$6,'Ordres de travail'!$B$5:$B$3004,"<"&('Paramètres'!$AA$7+1)) | Q41: =SUMIFS('Ordres de travail'!$AA$5:$AA$3004,'Ordres de travail'!$F$5:$F$3004,$M41,'Ordres de travail'!$B$5:$B$3004,">="&'Paramètres'!$AA$6,'Ordres de travail'!$B$5:$B$3004,"<"&('Paramètres'!$AA$7+1)) | R41: =IFERROR(1-SUMIFS('Ordres de travail'!$S$5:$S$3004,'Ordres de travail'!$F$5:$F$3004,$M41,'Ordres de travail'!$AC$5:$AC$3004,"<>Annulé",'Ordres de travail'!$B$5:$B$3004,">="&'Paramètres'!$AA$6,'Ordres de travail'!$B$5:$B$3004,"<"&('Paramètres'!$AA$7+1))/(SUMIFS('Équipements'!$O$5:$O$304,'Équipements'!$D$5:$D$304,$M41,'Équipements'!$L$5:$L$304,"<>Réformé")*'Paramètres'!$AA$8),"-") | S41: =COUNTIFS('Équipements'!$D$5:$D$304,$M41,'Équipements'!$L$5:$L$304,"<>Réformé")
B42: Le cumul réel n'est pas tracé pour les mois futurs (#N/A volontaire, masqué). | M42: Assemblage | O42: =COUNTIFS('Ordres de travail'!$F$5:$F$3004,$M42,'Ordres de travail'!$H$5:$H$3004,"Correctif",'Ordres de travail'!$AC$5:$AC$3004,"<>Annulé",'Ordres de travail'!$B$5:$B$3004,">="&'Paramètres'!$AA$6,'Ordres de travail'!$B$5:$B$3004,"<"&('Paramètres'!$AA$7+1)) | P42: =SUMIFS('Ordres de travail'!$S$5:$S$3004,'Ordres de travail'!$F$5:$F$3004,$M42,'Ordres de travail'!$H$5:$H$3004,"Correctif",'Ordres de travail'!$AC$5:$AC$3004,"<>Annulé",'Ordres de travail'!$B$5:$B$3004,">="&'Paramètres'!$AA$6,'Ordres de travail'!$B$5:$B$3004,"<"&('Paramètres'!$AA$7+1)) | Q42: =SUMIFS('Ordres de travail'!$AA$5:$AA$3004,'Ordres de travail'!$F$5:$F$3004,$M42,'Ordres de travail'!$B$5:$B$3004,">="&'Paramètres'!$AA$6,'Ordres de travail'!$B$5:$B$3004,"<"&('Paramètres'!$AA$7+1)) | R42: =IFERROR(1-SUMIFS('Ordres de travail'!$S$5:$S$3004,'Ordres de travail'!$F$5:$F$3004,$M42,'Ordres de travail'!$AC$5:$AC$3004,"<>Annulé",'Ordres de travail'!$B$5:$B$3004,">="&'Paramètres'!$AA$6,'Ordres de travail'!$B$5:$B$3004,"<"&('Paramètres'!$AA$7+1))/(SUMIFS('Équipements'!$O$5:$O$304,'Équipements'!$D$5:$D$304,$M42,'Équipements'!$L$5:$L$304,"<>Réformé")*'Paramètres'!$AA$8),"-") | S42: =COUNTIFS('Équipements'!$D$5:$D$304,$M42,'Équipements'!$L$5:$L$304,"<>Réformé")
M43: Utilités | O43: =COUNTIFS('Ordres de travail'!$F$5:$F$3004,$M43,'Ordres de travail'!$H$5:$H$3004,"Correctif",'Ordres de travail'!$AC$5:$AC$3004,"<>Annulé",'Ordres de travail'!$B$5:$B$3004,">="&'Paramètres'!$AA$6,'Ordres de travail'!$B$5:$B$3004,"<"&('Paramètres'!$AA$7+1)) | P43: =SUMIFS('Ordres de travail'!$S$5:$S$3004,'Ordres de travail'!$F$5:$F$3004,$M43,'Ordres de travail'!$H$5:$H$3004,"Correctif",'Ordres de travail'!$AC$5:$AC$3004,"<>Annulé",'Ordres de travail'!$B$5:$B$3004,">="&'Paramètres'!$AA$6,'Ordres de travail'!$B$5:$B$3004,"<"&('Paramètres'!$AA$7+1)) | Q43: =SUMIFS('Ordres de travail'!$AA$5:$AA$3004,'Ordres de travail'!$F$5:$F$3004,$M43,'Ordres de travail'!$B$5:$B$3004,">="&'Paramètres'!$AA$6,'Ordres de travail'!$B$5:$B$3004,"<"&('Paramètres'!$AA$7+1)) | R43: =IFERROR(1-SUMIFS('Ordres de travail'!$S$5:$S$3004,'Ordres de travail'!$F$5:$F$3004,$M43,'Ordres de travail'!$AC$5:$AC$3004,"<>Annulé",'Ordres de travail'!$B$5:$B$3004,">="&'Paramètres'!$AA$6,'Ordres de travail'!$B$5:$B$3004,"<"&('Paramètres'!$AA$7+1))/(SUMIFS('Équipements'!$O$5:$O$304,'Équipements'!$D$5:$D$304,$M43,'Équipements'!$L$5:$L$304,"<>Réformé")*'Paramètres'!$AA$8),"-") | S43: =COUNTIFS('Équipements'!$D$5:$D$304,$M43,'Équipements'!$L$5:$L$304,"<>Réformé")
M44: Logistique | O44: =COUNTIFS('Ordres de travail'!$F$5:$F$3004,$M44,'Ordres de travail'!$H$5:$H$3004,"Correctif",'Ordres de travail'!$AC$5:$AC$3004,"<>Annulé",'Ordres de travail'!$B$5:$B$3004,">="&'Paramètres'!$AA$6,'Ordres de travail'!$B$5:$B$3004,"<"&('Paramètres'!$AA$7+1)) | P44: =SUMIFS('Ordres de travail'!$S$5:$S$3004,'Ordres de travail'!$F$5:$F$3004,$M44,'Ordres de travail'!$H$5:$H$3004,"Correctif",'Ordres de travail'!$AC$5:$AC$3004,"<>Annulé",'Ordres de travail'!$B$5:$B$3004,">="&'Paramètres'!$AA$6,'Ordres de travail'!$B$5:$B$3004,"<"&('Paramètres'!$AA$7+1)) | Q44: =SUMIFS('Ordres de travail'!$AA$5:$AA$3004,'Ordres de travail'!$F$5:$F$3004,$M44,'Ordres de travail'!$B$5:$B$3004,">="&'Paramètres'!$AA$6,'Ordres de travail'!$B$5:$B$3004,"<"&('Paramètres'!$AA$7+1)) | R44: =IFERROR(1-SUMIFS('Ordres de travail'!$S$5:$S$3004,'Ordres de travail'!$F$5:$F$3004,$M44,'Ordres de travail'!$AC$5:$AC$3004,"<>Annulé",'Ordres de travail'!$B$5:$B$3004,">="&'Paramètres'!$AA$6,'Ordres de travail'!$B$5:$B$3004,"<"&('Paramètres'!$AA$7+1))/(SUMIFS('Équipements'!$O$5:$O$304,'Équipements'!$D$5:$D$304,$M44,'Équipements'!$L$5:$L$304,"<>Réformé")*'Paramètres'!$AA$8),"-") | S44: =COUNTIFS('Équipements'!$D$5:$D$304,$M44,'Équipements'!$L$5:$L$304,"<>Réformé")
M45: Bâtiment | O45: =COUNTIFS('Ordres de travail'!$F$5:$F$3004,$M45,'Ordres de travail'!$H$5:$H$3004,"Correctif",'Ordres de travail'!$AC$5:$AC$3004,"<>Annulé",'Ordres de travail'!$B$5:$B$3004,">="&'Paramètres'!$AA$6,'Ordres de travail'!$B$5:$B$3004,"<"&('Paramètres'!$AA$7+1)) | P45: =SUMIFS('Ordres de travail'!$S$5:$S$3004,'Ordres de travail'!$F$5:$F$3004,$M45,'Ordres de travail'!$H$5:$H$3004,"Correctif",'Ordres de travail'!$AC$5:$AC$3004,"<>Annulé",'Ordres de travail'!$B$5:$B$3004,">="&'Paramètres'!$AA$6,'Ordres de travail'!$B$5:$B$3004,"<"&('Paramètres'!$AA$7+1)) | Q45: =SUMIFS('Ordres de travail'!$AA$5:$AA$3004,'Ordres de travail'!$F$5:$F$3004,$M45,'Ordres de travail'!$B$5:$B$3004,">="&'Paramètres'!$AA$6,'Ordres de travail'!$B$5:$B$3004,"<"&('Paramètres'!$AA$7+1)) | R45: =IFERROR(1-SUMIFS('Ordres de travail'!$S$5:$S$3004,'Ordres de travail'!$F$5:$F$3004,$M45,'Ordres de travail'!$AC$5:$AC$3004,"<>Annulé",'Ordres de travail'!$B$5:$B$3004,">="&'Paramètres'!$AA$6,'Ordres de travail'!$B$5:$B$3004,"<"&('Paramètres'!$AA$7+1))/(SUMIFS('Équipements'!$O$5:$O$304,'Équipements'!$D$5:$D$304,$M45,'Équipements'!$L$5:$L$304,"<>Réformé")*'Paramètres'!$AA$8),"-") | S45: =COUNTIFS('Équipements'!$D$5:$D$304,$M45,'Équipements'!$L$5:$L$304,"<>Réformé")
B48: Top 10 des équipements par heures d'arrêt (période) | M48: Causes des pannes (correctifs)
B49: Rang | C49: Code | D49: Désignation | G49: Arrêt total (h) | H49: Nb pannes | I49: Coût (€) | J49: MTBF (h) | K49: Disponibilité | M49: Cause | O49: Nb pannes | P49: Arrêt (h) | Q49: Coût (€) | R49: % pannes
B50: 1 | C50: =IFERROR(INDEX('Équipements'!$A$5:$A$304,MATCH(LARGE('Équipements'!$AB$5:$AB$304,1),'Équipements'!$AB$5:$AB$304,0)),"") | D50: =IFERROR(INDEX('Équipements'!$B$5:$B$304,MATCH(LARGE('Équipements'!$AB$5:$AB$304,1),'Équipements'!$AB$5:$AB$304,0)),"") | G50: =IFERROR(INDEX('Équipements'!$R$5:$R$304,MATCH(LARGE('Équipements'!$AB$5:$AB$304,1),'Équipements'!$AB$5:$AB$304,0)),"") | H50: =IFERROR(INDEX('Équipements'!$P$5:$P$304,MATCH(LARGE('Équipements'!$AB$5:$AB$304,1),'Équipements'!$AB$5:$AB$304,0)),"") | I50: =IFERROR(INDEX('Équipements'!$S$5:$S$304,MATCH(LARGE('Équipements'!$AB$5:$AB$304,1),'Équipements'!$AB$5:$AB$304,0)),"") | J50: =IFERROR(INDEX('Équipements'!$T$5:$T$304,MATCH(LARGE('Équipements'!$AB$5:$AB$304,1),'Équipements'!$AB$5:$AB$304,0)),"") | K50: =IFERROR(INDEX('Équipements'!$V$5:$V$304,MATCH(LARGE('Équipements'!$AB$5:$AB$304,1),'Équipements'!$AB$5:$AB$304,0)),"") | M50: Usure | O50: =COUNTIFS('Ordres de travail'!$M$5:$M$3004,$M50,'Ordres de travail'!$H$5:$H$3004,"Correctif",'Ordres de travail'!$AC$5:$AC$3004,"<>Annulé",'Ordres de travail'!$B$5:$B$3004,">="&'Paramètres'!$AA$6,'Ordres de travail'!$B$5:$B$3004,"<"&('Paramètres'!$AA$7+1)) | P50: =SUMIFS('Ordres de travail'!$S$5:$S$3004,'Ordres de travail'!$M$5:$M$3004,$M50,'Ordres de travail'!$H$5:$H$3004,"Correctif",'Ordres de travail'!$AC$5:$AC$3004,"<>Annulé",'Ordres de travail'!$B$5:$B$3004,">="&'Paramètres'!$AA$6,'Ordres de travail'!$B$5:$B$3004,"<"&('Paramètres'!$AA$7+1)) | Q50: =SUMIFS('Ordres de travail'!$AA$5:$AA$3004,'Ordres de travail'!$M$5:$M$3004,$M50,'Ordres de travail'!$H$5:$H$3004,"Correctif",'Ordres de travail'!$B$5:$B$3004,">="&'Paramètres'!$AA$6,'Ordres de travail'!$B$5:$B$3004,"<"&('Paramètres'!$AA$7+1)) | R50: =IFERROR(O50/SUM($O$50:$O$62),0)
B51: 2 | C51: =IFERROR(INDEX('Équipements'!$A$5:$A$304,MATCH(LARGE('Équipements'!$AB$5:$AB$304,2),'Équipements'!$AB$5:$AB$304,0)),"") | D51: =IFERROR(INDEX('Équipements'!$B$5:$B$304,MATCH(LARGE('Équipements'!$AB$5:$AB$304,2),'Équipements'!$AB$5:$AB$304,0)),"") | G51: =IFERROR(INDEX('Équipements'!$R$5:$R$304,MATCH(LARGE('Équipements'!$AB$5:$AB$304,2),'Équipements'!$AB$5:$AB$304,0)),"") | H51: =IFERROR(INDEX('Équipements'!$P$5:$P$304,MATCH(LARGE('Équipements'!$AB$5:$AB$304,2),'Équipements'!$AB$5:$AB$304,0)),"") | I51: =IFERROR(INDEX('Équipements'!$S$5:$S$304,MATCH(LARGE('Équipements'!$AB$5:$AB$304,2),'Équipements'!$AB$5:$AB$304,0)),"") | J51: =IFERROR(INDEX('Équipements'!$T$5:$T$304,MATCH(LARGE('Équipements'!$AB$5:$AB$304,2),'Équipements'!$AB$5:$AB$304,0)),"") | K51: =IFERROR(INDEX('Équipements'!$V$5:$V$304,MATCH(LARGE('Équipements'!$AB$5:$AB$304,2),'Équipements'!$AB$5:$AB$304,0)),"") | M51: Défaut lubrification | O51: =COUNTIFS('Ordres de travail'!$M$5:$M$3004,$M51,'Ordres de travail'!$H$5:$H$3004,"Correctif",'Ordres de travail'!$AC$5:$AC$3004,"<>Annulé",'Ordres de travail'!$B$5:$B$3004,">="&'Paramètres'!$AA$6,'Ordres de travail'!$B$5:$B$3004,"<"&('Paramètres'!$AA$7+1)) | P51: =SUMIFS('Ordres de travail'!$S$5:$S$3004,'Ordres de travail'!$M$5:$M$3004,$M51,'Ordres de travail'!$H$5:$H$3004,"Correctif",'Ordres de travail'!$AC$5:$AC$3004,"<>Annulé",'Ordres de travail'!$B$5:$B$3004,">="&'Paramètres'!$AA$6,'Ordres de travail'!$B$5:$B$3004,"<"&('Paramètres'!$AA$7+1)) | Q51: =SUMIFS('Ordres de travail'!$AA$5:$AA$3004,'Ordres de travail'!$M$5:$M$3004,$M51,'Ordres de travail'!$H$5:$H$3004,"Correctif",'Ordres de travail'!$B$5:$B$3004,">="&'Paramètres'!$AA$6,'Ordres de travail'!$B$5:$B$3004,"<"&('Paramètres'!$AA$7+1)) | R51: =IFERROR(O51/SUM($O$50:$O$62),0)
B52: 3 | C52: =IFERROR(INDEX('Équipements'!$A$5:$A$304,MATCH(LARGE('Équipements'!$AB$5:$AB$304,3),'Équipements'!$AB$5:$AB$304,0)),"") | D52: =IFERROR(INDEX('Équipements'!$B$5:$B$304,MATCH(LARGE('Équipements'!$AB$5:$AB$304,3),'Équipements'!$AB$5:$AB$304,0)),"") | G52: =IFERROR(INDEX('Équipements'!$R$5:$R$304,MATCH(LARGE('Équipements'!$AB$5:$AB$304,3),'Équipements'!$AB$5:$AB$304,0)),"") | H52: =IFERROR(INDEX('Équipements'!$P$5:$P$304,MATCH(LARGE('Équipements'!$AB$5:$AB$304,3),'Équipements'!$AB$5:$AB$304,0)),"") | I52: =IFERROR(INDEX('Équipements'!$S$5:$S$304,MATCH(LARGE('Équipements'!$AB$5:$AB$304,3),'Équipements'!$AB$5:$AB$304,0)),"") | J52: =IFERROR(INDEX('Équipements'!$T$5:$T$304,MATCH(LARGE('Équipements'!$AB$5:$AB$304,3),'Équipements'!$AB$5:$AB$304,0)),"") | K52: =IFERROR(INDEX('Équipements'!$V$5:$V$304,MATCH(LARGE('Équipements'!$AB$5:$AB$304,3),'Équipements'!$AB$5:$AB$304,0)),"") | M52: Encrassement | O52: =COUNTIFS('Ordres de travail'!$M$5:$M$3004,$M52,'Ordres de travail'!$H$5:$H$3004,"Correctif",'Ordres de travail'!$AC$5:$AC$3004,"<>Annulé",'Ordres de travail'!$B$5:$B$3004,">="&'Paramètres'!$AA$6,'Ordres de travail'!$B$5:$B$3004,"<"&('Paramètres'!$AA$7+1)) | P52: =SUMIFS('Ordres de travail'!$S$5:$S$3004,'Ordres de travail'!$M$5:$M$3004,$M52,'Ordres de travail'!$H$5:$H$3004,"Correctif",'Ordres de travail'!$AC$5:$AC$3004,"<>Annulé",'Ordres de travail'!$B$5:$B$3004,">="&'Paramètres'!$AA$6,'Ordres de travail'!$B$5:$B$3004,"<"&('Paramètres'!$AA$7+1)) | Q52: =SUMIFS('Ordres de travail'!$AA$5:$AA$3004,'Ordres de travail'!$M$5:$M$3004,$M52,'Ordres de travail'!$H$5:$H$3004,"Correctif",'Ordres de travail'!$B$5:$B$3004,">="&'Paramètres'!$AA$6,'Ordres de travail'!$B$5:$B$3004,"<"&('Paramètres'!$AA$7+1)) | R52: =IFERROR(O52/SUM($O$50:$O$62),0)
B53: 4 | C53: =IFERROR(INDEX('Équipements'!$A$5:$A$304,MATCH(LARGE('Équipements'!$AB$5:$AB$304,4),'Équipements'!$AB$5:$AB$304,0)),"") | D53: =IFERROR(INDEX('Équipements'!$B$5:$B$304,MATCH(LARGE('Équipements'!$AB$5:$AB$304,4),'Équipements'!$AB$5:$AB$304,0)),"") | G53: =IFERROR(INDEX('Équipements'!$R$5:$R$304,MATCH(LARGE('Équipements'!$AB$5:$AB$304,4),'Équipements'!$AB$5:$AB$304,0)),"") | H53: =IFERROR(INDEX('Équipements'!$P$5:$P$304,MATCH(LARGE('Équipements'!$AB$5:$AB$304,4),'Équipements'!$AB$5:$AB$304,0)),"") | I53: =IFERROR(INDEX('Équipements'!$S$5:$S$304,MATCH(LARGE('Équipements'!$AB$5:$AB$304,4),'Équipements'!$AB$5:$AB$304,0)),"") | J53: =IFERROR(INDEX('Équipements'!$T$5:$T$304,MATCH(LARGE('Équipements'!$AB$5:$AB$304,4),'Équipements'!$AB$5:$AB$304,0)),"") | K53: =IFERROR(INDEX('Équipements'!$V$5:$V$304,MATCH(LARGE('Équipements'!$AB$5:$AB$304,4),'Équipements'!$AB$5:$AB$304,0)),"") | M53: Fuite | O53: =COUNTIFS('Ordres de travail'!$M$5:$M$3004,$M53,'Ordres de travail'!$H$5:$H$3004,"Correctif",'Ordres de travail'!$AC$5:$AC$3004,"<>Annulé",'Ordres de travail'!$B$5:$B$3004,">="&'Paramètres'!$AA$6,'Ordres de travail'!$B$5:$B$3004,"<"&('Paramètres'!$AA$7+1)) | P53: =SUMIFS('Ordres de travail'!$S$5:$S$3004,'Ordres de travail'!$M$5:$M$3004,$M53,'Ordres de travail'!$H$5:$H$3004,"Correctif",'Ordres de travail'!$AC$5:$AC$3004,"<>Annulé",'Ordres de travail'!$B$5:$B$3004,">="&'Paramètres'!$AA$6,'Ordres de travail'!$B$5:$B$3004,"<"&('Paramètres'!$AA$7+1)) | Q53: =SUMIFS('Ordres de travail'!$AA$5:$AA$3004,'Ordres de travail'!$M$5:$M$3004,$M53,'Ordres de travail'!$H$5:$H$3004,"Correctif",'Ordres de travail'!$B$5:$B$3004,">="&'Paramètres'!$AA$6,'Ordres de travail'!$B$5:$B$3004,"<"&('Paramètres'!$AA$7+1)) | R53: =IFERROR(O53/SUM($O$50:$O$62),0)
B54: 5 | C54: =IFERROR(INDEX('Équipements'!$A$5:$A$304,MATCH(LARGE('Équipements'!$AB$5:$AB$304,5),'Équipements'!$AB$5:$AB$304,0)),"") | D54: =IFERROR(INDEX('Équipements'!$B$5:$B$304,MATCH(LARGE('Équipements'!$AB$5:$AB$304,5),'Équipements'!$AB$5:$AB$304,0)),"") | G54: =IFERROR(INDEX('Équipements'!$R$5:$R$304,MATCH(LARGE('Équipements'!$AB$5:$AB$304,5),'Équipements'!$AB$5:$AB$304,0)),"") | H54: =IFERROR(INDEX('Équipements'!$P$5:$P$304,MATCH(LARGE('Équipements'!$AB$5:$AB$304,5),'Équipements'!$AB$5:$AB$304,0)),"") | I54: =IFERROR(INDEX('Équipements'!$S$5:$S$304,MATCH(LARGE('Équipements'!$AB$5:$AB$304,5),'Équipements'!$AB$5:$AB$304,0)),"") | J54: =IFERROR(INDEX('Équipements'!$T$5:$T$304,MATCH(LARGE('Équipements'!$AB$5:$AB$304,5),'Équipements'!$AB$5:$AB$304,0)),"") | K54: =IFERROR(INDEX('Équipements'!$V$5:$V$304,MATCH(LARGE('Équipements'!$AB$5:$AB$304,5),'Équipements'!$AB$5:$AB$304,0)),"") | M54: Casse mécanique | O54: =COUNTIFS('Ordres de travail'!$M$5:$M$3004,$M54,'Ordres de travail'!$H$5:$H$3004,"Correctif",'Ordres de travail'!$AC$5:$AC$3004,"<>Annulé",'Ordres de travail'!$B$5:$B$3004,">="&'Paramètres'!$AA$6,'Ordres de travail'!$B$5:$B$3004,"<"&('Paramètres'!$AA$7+1)) | P54: =SUMIFS('Ordres de travail'!$S$5:$S$3004,'Ordres de travail'!$M$5:$M$3004,$M54,'Ordres de travail'!$H$5:$H$3004,"Correctif",'Ordres de travail'!$AC$5:$AC$3004,"<>Annulé",'Ordres de travail'!$B$5:$B$3004,">="&'Paramètres'!$AA$6,'Ordres de travail'!$B$5:$B$3004,"<"&('Paramètres'!$AA$7+1)) | Q54: =SUMIFS('Ordres de travail'!$AA$5:$AA$3004,'Ordres de travail'!$M$5:$M$3004,$M54,'Ordres de travail'!$H$5:$H$3004,"Correctif",'Ordres de travail'!$B$5:$B$3004,">="&'Paramètres'!$AA$6,'Ordres de travail'!$B$5:$B$3004,"<"&('Paramètres'!$AA$7+1)) | R54: =IFERROR(O54/SUM($O$50:$O$62),0)
B55: 6 | C55: =IFERROR(INDEX('Équipements'!$A$5:$A$304,MATCH(LARGE('Équipements'!$AB$5:$AB$304,6),'Équipements'!$AB$5:$AB$304,0)),"") | D55: =IFERROR(INDEX('Équipements'!$B$5:$B$304,MATCH(LARGE('Équipements'!$AB$5:$AB$304,6),'Équipements'!$AB$5:$AB$304,0)),"") | G55: =IFERROR(INDEX('Équipements'!$R$5:$R$304,MATCH(LARGE('Équipements'!$AB$5:$AB$304,6),'Équipements'!$AB$5:$AB$304,0)),"") | H55: =IFERROR(INDEX('Équipements'!$P$5:$P$304,MATCH(LARGE('Équipements'!$AB$5:$AB$304,6),'Équipements'!$AB$5:$AB$304,0)),"") | I55: =IFERROR(INDEX('Équipements'!$S$5:$S$304,MATCH(LARGE('Équipements'!$AB$5:$AB$304,6),'Équipements'!$AB$5:$AB$304,0)),"") | J55: =IFERROR(INDEX('Équipements'!$T$5:$T$304,MATCH(LARGE('Équipements'!$AB$5:$AB$304,6),'Équipements'!$AB$5:$AB$304,0)),"") | K55: =IFERROR(INDEX('Équipements'!$V$5:$V$304,MATCH(LARGE('Équipements'!$AB$5:$AB$304,6),'Équipements'!$AB$5:$AB$304,0)),"") | M55: Défaut électrique | O55: =COUNTIFS('Ordres de travail'!$M$5:$M$3004,$M55,'Ordres de travail'!$H$5:$H$3004,"Correctif",'Ordres de travail'!$AC$5:$AC$3004,"<>Annulé",'Ordres de travail'!$B$5:$B$3004,">="&'Paramètres'!$AA$6,'Ordres de travail'!$B$5:$B$3004,"<"&('Paramètres'!$AA$7+1)) | P55: =SUMIFS('Ordres de travail'!$S$5:$S$3004,'Ordres de travail'!$M$5:$M$3004,$M55,'Ordres de travail'!$H$5:$H$3004,"Correctif",'Ordres de travail'!$AC$5:$AC$3004,"<>Annulé",'Ordres de travail'!$B$5:$B$3004,">="&'Paramètres'!$AA$6,'Ordres de travail'!$B$5:$B$3004,"<"&('Paramètres'!$AA$7+1)) | Q55: =SUMIFS('Ordres de travail'!$AA$5:$AA$3004,'Ordres de travail'!$M$5:$M$3004,$M55,'Ordres de travail'!$H$5:$H$3004,"Correctif",'Ordres de travail'!$B$5:$B$3004,">="&'Paramètres'!$AA$6,'Ordres de travail'!$B$5:$B$3004,"<"&('Paramètres'!$AA$7+1)) | R55: =IFERROR(O55/SUM($O$50:$O$62),0)
B56: 7 | C56: =IFERROR(INDEX('Équipements'!$A$5:$A$304,MATCH(LARGE('Équipements'!$AB$5:$AB$304,7),'Équipements'!$AB$5:$AB$304,0)),"") | D56: =IFERROR(INDEX('Équipements'!$B$5:$B$304,MATCH(LARGE('Équipements'!$AB$5:$AB$304,7),'Équipements'!$AB$5:$AB$304,0)),"") | G56: =IFERROR(INDEX('Équipements'!$R$5:$R$304,MATCH(LARGE('Équipements'!$AB$5:$AB$304,7),'Équipements'!$AB$5:$AB$304,0)),"") | H56: =IFERROR(INDEX('Équipements'!$P$5:$P$304,MATCH(LARGE('Équipements'!$AB$5:$AB$304,7),'Équipements'!$AB$5:$AB$304,0)),"") | I56: =IFERROR(INDEX('Équipements'!$S$5:$S$304,MATCH(LARGE('Équipements'!$AB$5:$AB$304,7),'Équipements'!$AB$5:$AB$304,0)),"") | J56: =IFERROR(INDEX('Équipements'!$T$5:$T$304,MATCH(LARGE('Équipements'!$AB$5:$AB$304,7),'Équipements'!$AB$5:$AB$304,0)),"") | K56: =IFERROR(INDEX('Équipements'!$V$5:$V$304,MATCH(LARGE('Équipements'!$AB$5:$AB$304,7),'Équipements'!$AB$5:$AB$304,0)),"") | M56: Défaut capteur | O56: =COUNTIFS('Ordres de travail'!$M$5:$M$3004,$M56,'Ordres de travail'!$H$5:$H$3004,"Correctif",'Ordres de travail'!$AC$5:$AC$3004,"<>Annulé",'Ordres de travail'!$B$5:$B$3004,">="&'Paramètres'!$AA$6,'Ordres de travail'!$B$5:$B$3004,"<"&('Paramètres'!$AA$7+1)) | P56: =SUMIFS('Ordres de travail'!$S$5:$S$3004,'Ordres de travail'!$M$5:$M$3004,$M56,'Ordres de travail'!$H$5:$H$3004,"Correctif",'Ordres de travail'!$AC$5:$AC$3004,"<>Annulé",'Ordres de travail'!$B$5:$B$3004,">="&'Paramètres'!$AA$6,'Ordres de travail'!$B$5:$B$3004,"<"&('Paramètres'!$AA$7+1)) | Q56: =SUMIFS('Ordres de travail'!$AA$5:$AA$3004,'Ordres de travail'!$M$5:$M$3004,$M56,'Ordres de travail'!$H$5:$H$3004,"Correctif",'Ordres de travail'!$B$5:$B$3004,">="&'Paramètres'!$AA$6,'Ordres de travail'!$B$5:$B$3004,"<"&('Paramètres'!$AA$7+1)) | R56: =IFERROR(O56/SUM($O$50:$O$62),0)
B57: 8 | C57: =IFERROR(INDEX('Équipements'!$A$5:$A$304,MATCH(LARGE('Équipements'!$AB$5:$AB$304,8),'Équipements'!$AB$5:$AB$304,0)),"") | D57: =IFERROR(INDEX('Équipements'!$B$5:$B$304,MATCH(LARGE('Équipements'!$AB$5:$AB$304,8),'Équipements'!$AB$5:$AB$304,0)),"") | G57: =IFERROR(INDEX('Équipements'!$R$5:$R$304,MATCH(LARGE('Équipements'!$AB$5:$AB$304,8),'Équipements'!$AB$5:$AB$304,0)),"") | H57: =IFERROR(INDEX('Équipements'!$P$5:$P$304,MATCH(LARGE('Équipements'!$AB$5:$AB$304,8),'Équipements'!$AB$5:$AB$304,0)),"") | I57: =IFERROR(INDEX('Équipements'!$S$5:$S$304,MATCH(LARGE('Équipements'!$AB$5:$AB$304,8),'Équipements'!$AB$5:$AB$304,0)),"") | J57: =IFERROR(INDEX('Équipements'!$T$5:$T$304,MATCH(LARGE('Équipements'!$AB$5:$AB$304,8),'Équipements'!$AB$5:$AB$304,0)),"") | K57: =IFERROR(INDEX('Équipements'!$V$5:$V$304,MATCH(LARGE('Équipements'!$AB$5:$AB$304,8),'Équipements'!$AB$5:$AB$304,0)),"") | M57: Défaut logiciel/automate | O57: =COUNTIFS('Ordres de travail'!$M$5:$M$3004,$M57,'Ordres de travail'!$H$5:$H$3004,"Correctif",'Ordres de travail'!$AC$5:$AC$3004,"<>Annulé",'Ordres de travail'!$B$5:$B$3004,">="&'Paramètres'!$AA$6,'Ordres de travail'!$B$5:$B$3004,"<"&('Paramètres'!$AA$7+1)) | P57: =SUMIFS('Ordres de travail'!$S$5:$S$3004,'Ordres de travail'!$M$5:$M$3004,$M57,'Ordres de travail'!$H$5:$H$3004,"Correctif",'Ordres de travail'!$AC$5:$AC$3004,"<>Annulé",'Ordres de travail'!$B$5:$B$3004,">="&'Paramètres'!$AA$6,'Ordres de travail'!$B$5:$B$3004,"<"&('Paramètres'!$AA$7+1)) | Q57: =SUMIFS('Ordres de travail'!$AA$5:$AA$3004,'Ordres de travail'!$M$5:$M$3004,$M57,'Ordres de travail'!$H$5:$H$3004,"Correctif",'Ordres de travail'!$B$5:$B$3004,">="&'Paramètres'!$AA$6,'Ordres de travail'!$B$5:$B$3004,"<"&('Paramètres'!$AA$7+1)) | R57: =IFERROR(O57/SUM($O$50:$O$62),0)
B58: 9 | C58: =IFERROR(INDEX('Équipements'!$A$5:$A$304,MATCH(LARGE('Équipements'!$AB$5:$AB$304,9),'Équipements'!$AB$5:$AB$304,0)),"") | D58: =IFERROR(INDEX('Équipements'!$B$5:$B$304,MATCH(LARGE('Équipements'!$AB$5:$AB$304,9),'Équipements'!$AB$5:$AB$304,0)),"") | G58: =IFERROR(INDEX('Équipements'!$R$5:$R$304,MATCH(LARGE('Équipements'!$AB$5:$AB$304,9),'Équipements'!$AB$5:$AB$304,0)),"") | H58: =IFERROR(INDEX('Équipements'!$P$5:$P$304,MATCH(LARGE('Équipements'!$AB$5:$AB$304,9),'Équipements'!$AB$5:$AB$304,0)),"") | I58: =IFERROR(INDEX('Équipements'!$S$5:$S$304,MATCH(LARGE('Équipements'!$AB$5:$AB$304,9),'Équipements'!$AB$5:$AB$304,0)),"") | J58: =IFERROR(INDEX('Équipements'!$T$5:$T$304,MATCH(LARGE('Équipements'!$AB$5:$AB$304,9),'Équipements'!$AB$5:$AB$304,0)),"") | K58: =IFERROR(INDEX('Équipements'!$V$5:$V$304,MATCH(LARGE('Équipements'!$AB$5:$AB$304,9),'Équipements'!$AB$5:$AB$304,0)),"") | M58: Défaut pneumatique | O58: =COUNTIFS('Ordres de travail'!$M$5:$M$3004,$M58,'Ordres de travail'!$H$5:$H$3004,"Correctif",'Ordres de travail'!$AC$5:$AC$3004,"<>Annulé",'Ordres de travail'!$B$5:$B$3004,">="&'Paramètres'!$AA$6,'Ordres de travail'!$B$5:$B$3004,"<"&('Paramètres'!$AA$7+1)) | P58: =SUMIFS('Ordres de travail'!$S$5:$S$3004,'Ordres de travail'!$M$5:$M$3004,$M58,'Ordres de travail'!$H$5:$H$3004,"Correctif",'Ordres de travail'!$AC$5:$AC$3004,"<>Annulé",'Ordres de travail'!$B$5:$B$3004,">="&'Paramètres'!$AA$6,'Ordres de travail'!$B$5:$B$3004,"<"&('Paramètres'!$AA$7+1)) | Q58: =SUMIFS('Ordres de travail'!$AA$5:$AA$3004,'Ordres de travail'!$M$5:$M$3004,$M58,'Ordres de travail'!$H$5:$H$3004,"Correctif",'Ordres de travail'!$B$5:$B$3004,">="&'Paramètres'!$AA$6,'Ordres de travail'!$B$5:$B$3004,"<"&('Paramètres'!$AA$7+1)) | R58: =IFERROR(O58/SUM($O$50:$O$62),0)
B59: 10 | C59: =IFERROR(INDEX('Équipements'!$A$5:$A$304,MATCH(LARGE('Équipements'!$AB$5:$AB$304,10),'Équipements'!$AB$5:$AB$304,0)),"") | D59: =IFERROR(INDEX('Équipements'!$B$5:$B$304,MATCH(LARGE('Équipements'!$AB$5:$AB$304,10),'Équipements'!$AB$5:$AB$304,0)),"") | G59: =IFERROR(INDEX('Équipements'!$R$5:$R$304,MATCH(LARGE('Équipements'!$AB$5:$AB$304,10),'Équipements'!$AB$5:$AB$304,0)),"") | H59: =IFERROR(INDEX('Équipements'!$P$5:$P$304,MATCH(LARGE('Équipements'!$AB$5:$AB$304,10),'Équipements'!$AB$5:$AB$304,0)),"") | I59: =IFERROR(INDEX('Équipements'!$S$5:$S$304,MATCH(LARGE('Équipements'!$AB$5:$AB$304,10),'Équipements'!$AB$5:$AB$304,0)),"") | J59: =IFERROR(INDEX('Équipements'!$T$5:$T$304,MATCH(LARGE('Équipements'!$AB$5:$AB$304,10),'Équipements'!$AB$5:$AB$304,0)),"") | K59: =IFERROR(INDEX('Équipements'!$V$5:$V$304,MATCH(LARGE('Équipements'!$AB$5:$AB$304,10),'Équipements'!$AB$5:$AB$304,0)),"") | M59: Défaut hydraulique | O59: =COUNTIFS('Ordres de travail'!$M$5:$M$3004,$M59,'Ordres de travail'!$H$5:$H$3004,"Correctif",'Ordres de travail'!$AC$5:$AC$3004,"<>Annulé",'Ordres de travail'!$B$5:$B$3004,">="&'Paramètres'!$AA$6,'Ordres de travail'!$B$5:$B$3004,"<"&('Paramètres'!$AA$7+1)) | P59: =SUMIFS('Ordres de travail'!$S$5:$S$3004,'Ordres de travail'!$M$5:$M$3004,$M59,'Ordres de travail'!$H$5:$H$3004,"Correctif",'Ordres de travail'!$AC$5:$AC$3004,"<>Annulé",'Ordres de travail'!$B$5:$B$3004,">="&'Paramètres'!$AA$6,'Ordres de travail'!$B$5:$B$3004,"<"&('Paramètres'!$AA$7+1)) | Q59: =SUMIFS('Ordres de travail'!$AA$5:$AA$3004,'Ordres de travail'!$M$5:$M$3004,$M59,'Ordres de travail'!$H$5:$H$3004,"Correctif",'Ordres de travail'!$B$5:$B$3004,">="&'Paramètres'!$AA$6,'Ordres de travail'!$B$5:$B$3004,"<"&('Paramètres'!$AA$7+1)) | R59: =IFERROR(O59/SUM($O$50:$O$62),0)
M60: Erreur opérateur | O60: =COUNTIFS('Ordres de travail'!$M$5:$M$3004,$M60,'Ordres de travail'!$H$5:$H$3004,"Correctif",'Ordres de travail'!$AC$5:$AC$3004,"<>Annulé",'Ordres de travail'!$B$5:$B$3004,">="&'Paramètres'!$AA$6,'Ordres de travail'!$B$5:$B$3004,"<"&('Paramètres'!$AA$7+1)) | P60: =SUMIFS('Ordres de travail'!$S$5:$S$3004,'Ordres de travail'!$M$5:$M$3004,$M60,'Ordres de travail'!$H$5:$H$3004,"Correctif",'Ordres de travail'!$AC$5:$AC$3004,"<>Annulé",'Ordres de travail'!$B$5:$B$3004,">="&'Paramètres'!$AA$6,'Ordres de travail'!$B$5:$B$3004,"<"&('Paramètres'!$AA$7+1)) | Q60: =SUMIFS('Ordres de travail'!$AA$5:$AA$3004,'Ordres de travail'!$M$5:$M$3004,$M60,'Ordres de travail'!$H$5:$H$3004,"Correctif",'Ordres de travail'!$B$5:$B$3004,">="&'Paramètres'!$AA$6,'Ordres de travail'!$B$5:$B$3004,"<"&('Paramètres'!$AA$7+1)) | R60: =IFERROR(O60/SUM($O$50:$O$62),0)
M61: Choc / accident | O61: =COUNTIFS('Ordres de travail'!$M$5:$M$3004,$M61,'Ordres de travail'!$H$5:$H$3004,"Correctif",'Ordres de travail'!$AC$5:$AC$3004,"<>Annulé",'Ordres de travail'!$B$5:$B$3004,">="&'Paramètres'!$AA$6,'Ordres de travail'!$B$5:$B$3004,"<"&('Paramètres'!$AA$7+1)) | P61: =SUMIFS('Ordres de travail'!$S$5:$S$3004,'Ordres de travail'!$M$5:$M$3004,$M61,'Ordres de travail'!$H$5:$H$3004,"Correctif",'Ordres de travail'!$AC$5:$AC$3004,"<>Annulé",'Ordres de travail'!$B$5:$B$3004,">="&'Paramètres'!$AA$6,'Ordres de travail'!$B$5:$B$3004,"<"&('Paramètres'!$AA$7+1)) | Q61: =SUMIFS('Ordres de travail'!$AA$5:$AA$3004,'Ordres de travail'!$M$5:$M$3004,$M61,'Ordres de travail'!$H$5:$H$3004,"Correctif",'Ordres de travail'!$B$5:$B$3004,">="&'Paramètres'!$AA$6,'Ordres de travail'!$B$5:$B$3004,"<"&('Paramètres'!$AA$7+1)) | R61: =IFERROR(O61/SUM($O$50:$O$62),0)
M62: Cause inconnue | O62: =COUNTIFS('Ordres de travail'!$M$5:$M$3004,$M62,'Ordres de travail'!$H$5:$H$3004,"Correctif",'Ordres de travail'!$AC$5:$AC$3004,"<>Annulé",'Ordres de travail'!$B$5:$B$3004,">="&'Paramètres'!$AA$6,'Ordres de travail'!$B$5:$B$3004,"<"&('Paramètres'!$AA$7+1)) | P62: =SUMIFS('Ordres de travail'!$S$5:$S$3004,'Ordres de travail'!$M$5:$M$3004,$M62,'Ordres de travail'!$H$5:$H$3004,"Correctif",'Ordres de travail'!$AC$5:$AC$3004,"<>Annulé",'Ordres de travail'!$B$5:$B$3004,">="&'Paramètres'!$AA$6,'Ordres de travail'!$B$5:$B$3004,"<"&('Paramètres'!$AA$7+1)) | Q62: =SUMIFS('Ordres de travail'!$AA$5:$AA$3004,'Ordres de travail'!$M$5:$M$3004,$M62,'Ordres de travail'!$H$5:$H$3004,"Correctif",'Ordres de travail'!$B$5:$B$3004,">="&'Paramètres'!$AA$6,'Ordres de travail'!$B$5:$B$3004,"<"&('Paramètres'!$AA$7+1)) | R62: =IFERROR(O62/SUM($O$50:$O$62),0)
B65: Graphiques

Sheet Équipements
A1: Parc équipements
A2: Inventaire des équipements, criticité et indicateurs de fiabilité calculés sur l'année d'analyse (MTBF, MTTR, disponibilité).
A3: Saisie : texte bleu | Calcul automatique : fond gris (ne pas modifier) | Les listes déroulantes proviennent de l'onglet Paramètres.
A4: Code équipement | B4: Désignation | C4: Famille technique | D4: Atelier | E4: Zone / ligne | F4: Fabricant | G4: Modèle | H4: N° de série | I4: Mise en service | J4: Valeur d'achat (€) | K4: Criticité | L4: État | M4: Fin de garantie | N4: Prestataire maintenance | O4: Heures d'ouverture / an | P4: Nb pannes (période) | Q4: Heures arrêt pannes | R4: Heures arrêt total | S4: Coût maintenance période (€) | T4: MTBF (h) | U4: MTTR (h) | V4: Disponibilité | W4: Compteur horaire (h) | X4: Âge (ans) | Y4: Coût cumulé historique (€) | Z4: OT ouverts | AA4: Alerte garantie | AB4: Clé tri (technique)
A5: EQ-USI-001 | B5: Centre d'usinage 5 axes | C5: CNC | D5: Usinage | E5: Cellule 5 axes | F5: DMG MORI | G5: DMU 65 monoBLOCK | H5: DMG-1924810 | I5: 43535 | J5: 485000 | K5: A | L5: En service | M5: 44266 | N5: SAV Machines-Outils Atlantique | O5: 3800 | P5: =IF($A5="","",COUNTIFS('Ordres de travail'!$D$5:$D$3004,$A5,'Ordres de travail'!$H$5:$H$3004,"Correctif",'Ordres de travail'!$AC$5:$AC$3004,"<>Annulé",'Ordres de travail'!$B$5:$B$3004,">="&'Paramètres'!$AA$6,'Ordres de travail'!$B$5:$B$3004,"<"&('Paramètres'!$AA$7+1))) | Q5: =IF($A5="","",SUMIFS('Ordres de travail'!$S$5:$S$3004,'Ordres de travail'!$D$5:$D$3004,$A5,'Ordres de travail'!$H$5:$H$3004,"Correctif",'Ordres de travail'!$AC$5:$AC$3004,"<>Annulé",'Ordres de travail'!$B$5:$B$3004,">="&'Paramètres'!$AA$6,'Ordres de travail'!$B$5:$B$3004,"<"&('Paramètres'!$AA$7+1))) | R5: =IF($A5="","",SUMIFS('Ordres de travail'!$S$5:$S$3004,'Ordres de travail'!$D$5:$D$3004,$A5,'Ordres de travail'!$AC$5:$AC$3004,"<>Annulé",'Ordres de travail'!$B$5:$B$3004,">="&'Paramètres'!$AA$6,'Ordres de travail'!$B$5:$B$3004,"<"&('Paramètres'!$AA$7+1))) | S5: =IF($A5="","",SUMIFS('Ordres de travail'!$AA$5:$AA$3004,'Ordres de travail'!$D$5:$D$3004,$A5,'Ordres de travail'!$B$5:$B$3004,">="&'Paramètres'!$AA$6,'Ordres de travail'!$B$5:$B$3004,"<"&('Paramètres'!$AA$7+1))) | T5: =IF($A5="","",IF(P5=0,"-",(O5*'Paramètres'!$AA$8-Q5)/P5)) | U5: =IF($A5="","",IF(P5=0,"-",Q5/P5)) | V5: =IF($A5="","",IF(N(O5)*'Paramètres'!$AA$8=0,"-",MAX(0,1-R5/(O5*'Paramètres'!$AA$8)))) | W5: =IF($A5="","",_xlfn.MAXIFS('Relevés compteurs'!$D$5:$D$1504,'Relevés compteurs'!$B$5:$B$1504,$A5)) | X5: =IF(OR($A5="",I5=""),"",(TODAY()-I5)/365.25) | Y5: =IF($A5="","",SUMIFS('Ordres de travail'!$AA$5:$AA$3004,'Ordres de travail'!$D$5:$D$3004,$A5)) | Z5: =IF($A5="","",SUM(COUNTIFS('Ordres de travail'!$D$5:$D$3004,$A5,'Ordres de travail'!$AC$5:$AC$3004,{"Demandé","Planifié","En cours","En attente pièces"}))) | AA5: =IF(OR($A5="",M5=""),"",IF(M5<TODAY(),"Expirée",IF(M5-TODAY()<='Paramètres'!$AA$15,"Expire bientôt","Sous garantie"))) | AB5: =IF($A5="",-1,N(R5)+ROW()/1000000)
A6: EQ-USI-002 | B6: Centre d'usinage vertical | C6: CNC | D6: Usinage | E6: Îlot fraisage | F6: Haas | G6: VF-4SS | H6: HAA-1646862 | I6: 42541 | J6: 128000 | K6: A | L6: En service | M6: 43271 | N6: SAV Machines-Outils Atlantique | O6: 3800 | P6: =IF($A6="","",COUNTIFS('Ordres de travail'!$D$5:$D$3004,$A6,'Ordres de travail'!$H$5:$H$3004,"Correctif",'Ordres de travail'!$AC$5:$AC$3004,"<>Annulé",'Ordres de travail'!$B$5:$B$3004,">="&'Paramètres'!$AA$6,'Ordres de travail'!$B$5:$B$3004,"<"&('Paramètres'!$AA$7+1))) | Q6: =IF($A6="","",SUMIFS('Ordres de travail'!$S$5:$S$3004,'Ordres de travail'!$D$5:$D$3004,$A6,'Ordres de travail'!$H$5:$H$3004,"Correctif",'Ordres de travail'!$AC$5:$AC$3004,"<>Annulé",'Ordres de travail'!$B$5:$B$3004,">="&'Paramètres'!$AA$6,'Ordres de travail'!$B$5:$B$3004,"<"&('Paramètres'!$AA$7+1))) | R6: =IF($A6="","",SUMIFS('Ordres de travail'!$S$5:$S$3004,'Ordres de travail'!$D$5:$D$3004,$A6,'Ordres de travail'!$AC$5:$AC$3004,"<>Annulé",'Ordres de travail'!$B$5:$B$3004,">="&'Paramètres'!$AA$6,'Ordres de travail'!$B$5:$B$3004,"<"&('Paramètres'!$AA$7+1))) | S6: =IF($A6="","",SUMIFS('Ordres de travail'!$AA$5:$AA$3004,'Ordres de travail'!$D$5:$D$3004,$A6,'Ordres de travail'!$B$5:$B$3004,">="&'Paramètres'!$AA$6,'Ordres de travail'!$B$5:$B$3004,"<"&('Paramètres'!$AA$7+1))) | T6: =IF($A6="","",IF(P6=0,"-",(O6*'Paramètres'!$AA$8-Q6)/P6)) | U6: =IF($A6="","",IF(P6=0,"-",Q6/P6)) | V6: =IF($A6="","",IF(N(O6)*'Paramètres'!$AA$8=0,"-",MAX(0,1-R6/(O6*'Paramètres'!$AA$8)))) | W6: =IF($A6="","",_xlfn.MAXIFS('Relevés compteurs'!$D$5:$D$1504,'Relevés compteurs'!$B$5:$B$1504,$A6)) | X6: =IF(OR($A6="",I6=""),"",(TODAY()-I6)/365.25) | Y6: =IF($A6="","",SUMIFS('Ordres de travail'!$AA$5:$AA$3004,'Ordres de travail'!$D$5:$D$3004,$A6)) | Z6: =IF($A6="","",SUM(COUNTIFS('Ordres de travail'!$D$5:$D$3004,$A6,'Ordres de travail'!$AC$5:$AC$3004,{"Demandé","Planifié","En cours","En attente pièces"}))) | AA6: =IF(OR($A6="",M6=""),"",IF(M6<TODAY(),"Expirée",IF(M6-TODAY()<='Paramètres'!$AA$15,"Expire bientôt","Sous garantie"))) | AB6: =IF($A6="",-1,N(R6)+ROW()/1000000)
A7: EQ-USI-003 | B7: Centre d'usinage vertical | C7: CNC | D7: Usinage | E7: Îlot fraisage | F7: Haas | G7: VF-2 | H7: HAA-1215419 | I7: 40946 | J7: 85000 | K7: B | L7: En service | M7: 41677 | N7: SAV Machines-Outils Atlantique | O7: 3500 | P7: =IF($A7="","",COUNTIFS('Ordres de travail'!$D$5:$D$3004,$A7,'Ordres de travail'!$H$5:$H$3004,"Correctif",'Ordres de travail'!$AC$5:$AC$3004,"<>Annulé",'Ordres de travail'!$B$5:$B$3004,">="&'Paramètres'!$AA$6,'Ordres de travail'!$B$5:$B$3004,"<"&('Paramètres'!$AA$7+1))) | Q7: =IF($A7="","",SUMIFS('Ordres de travail'!$S$5:$S$3004,'Ordres de travail'!$D$5:$D$3004,$A7,'Ordres de travail'!$H$5:$H$3004,"Correctif",'Ordres de travail'!$AC$5:$AC$3004,"<>Annulé",'Ordres de travail'!$B$5:$B$3004,">="&'Paramètres'!$AA$6,'Ordres de travail'!$B$5:$B$3004,"<"&('Paramètres'!$AA$7+1))) | R7: =IF($A7="","",SUMIFS('Ordres de travail'!$S$5:$S$3004,'Ordres de travail'!$D$5:$D$3004,$A7,'Ordres de travail'!$AC$5:$AC$3004,"<>Annulé",'Ordres de travail'!$B$5:$B$3004,">="&'Paramètres'!$AA$6,'Ordres de travail'!$B$5:$B$3004,"<"&('Paramètres'!$AA$7+1))) | S7: =IF($A7="","",SUMIFS('Ordres de travail'!$AA$5:$AA$3004,'Ordres de travail'!$D$5:$D$3004,$A7,'Ordres de travail'!$B$5:$B$3004,">="&'Paramètres'!$AA$6,'Ordres de travail'!$B$5:$B$3004,"<"&('Paramètres'!$AA$7+1))) | T7: =IF($A7="","",IF(P7=0,"-",(O7*'Paramètres'!$AA$8-Q7)/P7)) | U7: =IF($A7="","",IF(P7=0,"-",Q7/P7)) | V7: =IF($A7="","",IF(N(O7)*'Paramètres'!$AA$8=0,"-",MAX(0,1-R7/(O7*'Paramètres'!$AA$8)))) | W7: =IF($A7="","",_xlfn.MAXIFS('Relevés compteurs'!$D$5:$D$1504,'Relevés compteurs'!$B$5:$B$1504,$A7)) | X7: =IF(OR($A7="",I7=""),"",(TODAY()-I7)/365.25) | Y7: =IF($A7="","",SUMIFS('Ordres de travail'!$AA$5:$AA$3004,'Ordres de travail'!$D$5:$D$3004,$A7)) | Z7: =IF($A7="","",SUM(COUNTIFS('Ordres de travail'!$D$5:$D$3004,$A7,'Ordres de travail'!$AC$5:$AC$3004,{"Demandé","Planifié","En cours","En attente pièces"}))) | AA7: =IF(OR($A7="",M7=""),"",IF(M7<TODAY(),"Expirée",IF(M7-TODAY()<='Paramètres'!$AA$15,"Expire bientôt","Sous garantie"))) | AB7: =IF($A7="",-1,N(R7)+ROW()/1000000)
A8: EQ-USI-004 | B8: Tour CN 2 axes | C8: CNC | D8: Usinage | E8: Îlot tournage | F8: Mazak | G8: QT-250 | H8: MAZ-1462859 | I8: 41897 | J8: 145000 | K8: A | L8: En service | M8: 42628 | N8: SAV Machines-Outils Atlantique | O8: 3800 | P8: =IF($A8="","",COUNTIFS('Ordres de travail'!$D$5:$D$3004,$A8,'Ordres de travail'!$H$5:$H$3004,"Correctif",'Ordres de travail'!$AC$5:$AC$3004,"<>Annulé",'Ordres de travail'!$B$5:$B$3004,">="&'Paramètres'!$AA$6,'Ordres de travail'!$B$5:$B$3004,"<"&('Paramètres'!$AA$7+1))) | Q8: =IF($A8="","",SUMIFS('Ordres de travail'!$S$5:$S$3004,'Ordres de travail'!$D$5:$D$3004,$A8,'Ordres de travail'!$H$5:$H$3004,"Correctif",'Ordres de travail'!$AC$5:$AC$3004,"<>Annulé",'Ordres de travail'!$B$5:$B$3004,">="&'Paramètres'!$AA$6,'Ordres de travail'!$B$5:$B$3004,"<"&('Paramètres'!$AA$7+1))) | R8: =IF($A8="","",SUMIFS('Ordres de travail'!$S$5:$S$3004,'Ordres de travail'!$D$5:$D$3004,$A8,'Ordres de travail'!$AC$5:$AC$3004,"<>Annulé",'Ordres de travail'!$B$5:$B$3004,">="&'Paramètres'!$AA$6,'Ordres de travail'!$B$5:$B$3004,"<"&('Paramètres'!$AA$7+1))) | S8: =IF($A8="","",SUMIFS('Ordres de travail'!$AA$5:$AA$3004,'Ordres de travail'!$D$5:$D$3004,$A8,'Ordres de travail'!$B$5:$B$3004,">="&'Paramètres'!$AA$6,'Ordres de travail'!$B$5:$B$3004,"<"&('Paramètres'!$AA$7+1))) | T8: =IF($A8="","",IF(P8=0,"-",(O8*'Paramètres'!$AA$8-Q8)/P8)) | U8: =IF($A8="","",IF(P8=0,"-",Q8/P8)) | V8: =IF($A8="","",IF(N(O8)*'Paramètres'!$AA$8=0,"-",MAX(0,1-R8/(O8*'Paramètres'!$AA$8)))) | W8: =IF($A8="","",_xlfn.MAXIFS('Relevés compteurs'!$D$5:$D$1504,'Relevés compteurs'!$B$5:$B$1504,$A8)) | X8: =IF(OR($A8="",I8=""),"",(TODAY()-I8)/365.25) | Y8: =IF($A8="","",SUMIFS('Ordres de travail'!$AA$5:$AA$3004,'Ordres de travail'!$D$5:$D$3004,$A8)) | Z8: =IF($A8="","",SUM(COUNTIFS('Ordres de travail'!$D$5:$D$3004,$A8,'Ordres de travail'!$AC$5:$AC$3004,{"Demandé","Planifié","En cours","En attente pièces"}))) | AA8: =IF(OR($A8="",M8=""),"",IF(M8<TODAY(),"Expirée",IF(M8-TODAY()<='Paramètres'!$AA$15,"Expire bientôt","Sous garantie"))) | AB8: =IF($A8="",-1,N(R8)+ROW()/1000000)
A9: EQ-USI-005 | B9: Tour CN bi-broche | C9: CNC | D9: Usinage | E9: Îlot tournage | F9: Okuma | G9: LB3000 EX II | H9: OKU-2076074 | I9: 43857 | J9: 240000 | K9: A | L9: En service | M9: 44588 | N9: SAV Machines-Outils Atlantique | O9: 3800 | P9: =IF($A9="","",COUNTIFS('Ordres de travail'!$D$5:$D$3004,$A9,'Ordres de travail'!$H$5:$H$3004,"Correctif",'Ordres de travail'!$AC$5:$AC$3004,"<>Annulé",'Ordres de travail'!$B$5:$B$3004,">="&'Paramètres'!$AA$6,'Ordres de travail'!$B$5:$B$3004,"<"&('Paramètres'!$AA$7+1))) | Q9: =IF($A9="","",SUMIFS('Ordres de travail'!$S$5:$S$3004,'Ordres de travail'!$D$5:$D$3004,$A9,'Ordres de travail'!$H$5:$H$3004,"Correctif",'Ordres de travail'!$AC$5:$AC$3004,"<>Annulé",'Ordres de travail'!$B$5:$B$3004,">="&'Paramètres'!$AA$6,'Ordres de travail'!$B$5:$B$3004,"<"&('Paramètres'!$AA$7+1))) | R9: =IF($A9="","",SUMIFS('Ordres de travail'!$S$5:$S$3004,'Ordres de travail'!$D$5:$D$3004,$A9,'Ordres de travail'!$AC$5:$AC$3004,"<>Annulé",'Ordres de travail'!$B$5:$B$3004,">="&'Paramètres'!$AA$6,'Ordres de travail'!$B$5:$B$3004,"<"&('Paramètres'!$AA$7+1))) | S9: =IF($A9="","",SUMIFS('Ordres de travail'!$AA$5:$AA$3004,'Ordres de travail'!$D$5:$D$3004,$A9,'Ordres de travail'!$B$5:$B$3004,">="&'Paramètres'!$AA$6,'Ordres de travail'!$B$5:$B$3004,"<"&('Paramètres'!$AA$7+1))) | T9: =IF($A9="","",IF(P9=0,"-",(O9*'Paramètres'!$AA$8-Q9)/P9)) | U9: =IF($A9="","",IF(P9=0,"-",Q9/P9)) | V9: =IF($A9="","",IF(N(O9)*'Paramètres'!$AA$8=0,"-",MAX(0,1-R9/(O9*'Paramètres'!$AA$8)))) | W9: =IF($A9="","",_xlfn.MAXIFS('Relevés compteurs'!$D$5:$D$1504,'Relevés compteurs'!$B$5:$B$1504,$A9)) | X9: =IF(OR($A9="",I9=""),"",(TODAY()-I9)/365.25) | Y9: =IF($A9="","",SUMIFS('Ordres de travail'!$AA$5:$AA$3004,'Ordres de travail'!$D$5:$D$3004,$A9)) | Z9: =IF($A9="","",SUM(COUNTIFS('Ordres de travail'!$D$5:$D$3004,$A9,'Ordres de travail'!$AC$5:$AC$3004,{"Demandé","Planifié","En cours","En attente pièces"}))) | AA9: =IF(OR($A9="",M9=""),"",IF(M9<TODAY(),"Expirée",IF(M9-TODAY()<='Paramètres'!$AA$15,"Expire bientôt","Sous garantie"))) | AB9: =IF($A9="",-1,N(R9)+ROW()/1000000)
A10: EQ-USI-006 | B10: Tour CN | C10: CNC | D10: Usinage | E10: Îlot tournage | F10: DMG MORI | G10: CTX 450 | H10: DMG-0859728 | I10: 39541 | J10: 110000 | K10: B | L10: En service | M10: 40271 | N10: SAV Machines-Outils Atlantique | O10: 3500 | P10: =IF($A10="","",COUNTIFS('Ordres de travail'!$D$5:$D$3004,$A10,'Ordres de travail'!$H$5:$H$3004,"Correctif",'Ordres de travail'!$AC$5:$AC$3004,"<>Annulé",'Ordres de travail'!$B$5:$B$3004,">="&'Paramètres'!$AA$6,'Ordres de travail'!$B$5:$B$3004,"<"&('Paramètres'!$AA$7+1))) | Q10: =IF($A10="","",SUMIFS('Ordres de travail'!$S$5:$S$3004,'Ordres de travail'!$D$5:$D$3004,$A10,'Ordres de travail'!$H$5:$H$3004,"Correctif",'Ordres de travail'!$AC$5:$AC$3004,"<>Annulé",'Ordres de travail'!$B$5:$B$3004,">="&'Paramètres'!$AA$6,'Ordres de travail'!$B$5:$B$3004,"<"&('Paramètres'!$AA$7+1))) | R10: =IF($A10="","",SUMIFS('Ordres de travail'!$S$5:$S$3004,'Ordres de travail'!$D$5:$D$3004,$A10,'Ordres de travail'!$AC$5:$AC$3004,"<>Annulé",'Ordres de travail'!$B$5:$B$3004,">="&'Paramètres'!$AA$6,'Ordres de travail'!$B$5:$B$3004,"<"&('Paramètres'!$AA$7+1))) | S10: =IF($A10="","",SUMIFS('Ordres de travail'!$AA$5:$AA$3004,'Ordres de travail'!$D$5:$D$3004,$A10,'Ordres de travail'!$B$5:$B$3004,">="&'Paramètres'!$AA$6,'Ordres de travail'!$B$5:$B$3004,"<"&('Paramètres'!$AA$7+1))) | T10: =IF($A10="","",IF(P10=0,"-",(O10*'Paramètres'!$AA$8-Q10)/P10)) | U10: =IF($A10="","",IF(P10=0,"-",Q10/P10)) | V10: =IF($A10="","",IF(N(O10)*'Paramètres'!$AA$8=0,"-",MAX(0,1-R10/(O10*'Paramètres'!$AA$8)))) | W10: =IF($A10="","",_xlfn.MAXIFS('Relevés compteurs'!$D$5:$D$1504,'Relevés compteurs'!$B$5:$B$1504,$A10)) | X10: =IF(OR($A10="",I10=""),"",(TODAY()-I10)/365.25) | Y10: =IF($A10="","",SUMIFS('Ordres de travail'!$AA$5:$AA$3004,'Ordres de travail'!$D$5:$D$3004,$A10)) | Z10: =IF($A10="","",SUM(COUNTIFS('Ordres de travail'!$D$5:$D$3004,$A10,'Ordres de travail'!$AC$5:$AC$3004,{"Demandé","Planifié","En cours","En attente pièces"}))) | AA10: =IF(OR($A10="",M10=""),"",IF(M10<TODAY(),"Expirée",IF(M10-TODAY()<='Paramètres'!$AA$15,"Expire bientôt","Sous garantie"))) | AB10: =IF($A10="",-1,N(R10)+ROW()/1000000)
A11: EQ-USI-007 | B11: Rectifieuse plane | C11: CNC | D11: Usinage | E11: Finition | F11: Jung | G11: J600 | H11: JUN-0365230 | I11: 37895 | J11: 65000 | K11: C | L11: En service | M11: 38626 | N11: SAV Machines-Outils Atlantique | O11: 1500 | P11: =IF($A11="","",COUNTIFS('Ordres de travail'!$D$5:$D$3004,$A11,'Ordres de travail'!$H$5:$H$3004,"Correctif",'Ordres de travail'!$AC$5:$AC$3004,"<>Annulé",'Ordres de travail'!$B$5:$B$3004,">="&'Paramètres'!$AA$6,'Ordres de travail'!$B$5:$B$3004,"<"&('Paramètres'!$AA$7+1))) | Q11: =IF($A11="","",SUMIFS('Ordres de travail'!$S$5:$S$3004,'Ordres de travail'!$D$5:$D$3004,$A11,'Ordres de travail'!$H$5:$H$3004,"Correctif",'Ordres de travail'!$AC$5:$AC$3004,"<>Annulé",'Ordres de travail'!$B$5:$B$3004,">="&'Paramètres'!$AA$6,'Ordres de travail'!$B$5:$B$3004,"<"&('Paramètres'!$AA$7+1))) | R11: =IF($A11="","",SUMIFS('Ordres de travail'!$S$5:$S$3004,'Ordres de travail'!$D$5:$D$3004,$A11,'Ordres de travail'!$AC$5:$AC$3004,"<>Annulé",'Ordres de travail'!$B$5:$B$3004,">="&'Paramètres'!$AA$6,'Ordres de travail'!$B$5:$B$3004,"<"&('Paramètres'!$AA$7+1))) | S11: =IF($A11="","",SUMIFS('Ordres de travail'!$AA$5:$AA$3004,'Ordres de travail'!$D$5:$D$3004,$A11,'Ordres de travail'!$B$5:$B$3004,">="&'Paramètres'!$AA$6,'Ordres de travail'!$B$5:$B$3004,"<"&('Paramètres'!$AA$7+1))) | T11: =IF($A11="","",IF(P11=0,"-",(O11*'Paramètres'!$AA$8-Q11)/P11)) | U11: =IF($A11="","",IF(P11=0,"-",Q11/P11)) | V11: =IF($A11="","",IF(N(O11)*'Paramètres'!$AA$8=0,"-",MAX(0,1-R11/(O11*'Paramètres'!$AA$8)))) | W11: =IF($A11="","",_xlfn.MAXIFS('Relevés compteurs'!$D$5:$D$1504,'Relevés compteurs'!$B$5:$B$1504,$A11)) | X11: =IF(OR($A11="",I11=""),"",(TODAY()-I11)/365.25) | Y11: =IF($A11="","",SUMIFS('Ordres de travail'!$AA$5:$AA$3004,'Ordres de travail'!$D$5:$D$3004,$A11)) | Z11: =IF($A11="","",SUM(COUNTIFS('Ordres de travail'!$D$5:$D$3004,$A11,'Ordres de travail'!$AC$5:$AC$3004,{"Demandé","Planifié","En cours","En attente pièces"}))) | AA11: =IF(OR($A11="",M11=""),"",IF(M11<TODAY(),"Expirée",IF(M11-TODAY()<='Paramètres'!$AA$15,"Expire bientôt","Sous garantie"))) | AB11: =IF($A11="",-1,N(R11)+ROW()/1000000)
A12: EQ-USI-008 | B12: Fraiseuse conventionnelle | C12: CONV | D12: Usinage | E12: Outillage | F12: Huron | G12: MU6 | H12: HUR-9853521 | I12: 35927 | J12: 25000 | K12: C | L12: En service | M12: 36658 | N12: SAV Machines-Outils Atlantique | O12: 800 | P12: =IF($A12="","",COUNTIFS('Ordres de travail'!$D$5:$D$3004,$A12,'Ordres de travail'!$H$5:$H$3004,"Correctif",'Ordres de travail'!$AC$5:$AC$3004,"<>Annulé",'Ordres de travail'!$B$5:$B$3004,">="&'Paramètres'!$AA$6,'Ordres de travail'!$B$5:$B$3004,"<"&('Paramètres'!$AA$7+1))) | Q12: =IF($A12="","",SUMIFS('Ordres de travail'!$S$5:$S$3004,'Ordres de travail'!$D$5:$D$3004,$A12,'Ordres de travail'!$H$5:$H$3004,"Correctif",'Ordres de travail'!$AC$5:$AC$3004,"<>Annulé",'Ordres de travail'!$B$5:$B$3004,">="&'Paramètres'!$AA$6,'Ordres de travail'!$B$5:$B$3004,"<"&('Paramètres'!$AA$7+1))) | R12: =IF($A12="","",SUMIFS('Ordres de travail'!$S$5:$S$3004,'Ordres de travail'!$D$5:$D$3004,$A12,'Ordres de travail'!$AC$5:$AC$3004,"<>Annulé",'Ordres de travail'!$B$5:$B$3004,">="&'Paramètres'!$AA$6,'Ordres de travail'!$B$5:$B$3004,"<"&('Paramètres'!$AA$7+1))) | S12: =IF($A12="","",SUMIFS('Ordres de travail'!$AA$5:$AA$3004,'Ordres de travail'!$D$5:$D$3004,$A12,'Ordres de travail'!$B$5:$B$3004,">="&'Paramètres'!$AA$6,'Ordres de travail'!$B$5:$B$3004,"<"&('Paramètres'!$AA$7+1))) | T12: =IF($A12="","",IF(P12=0,"-",(O12*'Paramètres'!$AA$8-Q12)/P12)) | U12: =IF($A12="","",IF(P12=0,"-",Q12/P12)) | V12: =IF($A12="","",IF(N(O12)*'Paramètres'!$AA$8=0,"-",MAX(0,1-R12/(O12*'Paramètres'!$AA$8)))) | W12: =IF($A12="","",_xlfn.MAXIFS('Relevés compteurs'!$D$5:$D$1504,'Relevés compteurs'!$B$5:$B$1504,$A12)) | X12: =IF(OR($A12="",I12=""),"",(TODAY()-I12)/365.25) | Y12: =IF($A12="","",SUMIFS('Ordres de travail'!$AA$5:$AA$3004,'Ordres de travail'!$D$5:$D$3004,$A12)) | Z12: =IF($A12="","",SUM(COUNTIFS('Ordres de travail'!$D$5:$D$3004,$A12,'Ordres de travail'!$AC$5:$AC$3004,{"Demandé","Planifié","En cours","En attente pièces"}))) | AA12: =IF(OR($A12="",M12=""),"",IF(M12<TODAY(),"Expirée",IF(M12-TODAY()<='Paramètres'!$AA$15,"Expire bientôt","Sous garantie"))) | AB12: =IF($A12="",-1,N(R12)+ROW()/1000000)
A13: EQ-USI-009 | B13: Scie à ruban automatique | C13: SCIE | D13: Usinage | E13: Débit | F13: Kasto | G13: SBA 260 | H13: KAS-1127507 | I13: 40868 | J13: 32000 | K13: B | L13: En service | M13: 41599 | N13: SAV Machines-Outils Atlantique | O13: 3000 | P13: =IF($A13="","",COUNTIFS('Ordres de travail'!$D$5:$D$3004,$A13,'Ordres de travail'!$H$5:$H$3004,"Correctif",'Ordres de travail'!$AC$5:$AC$3004,"<>Annulé",'Ordres de travail'!$B$5:$B$3004,">="&'Paramètres'!$AA$6,'Ordres de travail'!$B$5:$B$3004,"<"&('Paramètres'!$AA$7+1))) | Q13: =IF($A13="","",SUMIFS('Ordres de travail'!$S$5:$S$3004,'Ordres de travail'!$D$5:$D$3004,$A13,'Ordres de travail'!$H$5:$H$3004,"Correctif",'Ordres de travail'!$AC$5:$AC$3004,"<>Annulé",'Ordres de travail'!$B$5:$B$3004,">="&'Paramètres'!$AA$6,'Ordres de travail'!$B$5:$B$3004,"<"&('Paramètres'!$AA$7+1))) | R13: =IF($A13="","",SUMIFS('Ordres de travail'!$S$5:$S$3004,'Ordres de travail'!$D$5:$D$3004,$A13,'Ordres de travail'!$AC$5:$AC$3004,"<>Annulé",'Ordres de travail'!$B$5:$B$3004,">="&'Paramètres'!$AA$6,'Ordres de travail'!$B$5:$B$3004,"<"&('Paramètres'!$AA$7+1))) | S13: =IF($A13="","",SUMIFS('Ordres de travail'!$AA$5:$AA$3004,'Ordres de travail'!$D$5:$D$3004,$A13,'Ordres de travail'!$B$5:$B$3004,">="&'Paramètres'!$AA$6,'Ordres de travail'!$B$5:$B$3004,"<"&('Paramètres'!$AA$7+1))) | T13: =IF($A13="","",IF(P13=0,"-",(O13*'Paramètres'!$AA$8-Q13)/P13)) | U13: =IF($A13="","",IF(P13=0,"-",Q13/P13)) | V13: =IF($A13="","",IF(N(O13)*'Paramètres'!$AA$8=0,"-",MAX(0,1-R13/(O13*'Paramètres'!$AA$8)))) | W13: =IF($A13="","",_xlfn.MAXIFS('Relevés compteurs'!$D$5:$D$1504,'Relevés compteurs'!$B$5:$B$1504,$A13)) | X13: =IF(OR($A13="",I13=""),"",(TODAY()-I13)/365.25) | Y13: =IF($A13="","",SUMIFS('Ordres de travail'!$AA$5:$AA$3004,'Ordres de travail'!$D$5:$D$3004,$A13)) | Z13: =IF($A13="","",SUM(COUNTIFS('Ordres de travail'!$D$5:$D$3004,$A13,'Ordres de travail'!$AC$5:$AC$3004,{"Demandé","Planifié","En cours","En attente pièces"}))) | AA13: =IF(OR($A13="",M13=""),"",IF(M13<TODAY(),"Expirée",IF(M13-TODAY()<='Paramètres'!$AA$15,"Expire bientôt","Sous garantie"))) | AB13: =IF($A13="",-1,N(R13)+ROW()/1000000)
A14: EQ-USI-010 | B14: Machine à mesurer tridimensionnelle | C14: MESURE | D14: Usinage | E14: Salle de métrologie | F14: Zeiss | G14: Contura | H14: ZEI-1836063 | I14: 43283 | J14: 95000 | K14: B | L14: En service | M14: 44014 | N14: Métrologie Contrôle Services | O14: 2500 | P14: =IF($A14="","",COUNTIFS('Ordres de travail'!$D$5:$D$3004,$A14,'Ordres de travail'!$H$5:$H$3004,"Correctif",'Ordres de travail'!$AC$5:$AC$3004,"<>Annulé",'Ordres de travail'!$B$5:$B$3004,">="&'Paramètres'!$AA$6,'Ordres de travail'!$B$5:$B$3004,"<"&('Paramètres'!$AA$7+1))) | Q14: =IF($A14="","",SUMIFS('Ordres de travail'!$S$5:$S$3004,'Ordres de travail'!$D$5:$D$3004,$A14,'Ordres de travail'!$H$5:$H$3004,"Correctif",'Ordres de travail'!$AC$5:$AC$3004,"<>Annulé",'Ordres de travail'!$B$5:$B$3004,">="&'Paramètres'!$AA$6,'Ordres de travail'!$B$5:$B$3004,"<"&('Paramètres'!$AA$7+1))) | R14: =IF($A14="","",SUMIFS('Ordres de travail'!$S$5:$S$3004,'Ordres de travail'!$D$5:$D$3004,$A14,'Ordres de travail'!$AC$5:$AC$3004,"<>Annulé",'Ordres de travail'!$B$5:$B$3004,">="&'Paramètres'!$AA$6,'Ordres de travail'!$B$5:$B$3004,"<"&('Paramètres'!$AA$7+1))) | S14: =IF($A14="","",SUMIFS('Ordres de travail'!$AA$5:$AA$3004,'Ordres de travail'!$D$5:$D$3004,$A14,'Ordres de travail'!$B$5:$B$3004,">="&'Paramètres'!$AA$6,'Ordres de travail'!$B$5:$B$3004,"<"&('Paramètres'!$AA$7+1))) | T14: =IF($A14="","",IF(P14=0,"-",(O14*'Paramètres'!$AA$8-Q14)/P14)) | U14: =IF($A14="","",IF(P14=0,"-",Q14/P14)) | V14: =IF($A14="","",IF(N(O14)*'Paramètres'!$AA$8=0,"-",MAX(0,1-R14/(O14*'Paramètres'!$AA$8)))) | W14: =IF($A14="","",_xlfn.MAXIFS('Relevés compteurs'!$D$5:$D$1504,'Relevés compteurs'!$B$5:$B$1504,$A14)) | X14: =IF(OR($A14="",I14=""),"",(TODAY()-I14)/365.25) | Y14: =IF($A14="","",SUMIFS('Ordres de travail'!$AA$5:$AA$3004,'Ordres de travail'!$D$5:$D$3004,$A14)) | Z14: =IF($A14="","",SUM(COUNTIFS('Ordres de travail'!$D$5:$D$3004,$A14,'Ordres de travail'!$AC$5:$AC$3004,{"Demandé","Planifié","En cours","En attente pièces"}))) | AA14: =IF(OR($A14="",M14=""),"",IF(M14<TODAY(),"Expirée",IF(M14-TODAY()<='Paramètres'!$AA$15,"Expire bientôt","Sous garantie"))) | AB14: =IF($A14="",-1,N(R14)+ROW()/1000000)
A15: EQ-USI-011 | B15: Perceuse taraudeuse à colonne | C15: CONV | D15: Usinage | E15: Outillage | F15: Alzmetall | G15: AX 4 | H15: ALZ-0629863 | I15: 38806 | J15: 12000 | K15: C | L15: En service | M15: 39537 | N15: SAV Machines-Outils Atlantique | O15: 1200 | P15: =IF($A15="","",COUNTIFS('Ordres de travail'!$D$5:$D$3004,$A15,'Ordres de travail'!$H$5:$H$3004,"Correctif",'Ordres de travail'!$AC$5:$AC$3004,"<>Annulé",'Ordres de travail'!$B$5:$B$3004,">="&'Paramètres'!$AA$6,'Ordres de travail'!$B$5:$B$3004,"<"&('Paramètres'!$AA$7+1))) | Q15: =IF($A15="","",SUMIFS('Ordres de travail'!$S$5:$S$3004,'Ordres de travail'!$D$5:$D$3004,$A15,'Ordres de travail'!$H$5:$H$3004,"Correctif",'Ordres de travail'!$AC$5:$AC$3004,"<>Annulé",'Ordres de travail'!$B$5:$B$3004,">="&'Paramètres'!$AA$6,'Ordres de travail'!$B$5:$B$3004,"<"&('Paramètres'!$AA$7+1))) | R15: =IF($A15="","",SUMIFS('Ordres de travail'!$S$5:$S$3004,'Ordres de travail'!$D$5:$D$3004,$A15,'Ordres de travail'!$AC$5:$AC$3004,"<>Annulé",'Ordres de travail'!$B$5:$B$3004,">="&'Paramètres'!$AA$6,'Ordres de travail'!$B$5:$B$3004,"<"&('Paramètres'!$AA$7+1))) | S15: =IF($A15="","",SUMIFS('Ordres de travail'!$AA$5:$AA$3004,'Ordres de travail'!$D$5:$D$3004,$A15,'Ordres de travail'!$B$5:$B$3004,">="&'Paramètres'!$AA$6,'Ordres de travail'!$B$5:$B$3004,"<"&('Paramètres'!$AA$7+1))) | T15: =IF($A15="","",IF(P15=0,"-",(O15*'Paramètres'!$AA$8-Q15)/P15)) | U15: =IF($A15="","",IF(P15=0,"-",Q15/P15)) | V15: =IF($A15="","",IF(N(O15)*'Paramètres'!$AA$8=0,"-",MAX(0,1-R15/(O15*'Paramètres'!$AA$8)))) | W15: =IF($A15="","",_xlfn.MAXIFS('Relevés compteurs'!$D$5:$D$1504,'Relevés compteurs'!$B$5:$B$1504,$A15)) | X15: =IF(OR($A15="",I15=""),"",(TODAY()-I15)/365.25) | Y15: =IF($A15="","",SUMIFS('Ordres de travail'!$AA$5:$AA$3004,'Ordres de travail'!$D$5:$D$3004,$A15)) | Z15: =IF($A15="","",SUM(COUNTIFS('Ordres de travail'!$D$5:$D$3004,$A15,'Ordres de travail'!$AC$5:$AC$3004,{"Demandé","Planifié","En cours","En attente pièces"}))) | AA15: =IF(OR($A15="",M15=""),"",IF(M15<TODAY(),"Expirée",IF(M15-TODAY()<='Paramètres'!$AA$15,"Expire bientôt","Sous garantie"))) | AB15: =IF($A15="",-1,N(R15)+ROW()/1000000)
A16: EQ-USI-012 | B16: Robot collaboratif de chargement | C16: ROBOT | D16: Usinage | E16: Cellule 5 axes | F16: Universal Robots | G16: UR10e | H16: UNI-2549254 | I16: 45824 | J16: 65000 | K16: B | L16: En service | M16: 46554 | N16: AutomaSys Ingénierie | O16: 3800 | P16: =IF($A16="","",COUNTIFS('Ordres de travail'!$D$5:$D$3004,$A16,'Ordres de travail'!$H$5:$H$3004,"Correctif",'Ordres de travail'!$AC$5:$AC$3004,"<>Annulé",'Ordres de travail'!$B$5:$B$3004,">="&'Paramètres'!$AA$6,'Ordres de travail'!$B$5:$B$3004,"<"&('Paramètres'!$AA$7+1))) | Q16: =IF($A16="","",SUMIFS('Ordres de travail'!$S$5:$S$3004,'Ordres de travail'!$D$5:$D$3004,$A16,'Ordres de travail'!$H$5:$H$3004,"Correctif",'Ordres de travail'!$AC$5:$AC$3004,"<>Annulé",'Ordres de travail'!$B$5:$B$3004,">="&'Paramètres'!$AA$6,'Ordres de travail'!$B$5:$B$3004,"<"&('Paramètres'!$AA$7+1))) | R16: =IF($A16="","",SUMIFS('Ordres de travail'!$S$5:$S$3004,'Ordres de travail'!$D$5:$D$3004,$A16,'Ordres de travail'!$AC$5:$AC$3004,"<>Annulé",'Ordres de travail'!$B$5:$B$3004,">="&'Paramètres'!$AA$6,'Ordres de travail'!$B$5:$B$3004,"<"&('Paramètres'!$AA$7+1))) | S16: =IF($A16="","",SUMIFS('Ordres de travail'!$AA$5:$AA$3004,'Ordres de travail'!$D$5:$D$3004,$A16,'Ordres de travail'!$B$5:$B$3004,">="&'Paramètres'!$AA$6,'Ordres de travail'!$B$5:$B$3004,"<"&('Paramètres'!$AA$7+1))) | T16: =IF($A16="","",IF(P16=0,"-",(O16*'Paramètres'!$AA$8-Q16)/P16)) | U16: =IF($A16="","",IF(P16=0,"-",Q16/P16)) | V16: =IF($A16="","",IF(N(O16)*'Paramètres'!$AA$8=0,"-",MAX(0,1-R16/(O16*'Paramètres'!$AA$8)))) | W16: =IF($A16="","",_xlfn.MAXIFS('Relevés compteurs'!$D$5:$D$1504,'Relevés compteurs'!$B$5:$B$1504,$A16)) | X16: =IF(OR($A16="",I16=""),"",(TODAY()-I16)/365.25) | Y16: =IF($A16="","",SUMIFS('Ordres de travail'!$AA$5:$AA$3004,'Ordres de travail'!$D$5:$D$3004,$A16)) | Z16: =IF($A16="","",SUM(COUNTIFS('Ordres de travail'!$D$5:$D$3004,$A16,'Ordres de travail'!$AC$5:$AC$3004,{"Demandé","Planifié","En cours","En attente pièces"}))) | AA16: =IF(OR($A16="",M16=""),"",IF(M16<TODAY(),"Expirée",IF(M16-TODAY()<='Paramètres'!$AA$15,"Expire bientôt","Sous garantie"))) | AB16: =IF($A16="",-1,N(R16)+ROW()/1000000)
... A65: EQ-BAT-006 | B65: Éclairage LED ateliers | C65: ELEC | D65: Bâtiment | E65: Ateliers | F65: Philips | G65: Maxos LED | H65: PHI-2254373 | I65: 44774 | J65: 45000 | K65: C | L65: En service | M65: 45505 | N65: ÉlecDistrib Pro | O65: 4000 | P65: =IF($A65="","",COUNTIFS('Ordres de travail'!$D$5:$D$3004,$A65,'Ordres de travail'!$H$5:$H$3004,"Correctif",'Ordres de travail'!$AC$5:$AC$3004,"<>Annulé",'Ordres de travail'!$B$5:$B$3004,">="&'Paramètres'!$AA$6,'Ordres de travail'!$B$5:$B$3004,"<"&('Paramètres'!$AA$7+1))) | Q65: =IF($A65="","",SUMIFS('Ordres de travail'!$S$5:$S$3004,'Ordres de travail'!$D$5:$D$3004,$A65,'Ordres de travail'!$H$5:$H$3004,"Correctif",'Ordres de travail'!$AC$5:$AC$3004,"<>Annulé",'Ordres de travail'!$B$5:$B$3004,">="&'Paramètres'!$AA$6,'Ordres de travail'!$B$5:$B$3004,"<"&('Paramètres'!$AA$7+1))) | R65: =IF($A65="","",SUMIFS('Ordres de travail'!$S$5:$S$3004,'Ordres de travail'!$D$5:$D$3004,$A65,'Ordres de travail'!$AC$5:$AC$3004,"<>Annulé",'Ordres de travail'!$B$5:$B$3004,">="&'Paramètres'!$AA$6,'Ordres de travail'!$B$5:$B$3004,"<"&('Paramètres'!$AA$7+1))) | S65: =IF($A65="","",SUMIFS('Ordres de travail'!$AA$5:$AA$3004,'Ordres de travail'!$D$5:$D$3004,$A65,'Ordres de travail'!$B$5:$B$3004,">="&'Paramètres'!$AA$6,'Ordres de travail'!$B$5:$B$3004,"<"&('Paramètres'!$AA$7+1))) | T65: =IF($A65="","",IF(P65=0,"-",(O65*'Paramètres'!$AA$8-Q65)/P65)) | U65: =IF($A65="","",IF(P65=0,"-",Q65/P65)) | V65: =IF($A65="","",IF(N(O65)*'Paramètres'!$AA$8=0,"-",MAX(0,1-R65/(O65*'Paramètres'!$AA$8)))) | W65: =IF($A65="","",_xlfn.MAXIFS('Relevés compteurs'!$D$5:$D$1504,'Relevés compteurs'!$B$5:$B$1504,$A65)) | X65: =IF(OR($A65="",I65=""),"",(TODAY()-I65)/365.25) | Y65: =IF($A65="","",SUMIFS('Ordres de travail'!$AA$5:$AA$3004,'Ordres de travail'!$D$5:$D$3004,$A65)) | Z65: =IF($A65="","",SUM(COUNTIFS('Ordres de travail'!$D$5:$D$3004,$A65,'Ordres de travail'!$AC$5:$AC$3004,{"Demandé","Planifié","En cours","En attente pièces"}))) | AA65: =IF(OR($A65="",M65=""),"",IF(M65<TODAY(),"Expirée",IF(M65-TODAY()<='Paramètres'!$AA$15,"Expire bientôt","Sous garantie"))) | AB65: =IF($A65="",-1,N(R65)+ROW()/1000000)
P66: =IF($A66="","",COUNTIFS('Ordres de travail'!$D$5:$D$3004,$A66,'Ordres de travail'!$H$5:$H$3004,"Correctif",'Ordres de travail'!$AC$5:$AC$3004,"<>Annulé",'Ordres de travail'!$B$5:$B$3004,">="&'Paramètres'!$AA$6,'Ordres de travail'!$B$5:$B$3004,"<"&('Paramètres'!$AA$7+1))) | Q66: =IF($A66="","",SUMIFS('Ordres de travail'!$S$5:$S$3004,'Ordres de travail'!$D$5:$D$3004,$A66,'Ordres de travail'!$H$5:$H$3004,"Correctif",'Ordres de travail'!$AC$5:$AC$3004,"<>Annulé",'Ordres de travail'!$B$5:$B$3004,">="&'Paramètres'!$AA$6,'Ordres de travail'!$B$5:$B$3004,"<"&('Paramètres'!$AA$7+1))) | R66: =IF($A66="","",SUMIFS('Ordres de travail'!$S$5:$S$3004,'Ordres de travail'!$D$5:$D$3004,$A66,'Ordres de travail'!$AC$5:$AC$3004,"<>Annulé",'Ordres de travail'!$B$5:$B$3004,">="&'Paramètres'!$AA$6,'Ordres de travail'!$B$5:$B$3004,"<"&('Paramètres'!$AA$7+1))) | S66: =IF($A66="","",SUMIFS('Ordres de travail'!$AA$5:$AA$3004,'Ordres de travail'!$D$5:$D$3004,$A66,'Ordres de travail'!$B$5:$B$3004,">="&'Paramètres'!$AA$6,'Ordres de travail'!$B$5:$B$3004,"<"&('Paramètres'!$AA$7+1))) | T66: =IF($A66="","",IF(P66=0,"-",(O66*'Paramètres'!$AA$8-Q66)/P66)) | U66: =IF($A66="","",IF(P66=0,"-",Q66/P66)) | V66: =IF($A66="","",IF(N(O66)*'Paramètres'!$AA$8=0,"-",MAX(0,1-R66/(O66*'Paramètres'!$AA$8)))) | W66: =IF($A66="","",_xlfn.MAXIFS('Relevés compteurs'!$D$5:$D$1504,'Relevés compteurs'!$B$5:$B$1504,$A66)) | X66: =IF(OR($A66="",I66=""),"",(TODAY()-I66)/365.25) | Y66: =IF($A66="","",SUMIFS('Ordres de travail'!$AA$5:$AA$3004,'Ordres de travail'!$D$5:$D$3004,$A66)) | Z66: =IF($A66="","",SUM(COUNTIFS('Ordres de travail'!$D$5:$D$3004,$A66,'Ordres de travail'!$AC$5:$AC$3004,{"Demandé","Planifié","En cours","En attente pièces"}))) | AA66: =IF(OR($A66="",M66=""),"",IF(M66<TODAY(),"Expirée",IF(M66-TODAY()<='Paramètres'!$AA$15,"Expire bientôt","Sous garantie"))) | AB66: =IF($A66="",-1,N(R66)+ROW()/1000000)
P67: =IF($A67="","",COUNTIFS('Ordres de travail'!$D$5:$D$3004,$A67,'Ordres de travail'!$H$5:$H$3004,"Correctif",'Ordres de travail'!$AC$5:$AC$3004,"<>Annulé",'Ordres de travail'!$B$5:$B$3004,">="&'Paramètres'!$AA$6,'Ordres de travail'!$B$5:$B$3004,"<"&('Paramètres'!$AA$7+1))) | Q67: =IF($A67="","",SUMIFS('Ordres de travail'!$S$5:$S$3004,'Ordres de travail'!$D$5:$D$3004,$A67,'Ordres de travail'!$H$5:$H$3004,"Correctif",'Ordres de travail'!$AC$5:$AC$3004,"<>Annulé",'Ordres de travail'!$B$5:$B$3004,">="&'Paramètres'!$AA$6,'Ordres de travail'!$B$5:$B$3004,"<"&('Paramètres'!$AA$7+1))) | R67: =IF($A67="","",SUMIFS('Ordres de travail'!$S$5:$S$3004,'Ordres de travail'!$D$5:$D$3004,$A67,'Ordres de travail'!$AC$5:$AC$3004,"<>Annulé",'Ordres de travail'!$B$5:$B$3004,">="&'Paramètres'!$AA$6,'Ordres de travail'!$B$5:$B$3004,"<"&('Paramètres'!$AA$7+1))) | S67: =IF($A67="","",SUMIFS('Ordres de travail'!$AA$5:$AA$3004,'Ordres de travail'!$D$5:$D$3004,$A67,'Ordres de travail'!$B$5:$B$3004,">="&'Paramètres'!$AA$6,'Ordres de travail'!$B$5:$B$3004,"<"&('Paramètres'!$AA$7+1))) | T67: =IF($A67="","",IF(P67=0,"-",(O67*'Paramètres'!$AA$8-Q67)/P67)) | U67: =IF($A67="","",IF(P67=0,"-",Q67/P67)) | V67: =IF($A67="","",IF(N(O67)*'Paramètres'!$AA$8=0,"-",MAX(0,1-R67/(O67*'Paramètres'!$AA$8)))) | W67: =IF($A67="","",_xlfn.MAXIFS('Relevés compteurs'!$D$5:$D$1504,'Relevés compteurs'!$B$5:$B$1504,$A67)) | X67: =IF(OR($A67="",I67=""),"",(TODAY()-I67)/365.25) | Y67: =IF($A67="","",SUMIFS('Ordres de travail'!$AA$5:$AA$3004,'Ordres de travail'!$D$5:$D$3004,$A67)) | Z67: =IF($A67="","",SUM(COUNTIFS('Ordres de travail'!$D$5:$D$3004,$A67,'Ordres de travail'!$AC$5:$AC$3004,{"Demandé","Planifié","En cours","En attente pièces"}))) | AA67: =IF(OR($A67="",M67=""),"",IF(M67<TODAY(),"Expirée",IF(M67-TODAY()<='Paramètres'!$AA$15,"Expire bientôt","Sous garantie"))) | AB67: =IF($A67="",-1,N(R67)+ROW()/1000000)
P68: =IF($A68="","",COUNTIFS('Ordres de travail'!$D$5:$D$3004,$A68,'Ordres de travail'!$H$5:$H$3004,"Correctif",'Ordres de travail'!$AC$5:$AC$3004,"<>Annulé",'Ordres de travail'!$B$5:$B$3004,">="&'Paramètres'!$AA$6,'Ordres de travail'!$B$5:$B$3004,"<"&('Paramètres'!$AA$7+1))) | Q68: =IF($A68="","",SUMIFS('Ordres de travail'!$S$5:$S$3004,'Ordres de travail'!$D$5:$D$3004,$A68,'Ordres de travail'!$H$5:$H$3004,"Correctif",'Ordres de travail'!$AC$5:$AC$3004,"<>Annulé",'Ordres de travail'!$B$5:$B$3004,">="&'Paramètres'!$AA$6,'Ordres de travail'!$B$5:$B$3004,"<"&('Paramètres'!$AA$7+1))) | R68: =IF($A68="","",SUMIFS('Ordres de travail'!$S$5:$S$3004,'Ordres de travail'!$D$5:$D$3004,$A68,'Ordres de travail'!$AC$5:$AC$3004,"<>Annulé",'Ordres de travail'!$B$5:$B$3004,">="&'Paramètres'!$AA$6,'Ordres de travail'!$B$5:$B$3004,"<"&('Paramètres'!$AA$7+1))) | S68: =IF($A68="","",SUMIFS('Ordres de travail'!$AA$5:$AA$3004,'Ordres de travail'!$D$5:$D$3004,$A68,'Ordres de travail'!$B$5:$B$3004,">="&'Paramètres'!$AA$6,'Ordres de travail'!$B$5:$B$3004,"<"&('Paramètres'!$AA$7+1))) | T68: =IF($A68="","",IF(P68=0,"-",(O68*'Paramètres'!$AA$8-Q68)/P68)) | U68: =IF($A68="","",IF(P68=0,"-",Q68/P68)) | V68: =IF($A68="","",IF(N(O68)*'Paramètres'!$AA$8=0,"-",MAX(0,1-R68/(O68*'Paramètres'!$AA$8)))) | W68: =IF($A68="","",_xlfn.MAXIFS('Relevés compteurs'!$D$5:$D$1504,'Relevés compteurs'!$B$5:$B$1504,$A68)) | X68: =IF(OR($A68="",I68=""),"",(TODAY()-I68)/365.25) | Y68: =IF($A68="","",SUMIFS('Ordres de travail'!$AA$5:$AA$3004,'Ordres de travail'!$D$5:$D$3004,$A68)) | Z68: =IF($A68="","",SUM(COUNTIFS('Ordres de travail'!$D$5:$D$3004,$A68,'Ordres de travail'!$AC$5:$AC$3004,{"Demandé","Planifié","En cours","En attente pièces"}))) | AA68: =IF(OR($A68="",M68=""),"",IF(M68<TODAY(),"Expirée",IF(M68-TODAY()<='Paramètres'!$AA$15,"Expire bientôt","Sous garantie"))) | AB68: =IF($A68="",-1,N(R68)+ROW()/1000000)
P69: =IF($A69="","",COUNTIFS('Ordres de travail'!$D$5:$D$3004,$A69,'Ordres de travail'!$H$5:$H$3004,"Correctif",'Ordres de travail'!$AC$5:$AC$3004,"<>Annulé",'Ordres de travail'!$B$5:$B$3004,">="&'Paramètres'!$AA$6,'Ordres de travail'!$B$5:$B$3004,"<"&('Paramètres'!$AA$7+1))) | Q69: =IF($A69="","",SUMIFS('Ordres de travail'!$S$5:$S$3004,'Ordres de travail'!$D$5:$D$3004,$A69,'Ordres de travail'!$H$5:$H$3004,"Correctif",'Ordres de travail'!$AC$5:$AC$3004,"<>Annulé",'Ordres de travail'!$B$5:$B$3004,">="&'Paramètres'!$AA$6,'Ordres de travail'!$B$5:$B$3004,"<"&('Paramètres'!$AA$7+1))) | R69: =IF($A69="","",SUMIFS('Ordres de travail'!$S$5:$S$3004,'Ordres de travail'!$D$5:$D$3004,$A69,'Ordres de travail'!$AC$5:$AC$3004,"<>Annulé",'Ordres de travail'!$B$5:$B$3004,">="&'Paramètres'!$AA$6,'Ordres de travail'!$B$5:$B$3004,"<"&('Paramètres'!$AA$7+1))) | S69: =IF($A69="","",SUMIFS('Ordres de travail'!$AA$5:$AA$3004,'Ordres de travail'!$D$5:$D$3004,$A69,'Ordres de travail'!$B$5:$B$3004,">="&'Paramètres'!$AA$6,'Ordres de travail'!$B$5:$B$3004,"<"&('Paramètres'!$AA$7+1))) | T69: =IF($A69="","",IF(P69=0,"-",(O69*'Paramètres'!$AA$8-Q69)/P69)) | U69: =IF($A69="","",IF(P69=0,"-",Q69/P69)) | V69: =IF($A69="","",IF(N(O69)*'Paramètres'!$AA$8=0,"-",MAX(0,1-R69/(O69*'Paramètres'!$AA$8)))) | W69: =IF($A69="","",_xlfn.MAXIFS('Relevés compteurs'!$D$5:$D$1504,'Relevés compteurs'!$B$5:$B$1504,$A69)) | X69: =IF(OR($A69="",I69=""),"",(TODAY()-I69)/365.25) | Y69: =IF($A69="","",SUMIFS('Ordres de travail'!$AA$5:$AA$3004,'Ordres de travail'!$D$5:$D$3004,$A69)) | Z69: =IF($A69="","",SUM(COUNTIFS('Ordres de travail'!$D$5:$D$3004,$A69,'Ordres de travail'!$AC$5:$AC$3004,{"Demandé","Planifié","En cours","En attente pièces"}))) | AA69: =IF(OR($A69="",M69=""),"",IF(M69<TODAY(),"Expirée",IF(M69-TODAY()<='Paramètres'!$AA$15,"Expire bientôt","Sous garantie"))) | AB69: =IF($A69="",-1,N(R69)+ROW()/1000000)
P70: =IF($A70="","",COUNTIFS('Ordres de travail'!$D$5:$D$3004,$A70,'Ordres de travail'!$H$5:$H$3004,"Correctif",'Ordres de travail'!$AC$5:$AC$3004,"<>Annulé",'Ordres de travail'!$B$5:$B$3004,">="&'Paramètres'!$AA$6,'Ordres de travail'!$B$5:$B$3004,"<"&('Paramètres'!$AA$7+1))) | Q70: =IF($A70="","",SUMIFS('Ordres de travail'!$S$5:$S$3004,'Ordres de travail'!$D$5:$D$3004,$A70,'Ordres de travail'!$H$5:$H$3004,"Correctif",'Ordres de travail'!$AC$5:$AC$3004,"<>Annulé",'Ordres de travail'!$B$5:$B$3004,">="&'Paramètres'!$AA$6,'Ordres de travail'!$B$5:$B$3004,"<"&('Paramètres'!$AA$7+1))) | R70: =IF($A70="","",SUMIFS('Ordres de travail'!$S$5:$S$3004,'Ordres de travail'!$D$5:$D$3004,$A70,'Ordres de travail'!$AC$5:$AC$3004,"<>Annulé",'Ordres de travail'!$B$5:$B$3004,">="&'Paramètres'!$AA$6,'Ordres de travail'!$B$5:$B$3004,"<"&('Paramètres'!$AA$7+1))) | S70: =IF($A70="","",SUMIFS('Ordres de travail'!$AA$5:$AA$3004,'Ordres de travail'!$D$5:$D$3004,$A70,'Ordres de travail'!$B$5:$B$3004,">="&'Paramètres'!$AA$6,'Ordres de travail'!$B$5:$B$3004,"<"&('Paramètres'!$AA$7+1))) | T70: =IF($A70="","",IF(P70=0,"-",(O70*'Paramètres'!$AA$8-Q70)/P70)) | U70: =IF($A70="","",IF(P70=0,"-",Q70/P70)) | V70: =IF($A70="","",IF(N(O70)*'Paramètres'!$AA$8=0,"-",MAX(0,1-R70/(O70*'Paramètres'!$AA$8)))) | W70: =IF($A70="","",_xlfn.MAXIFS('Relevés compteurs'!$D$5:$D$1504,'Relevés compteurs'!$B$5:$B$1504,$A70)) | X70: =IF(OR($A70="",I70=""),"",(TODAY()-I70)/365.25) | Y70: =IF($A70="","",SUMIFS('Ordres de travail'!$AA$5:$AA$3004,'Ordres de travail'!$D$5:$D$3004,$A70)) | Z70: =IF($A70="","",SUM(COUNTIFS('Ordres de travail'!$D$5:$D$3004,$A70,'Ordres de travail'!$AC$5:$AC$3004,{"Demandé","Planifié","En cours","En attente pièces"}))) | AA70: =IF(OR($A70="",M70=""),"",IF(M70<TODAY(),"Expirée",IF(M70-TODAY()<='Paramètres'!$AA$15,"Expire bientôt","Sous garantie"))) | AB70: =IF($A70="",-1,N(R70)+ROW()/1000000)
P71: =IF($A71="","",COUNTIFS('Ordres de travail'!$D$5:$D$3004,$A71,'Ordres de travail'!$H$5:$H$3004,"Correctif",'Ordres de travail'!$AC$5:$AC$3004,"<>Annulé",'Ordres de travail'!$B$5:$B$3004,">="&'Paramètres'!$AA$6,'Ordres de travail'!$B$5:$B$3004,"<"&('Paramètres'!$AA$7+1))) | Q71: =IF($A71="","",SUMIFS('Ordres de travail'!$S$5:$S$3004,'Ordres de travail'!$D$5:$D$3004,$A71,'Ordres de travail'!$H$5:$H$3004,"Correctif",'Ordres de travail'!$AC$5:$AC$3004,"<>Annulé",'Ordres de travail'!$B$5:$B$3004,">="&'Paramètres'!$AA$6,'Ordres de travail'!$B$5:$B$3004,"<"&('Paramètres'!$AA$7+1))) | R71: =IF($A71="","",SUMIFS('Ordres de travail'!$S$5:$S$3004,'Ordres de travail'!$D$5:$D$3004,$A71,'Ordres de travail'!$AC$5:$AC$3004,"<>Annulé",'Ordres de travail'!$B$5:$B$3004,">="&'Paramètres'!$AA$6,'Ordres de travail'!$B$5:$B$3004,"<"&('Paramètres'!$AA$7+1))) | S71: =IF($A71="","",SUMIFS('Ordres de travail'!$AA$5:$AA$3004,'Ordres de travail'!$D$5:$D$3004,$A71,'Ordres de travail'!$B$5:$B$3004,">="&'Paramètres'!$AA$6,'Ordres de travail'!$B$5:$B$3004,"<"&('Paramètres'!$AA$7+1))) | T71: =IF($A71="","",IF(P71=0,"-",(O71*'Paramètres'!$AA$8-Q71)/P71)) | U71: =IF($A71="","",IF(P71=0,"-",Q71/P71)) | V71: =IF($A71="","",IF(N(O71)*'Paramètres'!$AA$8=0,"-",MAX(0,1-R71/(O71*'Paramètres'!$AA$8)))) | W71: =IF($A71="","",_xlfn.MAXIFS('Relevés compteurs'!$D$5:$D$1504,'Relevés compteurs'!$B$5:$B$1504,$A71)) | X71: =IF(OR($A71="",I71=""),"",(TODAY()-I71)/365.25) | Y71: =IF($A71="","",SUMIFS('Ordres de travail'!$AA$5:$AA$3004,'Ordres de travail'!$D$5:$D$3004,$A71)) | Z71: =IF($A71="","",SUM(COUNTIFS('Ordres de travail'!$D$5:$D$3004,$A71,'Ordres de travail'!$AC$5:$AC$3004,{"Demandé","Planifié","En cours","En attente pièces"}))) | AA71: =IF(OR($A71="",M71=""),"",IF(M71<TODAY(),"Expirée",IF(M71-TODAY()<='Paramètres'!$AA$15,"Expire bientôt","Sous garantie"))) | AB71: =IF($A71="",-1,N(R71)+ROW()/1000000)
P72: =IF($A72="","",COUNTIFS('Ordres de travail'!$D$5:$D$3004,$A72,'Ordres de travail'!$H$5:$H$3004,"Correctif",'Ordres de travail'!$AC$5:$AC$3004,"<>Annulé",'Ordres de travail'!$B$5:$B$3004,">="&'Paramètres'!$AA$6,'Ordres de travail'!$B$5:$B$3004,"<"&('Paramètres'!$AA$7+1))) | Q72: =IF($A72="","",SUMIFS('Ordres de travail'!$S$5:$S$3004,'Ordres de travail'!$D$5:$D$3004,$A72,'Ordres de travail'!$H$5:$H$3004,"Correctif",'Ordres de travail'!$AC$5:$AC$3004,"<>Annulé",'Ordres de travail'!$B$5:$B$3004,">="&'Paramètres'!$AA$6,'Ordres de travail'!$B$5:$B$3004,"<"&('Paramètres'!$AA$7+1))) | R72: =IF($A72="","",SUMIFS('Ordres de travail'!$S$5:$S$3004,'Ordres de travail'!$D$5:$D$3004,$A72,'Ordres de travail'!$AC$5:$AC$3004,"<>Annulé",'Ordres de travail'!$B$5:$B$3004,">="&'Paramètres'!$AA$6,'Ordres de travail'!$B$5:$B$3004,"<"&('Paramètres'!$AA$7+1))) | S72: =IF($A72="","",SUMIFS('Ordres de travail'!$AA$5:$AA$3004,'Ordres de travail'!$D$5:$D$3004,$A72,'Ordres de travail'!$B$5:$B$3004,">="&'Paramètres'!$AA$6,'Ordres de travail'!$B$5:$B$3004,"<"&('Paramètres'!$AA$7+1))) | T72: =IF($A72="","",IF(P72=0,"-",(O72*'Paramètres'!$AA$8-Q72)/P72)) | U72: =IF($A72="","",IF(P72=0,"-",Q72/P72)) | V72: =IF($A72="","",IF(N(O72)*'Paramètres'!$AA$8=0,"-",MAX(0,1-R72/(O72*'Paramètres'!$AA$8)))) | W72: =IF($A72="","",_xlfn.MAXIFS('Relevés compteurs'!$D$5:$D$1504,'Relevés compteurs'!$B$5:$B$1504,$A72)) | X72: =IF(OR($A72="",I72=""),"",(TODAY()-I72)/365.25) | Y72: =IF($A72="","",SUMIFS('Ordres de travail'!$AA$5:$AA$3004,'Ordres de travail'!$D$5:$D$3004,$A72)) | Z72: =IF($A72="","",SUM(COUNTIFS('Ordres de travail'!$D$5:$D$3004,$A72,'Ordres de travail'!$AC$5:$AC$3004,{"Demandé","Planifié","En cours","En attente pièces"}))) | AA72: =IF(OR($A72="",M72=""),"",IF(M72<TODAY(),"Expirée",IF(M72-TODAY()<='Paramètres'!$AA$15,"Expire bientôt","Sous garantie"))) | AB72: =IF($A72="",-1,N(R72)+ROW()/1000000)
P73: =IF($A73="","",COUNTIFS('Ordres de travail'!$D$5:$D$3004,$A73,'Ordres de travail'!$H$5:$H$3004,"Correctif",'Ordres de travail'!$AC$5:$AC$3004,"<>Annulé",'Ordres de travail'!$B$5:$B$3004,">="&'Paramètres'!$AA$6,'Ordres de travail'!$B$5:$B$3004,"<"&('Paramètres'!$AA$7+1))) | Q73: =IF($A73="","",SUMIFS('Ordres de travail'!$S$5:$S$3004,'Ordres de travail'!$D$5:$D$3004,$A73,'Ordres de travail'!$H$5:$H$3004,"Correctif",'Ordres de travail'!$AC$5:$AC$3004,"<>Annulé",'Ordres de travail'!$B$5:$B$3004,">="&'Paramètres'!$AA$6,'Ordres de travail'!$B$5:$B$3004,"<"&('Paramètres'!$AA$7+1))) | R73: =IF($A73="","",SUMIFS('Ordres de travail'!$S$5:$S$3004,'Ordres de travail'!$D$5:$D$3004,$A73,'Ordres de travail'!$AC$5:$AC$3004,"<>Annulé",'Ordres de travail'!$B$5:$B$3004,">="&'Paramètres'!$AA$6,'Ordres de travail'!$B$5:$B$3004,"<"&('Paramètres'!$AA$7+1))) | S73: =IF($A73="","",SUMIFS('Ordres de travail'!$AA$5:$AA$3004,'Ordres de travail'!$D$5:$D$3004,$A73,'Ordres de travail'!$B$5:$B$3004,">="&'Paramètres'!$AA$6,'Ordres de travail'!$B$5:$B$3004,"<"&('Paramètres'!$AA$7+1))) | T73: =IF($A73="","",IF(P73=0,"-",(O73*'Paramètres'!$AA$8-Q73)/P73)) | U73: =IF($A73="","",IF(P73=0,"-",Q73/P73)) | V73: =IF($A73="","",IF(N(O73)*'Paramètres'!$AA$8=0,"-",MAX(0,1-R73/(O73*'Paramètres'!$AA$8)))) | W73: =IF($A73="","",_xlfn.MAXIFS('Relevés compteurs'!$D$5:$D$1504,'Relevés compteurs'!$B$5:$B$1504,$A73)) | X73: =IF(OR($A73="",I73=""),"",(TODAY()-I73)/365.25) | Y73: =IF($A73="","",SUMIFS('Ordres de travail'!$AA$5:$AA$3004,'Ordres de travail'!$D$5:$D$3004,$A73)) | Z73: =IF($A73="","",SUM(COUNTIFS('Ordres de travail'!$D$5:$D$3004,$A73,'Ordres de travail'!$AC$5:$AC$3004,{"Demandé","Planifié","En cours","En attente pièces"}))) | AA73: =IF(OR($A73="",M73=""),"",IF(M73<TODAY(),"Expirée",IF(M73-TODAY()<='Paramètres'!$AA$15,"Expire bientôt","Sous garantie"))) | AB73: =IF($A73="",-1,N(R73)+ROW()/1000000)
P74: =IF($A74="","",COUNTIFS('Ordres de travail'!$D$5:$D$3004,$A74,'Ordres de travail'!$H$5:$H$3004,"Correctif",'Ordres de travail'!$AC$5:$AC$3004,"<>Annulé",'Ordres de travail'!$B$5:$B$3004,">="&'Paramètres'!$AA$6,'Ordres de travail'!$B$5:$B$3004,"<"&('Paramètres'!$AA$7+1))) | Q74: =IF($A74="","",SUMIFS('Ordres de travail'!$S$5:$S$3004,'Ordres de travail'!$D$5:$D$3004,$A74,'Ordres de travail'!$H$5:$H$3004,"Correctif",'Ordres de travail'!$AC$5:$AC$3004,"<>Annulé",'Ordres de travail'!$B$5:$B$3004,">="&'Paramètres'!$AA$6,'Ordres de travail'!$B$5:$B$3004,"<"&('Paramètres'!$AA$7+1))) | R74: =IF($A74="","",SUMIFS('Ordres de travail'!$S$5:$S$3004,'Ordres de travail'!$D$5:$D$3004,$A74,'Ordres de travail'!$AC$5:$AC$3004,"<>Annulé",'Ordres de travail'!$B$5:$B$3004,">="&'Paramètres'!$AA$6,'Ordres de travail'!$B$5:$B$3004,"<"&('Paramètres'!$AA$7+1))) | S74: =IF($A74="","",SUMIFS('Ordres de travail'!$AA$5:$AA$3004,'Ordres de travail'!$D$5:$D$3004,$A74,'Ordres de travail'!$B$5:$B$3004,">="&'Paramètres'!$AA$6,'Ordres de travail'!$B$5:$B$3004,"<"&('Paramètres'!$AA$7+1))) | T74: =IF($A74="","",IF(P74=0,"-",(O74*'Paramètres'!$AA$8-Q74)/P74)) | U74: =IF($A74="","",IF(P74=0,"-",Q74/P74)) | V74: =IF($A74="","",IF(N(O74)*'Paramètres'!$AA$8=0,"-",MAX(0,1-R74/(O74*'Paramètres'!$AA$8)))) | W74: =IF($A74="","",_xlfn.MAXIFS('Relevés compteurs'!$D$5:$D$1504,'Relevés compteurs'!$B$5:$B$1504,$A74)) | X74: =IF(OR($A74="",I74=""),"",(TODAY()-I74)/365.25) | Y74: =IF($A74="","",SUMIFS('Ordres de travail'!$AA$5:$AA$3004,'Ordres de travail'!$D$5:$D$3004,$A74)) | Z74: =IF($A74="","",SUM(COUNTIFS('Ordres de travail'!$D$5:$D$3004,$A74,'Ordres de travail'!$AC$5:$AC$3004,{"Demandé","Planifié","En cours","En attente pièces"}))) | AA74: =IF(OR($A74="",M74=""),"",IF(M74<TODAY(),"Expirée",IF(M74-TODAY()<='Paramètres'!$AA$15,"Expire bientôt","Sous garantie"))) | AB74: =IF($A74="",-1,N(R74)+ROW()/1000000)
P75: =IF($A75="","",COUNTIFS('Ordres de travail'!$D$5:$D$3004,$A75,'Ordres de travail'!$H$5:$H$3004,"Correctif",'Ordres de travail'!$AC$5:$AC$3004,"<>Annulé",'Ordres de travail'!$B$5:$B$3004,">="&'Paramètres'!$AA$6,'Ordres de travail'!$B$5:$B$3004,"<"&('Paramètres'!$AA$7+1))) | Q75: =IF($A75="","",SUMIFS('Ordres de travail'!$S$5:$S$3004,'Ordres de travail'!$D$5:$D$3004,$A75,'Ordres de travail'!$H$5:$H$3004,"Correctif",'Ordres de travail'!$AC$5:$AC$3004,"<>Annulé",'Ordres de travail'!$B$5:$B$3004,">="&'Paramètres'!$AA$6,'Ordres de travail'!$B$5:$B$3004,"<"&('Paramètres'!$AA$7+1))) | R75: =IF($A75="","",SUMIFS('Ordres de travail'!$S$5:$S$3004,'Ordres de travail'!$D$5:$D$3004,$A75,'Ordres de travail'!$AC$5:$AC$3004,"<>Annulé",'Ordres de travail'!$B$5:$B$3004,">="&'Paramètres'!$AA$6,'Ordres de travail'!$B$5:$B$3004,"<"&('Paramètres'!$AA$7+1))) | S75: =IF($A75="","",SUMIFS('Ordres de travail'!$AA$5:$AA$3004,'Ordres de travail'!$D$5:$D$3004,$A75,'Ordres de travail'!$B$5:$B$3004,">="&'Paramètres'!$AA$6,'Ordres de travail'!$B$5:$B$3004,"<"&('Paramètres'!$AA$7+1))) | T75: =IF($A75="","",IF(P75=0,"-",(O75*'Paramètres'!$AA$8-Q75)/P75)) | U75: =IF($A75="","",IF(P75=0,"-",Q75/P75)) | V75: =IF($A75="","",IF(N(O75)*'Paramètres'!$AA$8=0,"-",MAX(0,1-R75/(O75*'Paramètres'!$AA$8)))) | W75: =IF($A75="","",_xlfn.MAXIFS('Relevés compteurs'!$D$5:$D$1504,'Relevés compteurs'!$B$5:$B$1504,$A75)) | X75: =IF(OR($A75="",I75=""),"",(TODAY()-I75)/365.25) | Y75: =IF($A75="","",SUMIFS('Ordres de travail'!$AA$5:$AA$3004,'Ordres de travail'!$D$5:$D$3004,$A75)) | Z75: =IF($A75="","",SUM(COUNTIFS('Ordres de travail'!$D$5:$D$3004,$A75,'Ordres de travail'!$AC$5:$AC$3004,{"Demandé","Planifié","En cours","En attente pièces"}))) | AA75: =IF(OR($A75="",M75=""),"",IF(M75<TODAY(),"Expirée",IF(M75-TODAY()<='Paramètres'!$AA$15,"Expire bientôt","Sous garantie"))) | AB75: =IF($A75="",-1,N(R75)+ROW()/1000000)
P76: =IF($A76="","",COUNTIFS('Ordres de travail'!$D$5:$D$3004,$A76,'Ordres de travail'!$H$5:$H$3004,"Correctif",'Ordres de travail'!$AC$5:$AC$3004,"<>Annulé",'Ordres de travail'!$B$5:$B$3004,">="&'Paramètres'!$AA$6,'Ordres de travail'!$B$5:$B$3004,"<"&('Paramètres'!$AA$7+1))) | Q76: =IF($A76="","",SUMIFS('Ordres de travail'!$S$5:$S$3004,'Ordres de travail'!$D$5:$D$3004,$A76,'Ordres de travail'!$H$5:$H$3004,"Correctif",'Ordres de travail'!$AC$5:$AC$3004,"<>Annulé",'Ordres de travail'!$B$5:$B$3004,">="&'Paramètres'!$AA$6,'Ordres de travail'!$B$5:$B$3004,"<"&('Paramètres'!$AA$7+1))) | R76: =IF($A76="","",SUMIFS('Ordres de travail'!$S$5:$S$3004,'Ordres de travail'!$D$5:$D$3004,$A76,'Ordres de travail'!$AC$5:$AC$3004,"<>Annulé",'Ordres de travail'!$B$5:$B$3004,">="&'Paramètres'!$AA$6,'Ordres de travail'!$B$5:$B$3004,"<"&('Paramètres'!$AA$7+1))) | S76: =IF($A76="","",SUMIFS('Ordres de travail'!$AA$5:$AA$3004,'Ordres de travail'!$D$5:$D$3004,$A76,'Ordres de travail'!$B$5:$B$3004,">="&'Paramètres'!$AA$6,'Ordres de travail'!$B$5:$B$3004,"<"&('Paramètres'!$AA$7+1))) | T76: =IF($A76="","",IF(P76=0,"-",(O76*'Paramètres'!$AA$8-Q76)/P76)) | U76: =IF($A76="","",IF(P76=0,"-",Q76/P76)) | V76: =IF($A76="","",IF(N(O76)*'Paramètres'!$AA$8=0,"-",MAX(0,1-R76/(O76*'Paramètres'!$AA$8)))) | W76: =IF($A76="","",_xlfn.MAXIFS('Relevés compteurs'!$D$5:$D$1504,'Relevés compteurs'!$B$5:$B$1504,$A76)) | X76: =IF(OR($A76="",I76=""),"",(TODAY()-I76)/365.25) | Y76: =IF($A76="","",SUMIFS('Ordres de travail'!$AA$5:$AA$3004,'Ordres de travail'!$D$5:$D$3004,$A76)) | Z76: =IF($A76="","",SUM(COUNTIFS('Ordres de travail'!$D$5:$D$3004,$A76,'Ordres de travail'!$AC$5:$AC$3004,{"Demandé","Planifié","En cours","En attente pièces"}))) | AA76: =IF(OR($A76="",M76=""),"",IF(M76<TODAY(),"Expirée",IF(M76-TODAY()<='Paramètres'!$AA$15,"Expire bientôt","Sous garantie"))) | AB76: =IF($A76="",-1,N(R76)+ROW()/1000000)
P77: =IF($A77="","",COUNTIFS('Ordres de travail'!$D$5:$D$3004,$A77,'Ordres de travail'!$H$5:$H$3004,"Correctif",'Ordres de travail'!$AC$5:$AC$3004,"<>Annulé",'Ordres de travail'!$B$5:$B$3004,">="&'Paramètres'!$AA$6,'Ordres de travail'!$B$5:$B$3004,"<"&('Paramètres'!$AA$7+1))) | Q77: =IF($A77="","",SUMIFS('Ordres de travail'!$S$5:$S$3004,'Ordres de travail'!$D$5:$D$3004,$A77,'Ordres de travail'!$H$5:$H$3004,"Correctif",'Ordres de travail'!$AC$5:$AC$3004,"<>Annulé",'Ordres de travail'!$B$5:$B$3004,">="&'Paramètres'!$AA$6,'Ordres de travail'!$B$5:$B$3004,"<"&('Paramètres'!$AA$7+1))) | R77: =IF($A77="","",SUMIFS('Ordres de travail'!$S$5:$S$3004,'Ordres de travail'!$D$5:$D$3004,$A77,'Ordres de travail'!$AC$5:$AC$3004,"<>Annulé",'Ordres de travail'!$B$5:$B$3004,">="&'Paramètres'!$AA$6,'Ordres de travail'!$B$5:$B$3004,"<"&('Paramètres'!$AA$7+1))) | S77: =IF($A77="","",SUMIFS('Ordres de travail'!$AA$5:$AA$3004,'Ordres de travail'!$D$5:$D$3004,$A77,'Ordres de travail'!$B$5:$B$3004,">="&'Paramètres'!$AA$6,'Ordres de travail'!$B$5:$B$3004,"<"&('Paramètres'!$AA$7+1))) | T77: =IF($A77="","",IF(P77=0,"-",(O77*'Paramètres'!$AA$8-Q77)/P77)) | U77: =IF($A77="","",IF(P77=0,"-",Q77/P77)) | V77: =IF($A77="","",IF(N(O77)*'Paramètres'!$AA$8=0,"-",MAX(0,1-R77/(O77*'Paramètres'!$AA$8)))) | W77: =IF($A77="","",_xlfn.MAXIFS('Relevés compteurs'!$D$5:$D$1504,'Relevés compteurs'!$B$5:$B$1504,$A77)) | X77: =IF(OR($A77="",I77=""),"",(TODAY()-I77)/365.25) | Y77: =IF($A77="","",SUMIFS('Ordres de travail'!$AA$5:$AA$3004,'Ordres de travail'!$D$5:$D$3004,$A77)) | Z77: =IF($A77="","",SUM(COUNTIFS('Ordres de travail'!$D$5:$D$3004,$A77,'Ordres de travail'!$AC$5:$AC$3004,{"Demandé","Planifié","En cours","En attente pièces"}))) | AA77: =IF(OR($A77="",M77=""),"",IF(M77<TODAY(),"Expirée",IF(M77-TODAY()<='Paramètres'!$AA$15,"Expire bientôt","Sous garantie"))) | AB77: =IF($A77="",-1,N(R77)+ROW()/1000000)
... P304: =IF($A304="","",COUNTIFS('Ordres de travail'!$D$5:$D$3004,$A304,'Ordres de travail'!$H$5:$H$3004,"Correctif",'Ordres de travail'!$AC$5:$AC$3004,"<>Annulé",'Ordres de travail'!$B$5:$B$3004,">="&'Paramètres'!$AA$6,'Ordres de travail'!$B$5:$B$3004,"<"&('Paramètres'!$AA$7+1))) | Q304: =IF($A304="","",SUMIFS('Ordres de travail'!$S$5:$S$3004,'Ordres de travail'!$D$5:$D$3004,$A304,'Ordres de travail'!$H$5:$H$3004,"Correctif",'Ordres de travail'!$AC$5:$AC$3004,"<>Annulé",'Ordres de travail'!$B$5:$B$3004,">="&'Paramètres'!$AA$6,'Ordres de travail'!$B$5:$B$3004,"<"&('Paramètres'!$AA$7+1))) | R304: =IF($A304="","",SUMIFS('Ordres de travail'!$S$5:$S$3004,'Ordres de travail'!$D$5:$D$3004,$A304,'Ordres de travail'!$AC$5:$AC$3004,"<>Annulé",'Ordres de travail'!$B$5:$B$3004,">="&'Paramètres'!$AA$6,'Ordres de travail'!$B$5:$B$3004,"<"&('Paramètres'!$AA$7+1))) | S304: =IF($A304="","",SUMIFS('Ordres de travail'!$AA$5:$AA$3004,'Ordres de travail'!$D$5:$D$3004,$A304,'Ordres de travail'!$B$5:$B$3004,">="&'Paramètres'!$AA$6,'Ordres de travail'!$B$5:$B$3004,"<"&('Paramètres'!$AA$7+1))) | T304: =IF($A304="","",IF(P304=0,"-",(O304*'Paramètres'!$AA$8-Q304)/P304)) | U304: =IF($A304="","",IF(P304=0,"-",Q304/P304)) | V304: =IF($A304="","",IF(N(O304)*'Paramètres'!$AA$8=0,"-",MAX(0,1-R304/(O304*'Paramètres'!$AA$8)))) | W304: =IF($A304="","",_xlfn.MAXIFS('Relevés compteurs'!$D$5:$D$1504,'Relevés compteurs'!$B$5:$B$1504,$A304)) | X304: =IF(OR($A304="",I304=""),"",(TODAY()-I304)/365.25) | Y304: =IF($A304="","",SUMIFS('Ordres de travail'!$AA$5:$AA$3004,'Ordres de travail'!$D$5:$D$3004,$A304)) | Z304: =IF($A304="","",SUM(COUNTIFS('Ordres de travail'!$D$5:$D$3004,$A304,'Ordres de travail'!$AC$5:$AC$3004,{"Demandé","Planifié","En cours","En attente pièces"}))) | AA304: =IF(OR($A304="",M304=""),"",IF(M304<TODAY(),"Expirée",IF(M304-TODAY()<='Paramètres'!$AA$15,"Expire bientôt","Sous garantie"))) | AB304: =IF($A304="",-1,N(R304)+ROW()/1000000)

Sheet Ordres de travail
A1: Ordres de travail (OT) | N1: Prochain N° OT : | O1: ="OT-"&YEAR(TODAY())&"-"&TEXT(COUNTIF('Ordres de travail'!$A$5:$A$3004,"OT-"&YEAR(TODAY())&"-*")+1,"0000")
A2: Journal de toutes les interventions : demandes, correctifs, préventifs, réglementaires, améliorations. Une ligne = un OT.
A3: Saisie : texte bleu | Calcul automatique : fond gris (ne pas modifier) | Les listes déroulantes proviennent de l'onglet Paramètres.
A4: N° OT | B4: Date demande | C4: Demandeur | D4: Code équipement | E4: Désignation équipement | F4: Atelier | G4: Crit. | H4: Type d'intervention | I4: Réf. gamme / contrôle | J4: Nature | K4: Priorité | L4: Description / symptôme | M4: Cause | N4: Travaux réalisés / rapport | O4: Intervenant | P4: Date prévue | Q4: Début intervention | R4: Fin intervention | S4: Arrêt production (h) | T4: Temps MO (h) | U4: Taux horaire (€/h) | V4: Coût MO (€) | W4: Pièces stock (€) | X4: Achats directs (€) | Y4: Sous-traitance (€) | Z4: Prestataire | AA4: Coût total (€) | AB4: Coût indisponibilité (€) | AC4: Statut | AD4: Délai prise en charge (h) | AE4: Durée intervention (h) | AF4: Année | AG4: Mois
A5: OT-2025-0001 | B5: 45658.51 | C5: Direction industrielle | D5: EQ-USI-001 | E5: =IF(D5="","",IFERROR(INDEX('Équipements'!$B$5:$B$304,MATCH(D5,'Équipements'!$A$5:$A$304,0)),"Code inconnu")) | F5: =IF(D5="","",IFERROR(INDEX('Équipements'!$D$5:$D$304,MATCH(D5,'Équipements'!$A$5:$A$304,0)),"")) | G5: =IF(D5="","",IFERROR(INDEX('Équipements'!$K$5:$K$304,MATCH(D5,'Équipements'!$A$5:$A$304,0)),"")) | H5: Amélioratif | J5: Automatisme | K5: P4 - Basse | L5: Installation capteur de vibrations sur broche (surveillance) | N5: Réalisé conformément au devis / dossier technique | O5: Nadia Rousseau | P5: 45691 | Q5: 45691.326 | R5: 45691.91 | S5: 5 | T5: 10 | U5: =IF($A5="","",IFERROR(INDEX('Techniciens'!$F$5:$F$44,MATCH(O5,'Techniciens'!$B$5:$B$44,0)),'Paramètres'!$AA$10)) | V5: =IF($A5="","",IF(OR(AC5="Demandé",AC5="Planifié",AC5="Annulé"),0,N(T5)*N(U5))) | W5: =IF($A5="","",SUMIFS('Mouvements stock'!$H$5:$H$3004,'Mouvements stock'!$I$5:$I$3004,$A5,'Mouvements stock'!$C$5:$C$3004,"Sortie")-SUMIFS('Mouvements stock'!$H$5:$H$3004,'Mouvements stock'!$I$5:$I$3004,$A5,'Mouvements stock'!$C$5:$C$3004,"Retour")) | X5: 1800 | Y5: 0 | AA5: =IF($A5="","",N(V5)+N(W5)+N(X5)+N(Y5)) | AB5: =IF($A5="","",N(S5)*'Paramètres'!$AA$9*IFERROR(INDEX('Paramètres'!$O$5:$O$7,MATCH(G5,'Paramètres'!$N$5:$N$7,0)),0)) | AC5: Clôturé | AD5: =IF(OR($A5="",Q5=""),"",(Q5-B5)*24) | AE5: =IF(OR(Q5="",R5=""),"",(R5-Q5)*24) | AF5: =IF(OR($A5="",B5=""),"",YEAR(B5)) | AG5: =IF(OR($A5="",B5=""),"",MONTH(B5))
A6: OT-2025-0002 | B6: 45659.333 | C6: Plan préventif | D6: EQ-USI-002 | E6: =IF(D6="","",IFERROR(INDEX('Équipements'!$B$5:$B$304,MATCH(D6,'Équipements'!$A$5:$A$304,0)),"Code inconnu")) | F6: =IF(D6="","",IFERROR(INDEX('Équipements'!$D$5:$D$304,MATCH(D6,'Équipements'!$A$5:$A$304,0)),"")) | G6: =IF(D6="","",IFERROR(INDEX('Équipements'!$K$5:$K$304,MATCH(D6,'Équipements'!$A$5:$A$304,0)),"")) | H6: Préventif systématique | I6: GP-007 | J6: Hydraulique | K6: P3 - Normale | L6: Vidange groupe hydraulique et remplacement filtres | N6: Gamme réalisée - RAS | O6: Antoine Mercier | P6: 45659 | Q6: 45659.368 | R6: 45659.535 | S6: 0 | T6: 4 | U6: =IF($A6="","",IFERROR(INDEX('Techniciens'!$F$5:$F$44,MATCH(O6,'Techniciens'!$B$5:$B$44,0)),'Paramètres'!$AA$10)) | V6: =IF($A6="","",IF(OR(AC6="Demandé",AC6="Planifié",AC6="Annulé"),0,N(T6)*N(U6))) | W6: =IF($A6="","",SUMIFS('Mouvements stock'!$H$5:$H$3004,'Mouvements stock'!$I$5:$I$3004,$A6,'Mouvements stock'!$C$5:$C$3004,"Sortie")-SUMIFS('Mouvements stock'!$H$5:$H$3004,'Mouvements stock'!$I$5:$I$3004,$A6,'Mouvements stock'!$C$5:$C$3004,"Retour")) | X6: 0 | Y6: 0 | AA6: =IF($A6="","",N(V6)+N(W6)+N(X6)+N(Y6)) | AB6: =IF($A6="","",N(S6)*'Paramètres'!$AA$9*IFERROR(INDEX('Paramètres'!$O$5:$O$7,MATCH(G6,'Paramètres'!$N$5:$N$7,0)),0)) | AC6: Clôturé | AD6: =IF(OR($A6="",Q6=""),"",(Q6-B6)*24) | AE6: =IF(OR(Q6="",R6=""),"",(R6-Q6)*24) | AF6: =IF(OR($A6="",B6=""),"",YEAR(B6)) | AG6: =IF(OR($A6="",B6=""),"",MONTH(B6))
A7: OT-2025-0003 | B7: 45659.333 | C7: Plan préventif | D7: EQ-USI-003 | E7: =IF(D7="","",IFERROR(INDEX('Équipements'!$B$5:$B$304,MATCH(D7,'Équipements'!$A$5:$A$304,0)),"Code inconnu")) | F7: =IF(D7="","",IFERROR(INDEX('Équipements'!$D$5:$D$304,MATCH(D7,'Équipements'!$A$5:$A$304,0)),"")) | G7: =IF(D7="","",IFERROR(INDEX('Équipements'!$K$5:$K$304,MATCH(D7,'Équipements'!$A$5:$A$304,0)),"")) | H7: Préventif systématique | I7: GP-009 | J7: Mécanique | K7: P3 - Normale | L7: Contrôle niveaux, nettoyage filtres et bac à copeaux | N7: Gamme réalisée - RAS | O7: Lucas Fontaine | P7: 45664 | Q7: 45664.375 | R7: 45664.427 | S7: 1.2 | T7: 1.25 | U7: =IF($A7="","",IFERROR(INDEX('Techniciens'!$F$5:$F$44,MATCH(O7,'Techniciens'!$B$5:$B$44,0)),'Paramètres'!$AA$10)) | V7: =IF($A7="","",IF(OR(AC7="Demandé",AC7="Planifié",AC7="Annulé"),0,N(T7)*N(U7))) | W7: =IF($A7="","",SUMIFS('Mouvements stock'!$H$5:$H$3004,'Mouvements stock'!$I$5:$I$3004,$A7,'Mouvements stock'!$C$5:$C$3004,"Sortie")-SUMIFS('Mouvements stock'!$H$5:$H$3004,'Mouvements stock'!$I$5:$I$3004,$A7,'Mouvements stock'!$C$5:$C$3004,"Retour")) | X7: 0 | Y7: 0 | AA7: =IF($A7="","",N(V7)+N(W7)+N(X7)+N(Y7)) | AB7: =IF($A7="","",N(S7)*'Paramètres'!$AA$9*IFERROR(INDEX('Paramètres'!$O$5:$O$7,MATCH(G7,'Paramètres'!$N$5:$N$7,0)),0)) | AC7: Clôturé | AD7: =IF(OR($A7="",Q7=""),"",(Q7-B7)*24) | AE7: =IF(OR(Q7="",R7=""),"",(R7-Q7)*24) | AF7: =IF(OR($A7="",B7=""),"",YEAR(B7)) | AG7: =IF(OR($A7="",B7=""),"",MONTH(B7))
A8: OT-2025-0004 | B8: 45659.333 | C8: Plan préventif | D8: EQ-USI-003 | E8: =IF(D8="","",IFERROR(INDEX('Équipements'!$B$5:$B$304,MATCH(D8,'Équipements'!$A$5:$A$304,0)),"Code inconnu")) | F8: =IF(D8="","",IFERROR(INDEX('Équipements'!$D$5:$D$304,MATCH(D8,'Équipements'!$A$5:$A$304,0)),"")) | G8: =IF(D8="","",IFERROR(INDEX('Équipements'!$K$5:$K$304,MATCH(D8,'Équipements'!$A$5:$A$304,0)),"")) | H8: Préventif systématique | I8: GP-011 | J8: Hydraulique | K8: P3 - Normale | L8: Vidange groupe hydraulique et remplacement filtres | N8: Gamme réalisée - RAS | O8: Antoine Mercier | P8: 45659 | Q8: 45659.535 | R8: 45659.722 | S8: 4.5 | T8: 4.5 | U8: =IF($A8="","",IFERROR(INDEX('Techniciens'!$F$5:$F$44,MATCH(O8,'Techniciens'!$B$5:$B$44,0)),'Paramètres'!$AA$10)) | V8: =IF($A8="","",IF(OR(AC8="Demandé",AC8="Planifié",AC8="Annulé"),0,N(T8)*N(U8))) | W8: =IF($A8="","",SUMIFS('Mouvements stock'!$H$5:$H$3004,'Mouvements stock'!$I$5:$I$3004,$A8,'Mouvements stock'!$C$5:$C$3004,"Sortie")-SUMIFS('Mouvements stock'!$H$5:$H$3004,'Mouvements stock'!$I$5:$I$3004,$A8,'Mouvements stock'!$C$5:$C$3004,"Retour")) | X8: 0 | Y8: 0 | AA8: =IF($A8="","",N(V8)+N(W8)+N(X8)+N(Y8)) | AB8: =IF($A8="","",N(S8)*'Paramètres'!$AA$9*IFERROR(INDEX('Paramètres'!$O$5:$O$7,MATCH(G8,'Paramètres'!$N$5:$N$7,0)),0)) | AC8: Clôturé | AD8: =IF(OR($A8="",Q8=""),"",(Q8-B8)*24) | AE8: =IF(OR(Q8="",R8=""),"",(R8-Q8)*24) | AF8: =IF(OR($A8="",B8=""),"",YEAR(B8)) | AG8: =IF(OR($A8="",B8=""),"",MONTH(B8))
A9: OT-2025-0005 | B9: 45659.333 | C9: Plan préventif | D9: EQ-TOL-002 | E9: =IF(D9="","",IFERROR(INDEX('Équipements'!$B$5:$B$304,MATCH(D9,'Équipements'!$A$5:$A$304,0)),"Code inconnu")) | F9: =IF(D9="","",IFERROR(INDEX('Équipements'!$D$5:$D$304,MATCH(D9,'Équipements'!$A$5:$A$304,0)),"")) | G9: =IF(D9="","",IFERROR(INDEX('Équipements'!$K$5:$K$304,MATCH(D9,'Équipements'!$A$5:$A$304,0)),"")) | H9: Préventif systématique | I9: GP-041 | J9: Hydraulique | K9: P3 - Normale | L9: Contrôle hydraulique : fuites, niveaux, pressions | N9: Gamme réalisée - petite fuite corrigée | O9: Antoine Mercier | P9: 45663 | Q9: 45663.26 | R9: 45663.344 | S9: 2 | T9: 2 | U9: =IF($A9="","",IFERROR(INDEX('Techniciens'!$F$5:$F$44,MATCH(O9,'Techniciens'!$B$5:$B$44,0)),'Paramètres'!$AA$10)) | V9: =IF($A9="","",IF(OR(AC9="Demandé",AC9="Planifié",AC9="Annulé"),0,N(T9)*N(U9))) | W9: =IF($A9="","",SUMIFS('Mouvements stock'!$H$5:$H$3004,'Mouvements stock'!$I$5:$I$3004,$A9,'Mouvements stock'!$C$5:$C$3004,"Sortie")-SUMIFS('Mouvements stock'!$H$5:$H$3004,'Mouvements stock'!$I$5:$I$3004,$A9,'Mouvements stock'!$C$5:$C$3004,"Retour")) | X9: 0 | Y9: 0 | AA9: =IF($A9="","",N(V9)+N(W9)+N(X9)+N(Y9)) | AB9: =IF($A9="","",N(S9)*'Paramètres'!$AA$9*IFERROR(INDEX('Paramètres'!$O$5:$O$7,MATCH(G9,'Paramètres'!$N$5:$N$7,0)),0)) | AC9: Clôturé | AD9: =IF(OR($A9="",Q9=""),"",(Q9-B9)*24) | AE9: =IF(OR(Q9="",R9=""),"",(R9-Q9)*24) | AF9: =IF(OR($A9="",B9=""),"",YEAR(B9)) | AG9: =IF(OR($A9="",B9=""),"",MONTH(B9))
A10: OT-2025-0006 | B10: 45659.333 | C10: Plan préventif | D10: EQ-SOU-001 | E10: =IF(D10="","",IFERROR(INDEX('Équipements'!$B$5:$B$304,MATCH(D10,'Équipements'!$A$5:$A$304,0)),"Code inconnu")) | F10: =IF(D10="","",IFERROR(INDEX('Équipements'!$D$5:$D$304,MATCH(D10,'Équipements'!$A$5:$A$304,0)),"")) | G10: =IF(D10="","",IFERROR(INDEX('Équipements'!$K$5:$K$304,MATCH(D10,'Équipements'!$A$5:$A$304,0)),"")) | H10: Préventif systématique | I10: GP-058 | J10: Mécanique | K10: P3 - Normale | L10: Nettoyage torche et contrôle faisceau | N10: Gamme réalisée - RAS | O10: Lucas Fontaine | P10: 45663 | Q10: 45663.368 | R10: 45663.399 | S10: 0.8 | T10: 0.75 | U10: =IF($A10="","",IFERROR(INDEX('Techniciens'!$F$5:$F$44,MATCH(O10,'Techniciens'!$B$5:$B$44,0)),'Paramètres'!$AA$10)) | V10: =IF($A10="","",IF(OR(AC10="Demandé",AC10="Planifié",AC10="Annulé"),0,N(T10)*N(U10))) | W10: =IF($A10="","",SUMIFS('Mouvements stock'!$H$5:$H$3004,'Mouvements stock'!$I$5:$I$3004,$A10,'Mouvements stock'!$C$5:$C$3004,"Sortie")-SUMIFS('Mouvements stock'!$H$5:$H$3004,'Mouvements stock'!$I$5:$I$3004,$A10,'Mouvements stock'!$C$5:$C$3004,"Retour")) | X10: 0 | Y10: 0 | AA10: =IF($A10="","",N(V10)+N(W10)+N(X10)+N(Y10)) | AB10: =IF($A10="","",N(S10)*'Paramètres'!$AA$9*IFERROR(INDEX('Paramètres'!$O$5:$O$7,MATCH(G10,'Paramètres'!$N$5:$N$7,0)),0)) | AC10: Clôturé | AD10: =IF(OR($A10="",Q10=""),"",(Q10-B10)*24) | AE10: =IF(OR(Q10="",R10=""),"",(R10-Q10)*24) | AF10: =IF(OR($A10="",B10=""),"",YEAR(B10)) | AG10: =IF(OR($A10="",B10=""),"",MONTH(B10))
A11: OT-2025-0007 | B11: 45659.333 | C11: Plan préventif | D11: EQ-PEI-001 | E11: =IF(D11="","",IFERROR(INDEX('Équipements'!$B$5:$B$304,MATCH(D11,'Équipements'!$A$5:$A$304,0)),"Code inconnu")) | F11: =IF(D11="","",IFERROR(INDEX('Équipements'!$D$5:$D$304,MATCH(D11,'Équipements'!$A$5:$A$304,0)),"")) | G11: =IF(D11="","",IFERROR(INDEX('Équipements'!$K$5:$K$304,MATCH(D11,'Équipements'!$A$5:$A$304,0)),"")) | H11: Préventif systématique | I11: GP-066 | J11: Mécanique | K11: P3 - Normale | L11: Nettoyage et remplacement des filtres | N11: Gamme réalisée - serrages repris | O11: Lucas Fontaine | P11: 45665 | Q11: 45665.41 | R11: 45665.545 | S11: 1.6 | T11: 3.25 | U11: =IF($A11="","",IFERROR(INDEX('Techniciens'!$F$5:$F$44,MATCH(O11,'Techniciens'!$B$5:$B$44,0)),'Paramètres'!$AA$10)) | V11: =IF($A11="","",IF(OR(AC11="Demandé",AC11="Planifié",AC11="Annulé"),0,N(T11)*N(U11))) | W11: =IF($A11="","",SUMIFS('Mouvements stock'!$H$5:$H$3004,'Mouvements stock'!$I$5:$I$3004,$A11,'Mouvements stock'!$C$5:$C$3004,"Sortie")-SUMIFS('Mouvements stock'!$H$5:$H$3004,'Mouvements stock'!$I$5:$I$3004,$A11,'Mouvements stock'!$C$5:$C$3004,"Retour")) | X11: 0 | Y11: 0 | AA11: =IF($A11="","",N(V11)+N(W11)+N(X11)+N(Y11)) | AB11: =IF($A11="","",N(S11)*'Paramètres'!$AA$9*IFERROR(INDEX('Paramètres'!$O$5:$O$7,MATCH(G11,'Paramètres'!$N$5:$N$7,0)),0)) | AC11: Clôturé | AD11: =IF(OR($A11="",Q11=""),"",(Q11-B11)*24) | AE11: =IF(OR(Q11="",R11=""),"",(R11-Q11)*24) | AF11: =IF(OR($A11="",B11=""),"",YEAR(B11)) | AG11: =IF(OR($A11="",B11=""),"",MONTH(B11))
A12: OT-2025-0008 | B12: 45659.333 | C12: Plan préventif | D12: EQ-ASS-006 | E12: =IF(D12="","",IFERROR(INDEX('Équipements'!$B$5:$B$304,MATCH(D12,'Équipements'!$A$5:$A$304,0)),"Code inconnu")) | F12: =IF(D12="","",IFERROR(INDEX('Équipements'!$D$5:$D$304,MATCH(D12,'Équipements'!$A$5:$A$304,0)),"")) | G12: =IF(D12="","",IFERROR(INDEX('Équipements'!$K$5:$K$304,MATCH(D12,'Équipements'!$A$5:$A$304,0)),"")) | H12: Préventif systématique | I12: GP-086 | J12: Mécanique | K12: P3 - Normale | L12: Contrôle motoréducteurs et usure | N12: Gamme réalisée - petite fuite corrigée | O12: Karim Benali | P12: 45659 | Q12: 45659.594 | R12: 45659.771 | S12: 4.2 | T12: 4.25 | U12: =IF($A12="","",IFERROR(INDEX('Techniciens'!$F$5:$F$44,MATCH(O12,'Techniciens'!$B$5:$B$44,0)),'Paramètres'!$AA$10)) | V12: =IF($A12="","",IF(OR(AC12="Demandé",AC12="Planifié",AC12="Annulé"),0,N(T12)*N(U12))) | W12: =IF($A12="","",SUMIFS('Mouvements stock'!$H$5:$H$3004,'Mouvements stock'!$I$5:$I$3004,$A12,'Mouvements stock'!$C$5:$C$3004,"Sortie")-SUMIFS('Mouvements stock'!$H$5:$H$3004,'Mouvements stock'!$I$5:$I$3004,$A12,'Mouvements stock'!$C$5:$C$3004,"Retour")) | X12: 0 | Y12: 0 | AA12: =IF($A12="","",N(V12)+N(W12)+N(X12)+N(Y12)) | AB12: =IF($A12="","",N(S12)*'Paramètres'!$AA$9*IFERROR(INDEX('Paramètres'!$O$5:$O$7,MATCH(G12,'Paramètres'!$N$5:$N$7,0)),0)) | AC12: Clôturé | AD12: =IF(OR($A12="",Q12=""),"",(Q12-B12)*24) | AE12: =IF(OR(Q12="",R12=""),"",(R12-Q12)*24) | AF12: =IF(OR($A12="",B12=""),"",YEAR(B12)) | AG12: =IF(OR($A12="",B12=""),"",MONTH(B12))
A13: OT-2025-0009 | B13: 45659.333 | C13: Plan préventif | D13: EQ-UTI-001 | E13: =IF(D13="","",IFERROR(INDEX('Équipements'!$B$5:$B$304,MATCH(D13,'Équipements'!$A$5:$A$304,0)),"Code inconnu")) | F13: =IF(D13="","",IFERROR(INDEX('Équipements'!$D$5:$D$304,MATCH(D13,'Équipements'!$A$5:$A$304,0)),"")) | G13: =IF(D13="","",IFERROR(INDEX('Équipements'!$K$5:$K$304,MATCH(D13,'Équipements'!$A$5:$A$304,0)),"")) | H13: Préventif conditionnel | I13: GP-087 | J13: Mécanique | K13: P3 - Normale | L13: Entretien 2000 h : filtres air/huile, séparateur | N13: Gamme réalisée - RAS | O13: Lucas Fontaine | P13: 45659 | Q13: 45659.51 | R13: 45659.698 | S13: 0 | T13: 4.5 | U13: =IF($A13="","",IFERROR(INDEX('Techniciens'!$F$5:$F$44,MATCH(O13,'Techniciens'!$B$5:$B$44,0)),'Paramètres'!$AA$10)) | V13: =IF($A13="","",IF(OR(AC13="Demandé",AC13="Planifié",AC13="Annulé"),0,N(T13)*N(U13))) | W13: =IF($A13="","",SUMIFS('Mouvements stock'!$H$5:$H$3004,'Mouvements stock'!$I$5:$I$3004,$A13,'Mouvements stock'!$C$5:$C$3004,"Sortie")-SUMIFS('Mouvements stock'!$H$5:$H$3004,'Mouvements stock'!$I$5:$I$3004,$A13,'Mouvements stock'!$C$5:$C$3004,"Retour")) | X13: 0 | Y13: 0 | AA13: =IF($A13="","",N(V13)+N(W13)+N(X13)+N(Y13)) | AB13: =IF($A13="","",N(S13)*'Paramètres'!$AA$9*IFERROR(INDEX('Paramètres'!$O$5:$O$7,MATCH(G13,'Paramètres'!$N$5:$N$7,0)),0)) | AC13: Clôturé | AD13: =IF(OR($A13="",Q13=""),"",(Q13-B13)*24) | AE13: =IF(OR(Q13="",R13=""),"",(R13-Q13)*24) | AF13: =IF(OR($A13="",B13=""),"",YEAR(B13)) | AG13: =IF(OR($A13="",B13=""),"",MONTH(B13))
A14: OT-2025-0010 | B14: 45659.333 | C14: Plan préventif | D14: EQ-UTI-003 | E14: =IF(D14="","",IFERROR(INDEX('Équipements'!$B$5:$B$304,MATCH(D14,'Équipements'!$A$5:$A$304,0)),"Code inconnu")) | F14: =IF(D14="","",IFERROR(INDEX('Équipements'!$D$5:$D$304,MATCH(D14,'Équipements'!$A$5:$A$304,0)),"")) | G14: =IF(D14="","",IFERROR(INDEX('Équipements'!$K$5:$K$304,MATCH(D14,'Équipements'!$A$5:$A$304,0)),"")) | H14: Préventif systématique | I14: GP-092 | J14: Pneumatique | K14: P3 - Normale | L14: Purge, contrôle fuites et point de rosée | N14: Gamme réalisée - RAS | O14: Julien Moreau | P14: 45665 | Q14: 45665.302 | R14: 45665.354 | S14: 0 | T14: 1.25 | U14: =IF($A14="","",IFERROR(INDEX('Techniciens'!$F$5:$F$44,MATCH(O14,'Techniciens'!$B$5:$B$44,0)),'Paramètres'!$AA$10)) | V14: =IF($A14="","",IF(OR(AC14="Demandé",AC14="Planifié",AC14="Annulé"),0,N(T14)*N(U14))) | W14: =IF($A14="","",SUMIFS('Mouvements stock'!$H$5:$H$3004,'Mouvements stock'!$I$5:$I$3004,$A14,'Mouvements stock'!$C$5:$C$3004,"Sortie")-SUMIFS('Mouvements stock'!$H$5:$H$3004,'Mouvements stock'!$I$5:$I$3004,$A14,'Mouvements stock'!$C$5:$C$3004,"Retour")) | X14: 0 | Y14: 0 | AA14: =IF($A14="","",N(V14)+N(W14)+N(X14)+N(Y14)) | AB14: =IF($A14="","",N(S14)*'Paramètres'!$AA$9*IFERROR(INDEX('Paramètres'!$O$5:$O$7,MATCH(G14,'Paramètres'!$N$5:$N$7,0)),0)) | AC14: Clôturé | AD14: =IF(OR($A14="",Q14=""),"",(Q14-B14)*24) | AE14: =IF(OR(Q14="",R14=""),"",(R14-Q14)*24) | AF14: =IF(OR($A14="",B14=""),"",YEAR(B14)) | AG14: =IF(OR($A14="",B14=""),"",MONTH(B14))
A15: OT-2025-0011 | B15: 45659.333 | C15: Plan préventif | D15: EQ-LOG-004 | E15: =IF(D15="","",IFERROR(INDEX('Équipements'!$B$5:$B$304,MATCH(D15,'Équipements'!$A$5:$A$304,0)),"Code inconnu")) | F15: =IF(D15="","",IFERROR(INDEX('Équipements'!$D$5:$D$304,MATCH(D15,'Équipements'!$A$5:$A$304,0)),"")) | G15: =IF(D15="","",IFERROR(INDEX('Équipements'!$K$5:$K$304,MATCH(D15,'Équipements'!$A$5:$A$304,0)),"")) | H15: Préventif systématique | I15: GP-112 | J15: Mécanique | K15: P3 - Normale | L15: Contrôle batterie, niveaux et bandages | N15: Gamme réalisée - RAS | O15: Karim Benali | P15: 45663 | Q15: 45663.385 | R15: 45663.427 | S15: 0 | T15: 1 | U15: =IF($A15="","",IFERROR(INDEX('Techniciens'!$F$5:$F$44,MATCH(O15,'Techniciens'!$B$5:$B$44,0)),'Paramètres'!$AA$10)) | V15: =IF($A15="","",IF(OR(AC15="Demandé",AC15="Planifié",AC15="Annulé"),0,N(T15)*N(U15))) | W15: =IF($A15="","",SUMIFS('Mouvements stock'!$H$5:$H$3004,'Mouvements stock'!$I$5:$I$3004,$A15,'Mouvements stock'!$C$5:$C$3004,"Sortie")-SUMIFS('Mouvements stock'!$H$5:$H$3004,'Mouvements stock'!$I$5:$I$3004,$A15,'Mouvements stock'!$C$5:$C$3004,"Retour")) | X15: 0 | Y15: 0 | AA15: =IF($A15="","",N(V15)+N(W15)+N(X15)+N(Y15)) | AB15: =IF($A15="","",N(S15)*'Paramètres'!$AA$9*IFERROR(INDEX('Paramètres'!$O$5:$O$7,MATCH(G15,'Paramètres'!$N$5:$N$7,0)),0)) | AC15: Clôturé | AD15: =IF(OR($A15="",Q15=""),"",(Q15-B15)*24) | AE15: =IF(OR(Q15="",R15=""),"",(R15-Q15)*24) | AF15: =IF(OR($A15="",B15=""),"",YEAR(B15)) | AG15: =IF(OR($A15="",B15=""),"",MONTH(B15))
A16: OT-2025-0012 | B16: 45659.333 | C16: Planning réglementaire | D16: EQ-LOG-002 | E16: =IF(D16="","",IFERROR(INDEX('Équipements'!$B$5:$B$304,MATCH(D16,'Équipements'!$A$5:$A$304,0)),"Code inconnu")) | F16: =IF(D16="","",IFERROR(INDEX('Équipements'!$D$5:$D$304,MATCH(D16,'Équipements'!$A$5:$A$304,0)),"")) | G16: =IF(D16="","",IFERROR(INDEX('Équipements'!$K$5:$K$304,MATCH(D16,'Équipements'!$A$5:$A$304,0)),"")) | H16: Réglementaire | I16: CR-005 | J16: Multi-technique | K16: P2 - Haute | L16: VGP chariot automoteur | N16: Contrôle réalisé - rapport reçu | O16: Marc Lefèvre | P16: 45663 | Q16: 45663.448 | R16: 45663.469 | S16: 0 | T16: 0.5 | U16: =IF($A16="","",IFERROR(INDEX('Techniciens'!$F$5:$F$44,MATCH(O16,'Techniciens'!$B$5:$B$44,0)),'Paramètres'!$AA$10)) | V16: =IF($A16="","",IF(OR(AC16="Demandé",AC16="Planifié",AC16="Annulé"),0,N(T16)*N(U16))) | W16: =IF($A16="","",SUMIFS('Mouvements stock'!$H$5:$H$3004,'Mouvements stock'!$I$5:$I$3004,$A16,'Mouvements stock'!$C$5:$C$3004,"Sortie")-SUMIFS('Mouvements stock'!$H$5:$H$3004,'Mouvements stock'!$I$5:$I$3004,$A16,'Mouvements stock'!$C$5:$C$3004,"Retour")) | X16: 0 | Y16: 120 | Z16: CONTROLIS (organisme fictif) | AA16: =IF($A16="","",N(V16)+N(W16)+N(X16)+N(Y16)) | AB16: =IF($A16="","",N(S16)*'Paramètres'!$AA$9*IFERROR(INDEX('Paramètres'!$O$5:$O$7,MATCH(G16,'Paramètres'!$N$5:$N$7,0)),0)) | AC16: Clôturé | AD16: =IF(OR($A16="",Q16=""),"",(Q16-B16)*24) | AE16: =IF(OR(Q16="",R16=""),"",(R16-Q16)*24) | AF16: =IF(OR($A16="",B16=""),"",YEAR(B16)) | AG16: =IF(OR($A16="",B16=""),"",MONTH(B16))
A17: OT-2025-0013 | B17: 45659.333 | C17: Planning réglementaire | D17: EQ-BAT-004 | E17: =IF(D17="","",IFERROR(INDEX('Équipements'!$B$5:$B$304,MATCH(D17,'Équipements'!$A$5:$A$304,0)),"Code inconnu")) | F17: =IF(D17="","",IFERROR(INDEX('Équipements'!$D$5:$D$304,MATCH(D17,'Équipements'!$A$5:$A$304,0)),"")) | G17: =IF(D17="","",IFERROR(INDEX('Équipements'!$K$5:$K$304,MATCH(D17,'Équipements'!$A$5:$A$304,0)),"")) | H17: Réglementaire | I17: CR-018 | J17: Multi-technique | K17: P2 - Haute | L17: Vérification semestrielle installation sprinklers | N17: Contrôle réalisé - observations mineures au rapport | O17: Marc Lefèvre | P17: 45663 | Q17: 45663.514 | R17: 45663.576 | S17: 0 | T17: 1.5 | U17: =IF($A17="","",IFERROR(INDEX('Techniciens'!$F$5:$F$44,MATCH(O17,'Techniciens'!$B$5:$B$44,0)),'Paramètres'!$AA$10)) | V17: =IF($A17="","",IF(OR(AC17="Demandé",AC17="Planifié",AC17="Annulé"),0,N(T17)*N(U17))) | W17: =IF($A17="","",SUMIFS('Mouvements stock'!$H$5:$H$3004,'Mouvements stock'!$I$5:$I$3004,$A17,'Mouvements stock'!$C$5:$C$3004,"Sortie")-SUMIFS('Mouvements stock'!$H$5:$H$3004,'Mouvements stock'!$I$5:$I$3004,$A17,'Mouvements stock'!$C$5:$C$3004,"Retour")) | X17: 0 | Y17: 950 | Z17: Sécurité Incendie Ouest | AA17: =IF($A17="","",N(V17)+N(W17)+N(X17)+N(Y17)) | AB17: =IF($A17="","",N(S17)*'Paramètres'!$AA$9*IFERROR(INDEX('Paramètres'!$O$5:$O$7,MATCH(G17,'Paramètres'!$N$5:$N$7,0)),0)) | AC17: Clôturé | AD17: =IF(OR($A17="",Q17=""),"",(Q17-B17)*24) | AE17: =IF(OR(Q17="",R17=""),"",(R17-Q17)*24) | AF17: =IF(OR($A17="",B17=""),"",YEAR(B17)) | AG17: =IF(OR($A17="",B17=""),"",MONTH(B17))
A18: OT-2025-0014 | B18: 45659.354 | C18: Plan préventif | D18: EQ-TOL-001 | E18: =IF(D18="","",IFERROR(INDEX('Équipements'!$B$5:$B$304,MATCH(D18,'Équipements'!$A$5:$A$304,0)),"Code inconnu")) | F18: =IF(D18="","",IFERROR(INDEX('Équipements'!$D$5:$D$304,MATCH(D18,'Équipements'!$A$5:$A$304,0)),"")) | G18: =IF(D18="","",IFERROR(INDEX('Équipements'!$K$5:$K$304,MATCH(D18,'Équipements'!$A$5:$A$304,0)),"")) | H18: Préventif systématique | I18: GP-038 | J18: Mécanique | K18: P3 - Normale | L18: Nettoyage optique, contrôle buse et lentille | N18: Gamme réalisée - usure constatée, à surveiller | O18: Karim Benali | P18: 45666 | Q18: 45666.323 | R18: 45666.427 | S18: 0 | T18: 2.5 | U18: =IF($A18="","",IFERROR(INDEX('Techniciens'!$F$5:$F$44,MATCH(O18,'Techniciens'!$B$5:$B$44,0)),'Paramètres'!$AA$10)) | V18: =IF($A18="","",IF(OR(AC18="Demandé",AC18="Planifié",AC18="Annulé"),0,N(T18)*N(U18))) | W18: =IF($A18="","",SUMIFS('Mouvements stock'!$H$5:$H$3004,'Mouvements stock'!$I$5:$I$3004,$A18,'Mouvements stock'!$C$5:$C$3004,"Sortie")-SUMIFS('Mouvements stock'!$H$5:$H$3004,'Mouvements stock'!$I$5:$I$3004,$A18,'Mouvements stock'!$C$5:$C$3004,"Retour")) | X18: 0 | Y18: 0 | AA18: =IF($A18="","",N(V18)+N(W18)+N(X18)+N(Y18)) | AB18: =IF($A18="","",N(S18)*'Paramètres'!$AA$9*IFERROR(INDEX('Paramètres'!$O$5:$O$7,MATCH(G18,'Paramètres'!$N$5:$N$7,0)),0)) | AC18: Clôturé | AD18: =IF(OR($A18="",Q18=""),"",(Q18-B18)*24) | AE18: =IF(OR(Q18="",R18=""),"",(R18-Q18)*24) | AF18: =IF(OR($A18="",B18=""),"",YEAR(B18)) | AG18: =IF(OR($A18="",B18=""),"",MONTH(B18))
A19: OT-2025-0015 | B19: 45659.385 | C19: Plan préventif | D19: EQ-TOL-003 | E19: =IF(D19="","",IFERROR(INDEX('Équipements'!$B$5:$B$304,MATCH(D19,'Équipements'!$A$5:$A$304,0)),"Code inconnu")) | F19: =IF(D19="","",IFERROR(INDEX('Équipements'!$D$5:$D$304,MATCH(D19,'Équipements'!$A$5:$A$304,0)),"")) | G19: =IF(D19="","",IFERROR(INDEX('Équipements'!$K$5:$K$304,MATCH(D19,'Équipements'!$A$5:$A$304,0)),"")) | H19: Préventif systématique | I19: GP-044 | J19: Hydraulique | K19: P3 - Normale | L19: Contrôle hydraulique : fuites, niveaux, pressions | N19: Gamme réalisée - RAS | O19: Karim Benali | P19: 45666 | Q19: 45666.368 | R19: 45666.483 | S19: 2.8 | T19: 2.75 | U19: =IF($A19="","",IFERROR(INDEX('Techniciens'!$F$5:$F$44,MATCH(O19,'Techniciens'!$B$5:$B$44,0)),'Paramètres'!$AA$10)) | V19: =IF($A19="","",IF(OR(AC19="Demandé",AC19="Planifié",AC19="Annulé"),0,N(T19)*N(U19))) | W19: =IF($A19="","",SUMIFS('Mouvements stock'!$H$5:$H$3004,'Mouvements stock'!$I$5:$I$3004,$A19,'Mouvements stock'!$C$5:$C$3004,"Sortie")-SUMIFS('Mouvements stock'!$H$5:$H$3004,'Mouvements stock'!$I$5:$I$3004,$A19,'Mouvements stock'!$C$5:$C$3004,"Retour")) | X19: 0 | Y19: 0 | AA19: =IF($A19="","",N(V19)+N(W19)+N(X19)+N(Y19)) | AB19: =IF($A19="","",N(S19)*'Paramètres'!$AA$9*IFERROR(INDEX('Paramètres'!$O$5:$O$7,MATCH(G19,'Paramètres'!$N$5:$N$7,0)),0)) | AC19: Clôturé | AD19: =IF(OR($A19="",Q19=""),"",(Q19-B19)*24) | AE19: =IF(OR(Q19="",R19=""),"",(R19-Q19)*24) | AF19: =IF(OR($A19="",B19=""),"",YEAR(B19)) | AG19: =IF(OR($A19="",B19=""),"",MONTH(B19))
A20: OT-2025-0016 | B20: 45659.424 | C20: Plan préventif | D20: EQ-UTI-001 | E20: =IF(D20="","",IFERROR(INDEX('Équipements'!$B$5:$B$304,MATCH(D20,'Équipements'!$A$5:$A$304,0)),"Code inconnu")) | F20: =IF(D20="","",IFERROR(INDEX('Équipements'!$D$5:$D$304,MATCH(D20,'Équipements'!$A$5:$A$304,0)),"")) | G20: =IF(D20="","",IFERROR(INDEX('Équipements'!$K$5:$K$304,MATCH(D20,'Équipements'!$A$5:$A$304,0)),"")) | H20: Préventif systématique | I20: GP-088 | J20: Pneumatique | K20: P3 - Normale | L20: Purge, contrôle fuites et point de rosée | N20: Gamme réalisée - RAS | O20: Julien Moreau | P20: 45666 | Q20: 45666.25 | R20: 45666.312 | S20: 0 | T20: 1.5 | U20: =IF($A20="","",IFERROR(INDEX('Techniciens'!$F$5:$F$44,MATCH(O20,'Techniciens'!$B$5:$B$44,0)),'Paramètres'!$AA$10)) | V20: =IF($A20="","",IF(OR(AC20="Demandé",AC20="Planifié",AC20="Annulé"),0,N(T20)*N(U20))) | W20: =IF($A20="","",SUMIFS('Mouvements stock'!$H$5:$H$3004,'Mouvements stock'!$I$5:$I$3004,$A20,'Mouvements stock'!$C$5:$C$3004,"Sortie")-SUMIFS('Mouvements stock'!$H$5:$H$3004,'Mouvements stock'!$I$5:$I$3004,$A20,'Mouvements stock'!$C$5:$C$3004,"Retour")) | X20: 0 | Y20: 0 | AA20: =IF($A20="","",N(V20)+N(W20)+N(X20)+N(Y20)) | AB20: =IF($A20="","",N(S20)*'Paramètres'!$AA$9*IFERROR(INDEX('Paramètres'!$O$5:$O$7,MATCH(G20,'Paramètres'!$N$5:$N$7,0)),0)) | AC20: Clôturé | AD20: =IF(OR($A20="",Q20=""),"",(Q20-B20)*24) | AE20: =IF(OR(Q20="",R20=""),"",(R20-Q20)*24) | AF20: =IF(OR($A20="",B20=""),"",YEAR(B20)) | AG20: =IF(OR($A20="",B20=""),"",MONTH(B20))
A21: OT-2025-0017 | B21: 45660.486 | C21: Plan préventif | D21: EQ-ASS-002 | E21: =IF(D21="","",IFERROR(INDEX('Équipements'!$B$5:$B$304,MATCH(D21,'Équipements'!$A$5:$A$304,0)),"Code inconnu")) | F21: =IF(D21="","",IFERROR(INDEX('Équipements'!$D$5:$D$304,MATCH(D21,'Équipements'!$A$5:$A$304,0)),"")) | G21: =IF(D21="","",IFERROR(INDEX('Équipements'!$K$5:$K$304,MATCH(D21,'Équipements'!$A$5:$A$304,0)),"")) | H21: Préventif systématique | I21: GP-078 | J21: Hydraulique | K21: P3 - Normale | L21: Contrôle hydraulique : fuites, niveaux, pressions | N21: Gamme réalisée - RAS | O21: Karim Benali | P21: 45667 | Q21: 45667.521 | R21: 45667.604 | S21: 0 | T21: 2 | U21: =IF($A21="","",IFERROR(INDEX('Techniciens'!$F$5:$F$44,MATCH(O21,'Techniciens'!$B$5:$B$44,0)),'Paramètres'!$AA$10)) | V21: =IF($A21="","",IF(OR(AC21="Demandé",AC21="Planifié",AC21="Annulé"),0,N(T21)*N(U21))) | W21: =IF($A21="","",SUMIFS('Mouvements stock'!$H$5:$H$3004,'Mouvements stock'!$I$5:$I$3004,$A21,'Mouvements stock'!$C$5:$C$3004,"Sortie")-SUMIFS('Mouvements stock'!$H$5:$H$3004,'Mouvements stock'!$I$5:$I$3004,$A21,'Mouvements stock'!$C$5:$C$3004,"Retour")) | X21: 0 | Y21: 0 | AA21: =IF($A21="","",N(V21)+N(W21)+N(X21)+N(Y21)) | AB21: =IF($A21="","",N(S21)*'Paramètres'!$AA$9*IFERROR(INDEX('Paramètres'!$O$5:$O$7,MATCH(G21,'Paramètres'!$N$5:$N$7,0)),0)) | AC21: Clôturé | AD21: =IF(OR($A21="",Q21=""),"",(Q21-B21)*24) | AE21: =IF(OR(Q21="",R21=""),"",(R21-Q21)*24) | AF21: =IF(OR($A21="",B21=""),"",YEAR(B21)) | AG21: =IF(OR($A21="",B21=""),"",MONTH(B21))
A22: OT-2025-0018 | B22: 45660.493 | C22: Plan préventif | D22: EQ-USI-007 | E22: =IF(D22="","",IFERROR(INDEX('Équipements'!$B$5:$B$304,MATCH(D22,'Équipements'!$A$5:$A$304,0)),"Code inconnu")) | F22: =IF(D22="","",IFERROR(INDEX('Équipements'!$D$5:$D$304,MATCH(D22,'Équipements'!$A$5:$A$304,0)),"")) | G22: =IF(D22="","",IFERROR(INDEX('Équipements'!$K$5:$K$304,MATCH(D22,'Équipements'!$A$5:$A$304,0)),"")) | H22: Préventif systématique | I22: GP-025 | J22: Mécanique | K22: P3 - Normale | L22: Contrôle niveaux, nettoyage filtres et bac à copeaux | N22: Gamme réalisée - RAS | O22: Lucas Fontaine | P22: 45667 | Q22: 45667.451 | R22: 45667.524 | S22: 0 | T22: 1.75 | U22: =IF($A22="","",IFERROR(INDEX('Techniciens'!$F$5:$F$44,MATCH(O22,'Techniciens'!$B$5:$B$44,0)),'Paramètres'!$AA$10)) | V22: =IF($A22="","",IF(OR(AC22="Demandé",AC22="Planifié",AC22="Annulé"),0,N(T22)*N(U22))) | W22: =IF($A22="","",SUMIFS('Mouvements stock'!$H$5:$H$3004,'Mouvements stock'!$I$5:$I$3004,$A22,'Mouvements stock'!$C$5:$C$3004,"Sortie")-SUMIFS('Mouvements stock'!$H$5:$H$3004,'Mouvements stock'!$I$5:$I$3004,$A22,'Mouvements stock'!$C$5:$C$3004,"Retour")) | X22: 0 | Y22: 0 | AA22: =IF($A22="","",N(V22)+N(W22)+N(X22)+N(Y22)) | AB22: =IF($A22="","",N(S22)*'Paramètres'!$AA$9*IFERROR(INDEX('Paramètres'!$O$5:$O$7,MATCH(G22,'Paramètres'!$N$5:$N$7,0)),0)) | AC22: Clôturé | AD22: =IF(OR($A22="",Q22=""),"",(Q22-B22)*24) | AE22: =IF(OR(Q22="",R22=""),"",(R22-Q22)*24) | AF22: =IF(OR($A22="",B22=""),"",YEAR(B22)) | AG22: =IF(OR($A22="",B22=""),"",MONTH(B22))
A23: OT-2025-0019 | B23: 45661.613 | C23: Opérateur usinage | D23: EQ-USI-003 | E23: =IF(D23="","",IFERROR(INDEX('Équipements'!$B$5:$B$304,MATCH(D23,'Équipements'!$A$5:$A$304,0)),"Code inconnu")) | F23: =IF(D23="","",IFERROR(INDEX('Équipements'!$D$5:$D$304,MATCH(D23,'Équipements'!$A$5:$A$304,0)),"")) | G23: =IF(D23="","",IFERROR(INDEX('Équipements'!$K$5:$K$304,MATCH(D23,'Équipements'!$A$5:$A$304,0)),"")) | H23: Correctif | J23: Électrique | K23: P2 - Haute | L23: Alarme codeur axe X | M23: Défaut capteur | N23: Contrôle câblage, remplacement codeur | O23: Antoine Mercier | Q23: 45661.737 | R23: 45661.883 | S23: 6.5 | T23: 3.5 | U23: =IF($A23="","",IFERROR(INDEX('Techniciens'!$F$5:$F$44,MATCH(O23,'Techniciens'!$B$5:$B$44,0)),'Paramètres'!$AA$10)) | V23: =IF($A23="","",IF(OR(AC23="Demandé",AC23="Planifié",AC23="Annulé"),0,N(T23)*N(U23))) | W23: =IF($A23="","",SUMIFS('Mouvements stock'!$H$5:$H$3004,'Mouvements stock'!$I$5:$I$3004,$A23,'Mouvements stock'!$C$5:$C$3004,"Sortie")-SUMIFS('Mouvements stock'!$H$5:$H$3004,'Mouvements stock'!$I$5:$I$3004,$A23,'Mouvements stock'!$C$5:$C$3004,"Retour")) | X23: 0 | Y23: 0 | AA23: =IF($A23="","",N(V23)+N(W23)+N(X23)+N(Y23)) | AB23: =IF($A23="","",N(S23)*'Paramètres'!$AA$9*IFERROR(INDEX('Paramètres'!$O$5:$O$7,MATCH(G23,'Paramètres'!$N$5:$N$7,0)),0)) | AC23: Clôturé | AD23: =IF(OR($A23="",Q23=""),"",(Q23-B23)*24) | AE23: =IF(OR(Q23="",R23=""),"",(R23-Q23)*24) | AF23: =IF(OR($A23="",B23=""),"",YEAR(B23)) | AG23: =IF(OR($A23="",B23=""),"",MONTH(B23))
A24: OT-2025-0020 | B24: 45661.715 | C24: Opérateur soudure | D24: EQ-SOU-002 | E24: =IF(D24="","",IFERROR(INDEX('Équipements'!$B$5:$B$304,MATCH(D24,'Équipements'!$A$5:$A$304,0)),"Code inconnu")) | F24: =IF(D24="","",IFERROR(INDEX('Équipements'!$D$5:$D$304,MATCH(D24,'Équipements'!$A$5:$A$304,0)),"")) | G24: =IF(D24="","",IFERROR(INDEX('Équipements'!$K$5:$K$304,MATCH(D24,'Équipements'!$A$5:$A$304,0)),"")) | H24: Correctif | J24: Mécanique | K24: P3 - Normale | L24: Torche défectueuse | M24: Usure | N24: Réparation torche, remplacement buse | O24: Lucas Fontaine | Q24: 45662.223 | R24: 45662.4 | S24: 0 | T24: 4.25 | U24: =IF($A24="","",IFERROR(INDEX('Techniciens'!$F$5:$F$44,MATCH(O24,'Techniciens'!$B$5:$B$44,0)),'Paramètres'!$AA$10)) | V24: =IF($A24="","",IF(OR(AC24="Demandé",AC24="Planifié",AC24="Annulé"),0,N(T24)*N(U24))) | W24: =IF($A24="","",SUMIFS('Mouvements stock'!$H$5:$H$3004,'Mouvements stock'!$I$5:$I$3004,$A24,'Mouvements stock'!$C$5:$C$3004,"Sortie")-SUMIFS('Mouvements stock'!$H$5:$H$3004,'Mouvements stock'!$I$5:$I$3004,$A24,'Mouvements stock'!$C$5:$C$3004,"Retour")) | X24: 0 | Y24: 0 | AA24: =IF($A24="","",N(V24)+N(W24)+N(X24)+N(Y24)) | AB24: =IF($A24="","",N(S24)*'Paramètres'!$AA$9*IFERROR(INDEX('Paramètres'!$O$5:$O$7,MATCH(G24,'Paramètres'!$N$5:$N$7,0)),0)) | AC24: Clôturé | AD24: =IF(OR($A24="",Q24=""),"",(Q24-B24)*24) | AE24: =IF(OR(Q24="",R24=""),"",(R24-Q24)*24) | AF24: =IF(OR($A24="",B24=""),"",YEAR(B24)) | AG24: =IF(OR($A24="",B24=""),"",MONTH(B24))
A25: OT-2025-0021 | B25: 45663.368 | C25: Plan préventif | D25: EQ-USI-005 | E25: =IF(D25="","",IFERROR(INDEX('Équipements'!$B$5:$B$304,MATCH(D25,'Équipements'!$A$5:$A$304,0)),"Code inconnu")) | F25: =IF(D25="","",IFERROR(INDEX('Équipements'!$D$5:$D$304,MATCH(D25,'Équipements'!$A$5:$A$304,0)),"")) | G25: =IF(D25="","",IFERROR(INDEX('Équipements'!$K$5:$K$304,MATCH(D25,'Équipements'!$A$5:$A$304,0)),"")) | H25: Préventif systématique | I25: GP-019 | J25: Hydraulique | K25: P3 - Normale | L25: Vidange groupe hydraulique et remplacement filtres | N25: Gamme réalisée - RAS | O25: Antoine Mercier | P25: 45670 | Q25: 45670.583 | R25: 45670.802 | S25: 0 | T25: 5.25 | U25: =IF($A25="","",IFERROR(INDEX('Techniciens'!$F$5:$F$44,MATCH(O25,'Techniciens'!$B$5:$B$44,0)),'Paramètres'!$AA$10)) | V25: =IF($A25="","",IF(OR(AC25="Demandé",AC25="Planifié",AC25="Annulé"),0,N(T25)*N(U25))) | W25: =IF($A25="","",SUMIFS('Mouvements stock'!$H$5:$H$3004,'Mouvements stock'!$I$5:$I$3004,$A25,'Mouvements stock'!$C$5:$C$3004,"Sortie")-SUMIFS('Mouvements stock'!$H$5:$H$3004,'Mouvements stock'!$I$5:$I$3004,$A25,'Mouvements stock'!$C$5:$C$3004,"Retour")) | X25: 0 | Y25: 0 | AA25: =IF($A25="","",N(V25)+N(W25)+N(X25)+N(Y25)) | AB25: =IF($A25="","",N(S25)*'Paramètres'!$AA$9*IFERROR(INDEX('Paramètres'!$O$5:$O$7,MATCH(G25,'Paramètres'!$N$5:$N$7,0)),0)) | AC25: Clôturé | AD25: =IF(OR($A25="",Q25=""),"",(Q25-B25)*24) | AE25: =IF(OR(Q25="",R25=""),"",(R25-Q25)*24) | AF25: =IF(OR($A25="",B25=""),"",YEAR(B25)) | AG25: =IF(OR($A25="",B25=""),"",MONTH(B25))
A26: OT-2025-0022 | B26: 45663.385 | C26: Plan préventif | D26: EQ-BAT-003 | E26: =IF(D26="","",IFERROR(INDEX('Équipements'!$B$5:$B$304,MATCH(D26,'Équipements'!$A$5:$A$304,0)),"Code inconnu")) | F26: =IF(D26="","",IFERROR(INDEX('Équipements'!$D$5:$D$304,MATCH(D26,'Équipements'!$A$5:$A$304,0)),"")) | G26: =IF(D26="","",IFERROR(INDEX('Équipements'!$K$5:$K$304,MATCH(D26,'Équipements'!$A$5:$A$304,0)),"")) | H26: Préventif systématique | I26: GP-124 | J26: Mécanique | K26: P3 - Normale | L26: Remplacement filtres et nettoyage batteries | N26: Gamme réalisée - RAS | O26: Lucas Fontaine | P26: 45670 | Q26: 45670.424 | R26: 45670.517 | S26: 0 | T26: 2.25 | U26: =IF($A26="","",IFERROR(INDEX('Techniciens'!$F$5:$F$44,MATCH(O26,'Techniciens'!$B$5:$B$44,0)),'Paramètres'!$AA$10)) | V26: =IF($A26="","",IF(OR(AC26="Demandé",AC26="Planifié",AC26="Annulé"),0,N(T26)*N(U26))) | W26: =IF($A26="","",SUMIFS('Mouvements stock'!$H$5:$H$3004,'Mouvements stock'!$I$5:$I$3004,$A26,'Mouvements stock'!$C$5:$C$3004,"Sortie")-SUMIFS('Mouvements stock'!$H$5:$H$3004,'Mouvements stock'!$I$5:$I$3004,$A26,'Mouvements stock'!$C$5:$C$3004,"Retour")) | X26: 0 | Y26: 0 | AA26: =IF($A26="","",N(V26)+N(W26)+N(X26)+N(Y26)) | AB26: =IF($A26="","",N(S26)*'Paramètres'!$AA$9*IFERROR(INDEX('Paramètres'!$O$5:$O$7,MATCH(G26,'Paramètres'!$N$5:$N$7,0)),0)) | AC26: Clôturé | AD26: =IF(OR($A26="",Q26=""),"",(Q26-B26)*24) | AE26: =IF(OR(Q26="",R26=""),"",(R26-Q26)*24) | AF26: =IF(OR($A26="",B26=""),"",YEAR(B26)) | AG26: =IF(OR($A26="",B26=""),"",MONTH(B26))
A27: OT-2025-0023 | B27: 45663.389 | C27: Planning réglementaire | D27: EQ-TOL-002 | E27: =IF(D27="","",IFERROR(INDEX('Équipements'!$B$5:$B$304,MATCH(D27,'Équipements'!$A$5:$A$304,0)),"Code inconnu")) | F27: =IF(D27="","",IFERROR(INDEX('Équipements'!$D$5:$D$304,MATCH(D27,'Équipements'!$A$5:$A$304,0)),"")) | G27: =IF(D27="","",IFERROR(INDEX('Équipements'!$K$5:$K$304,MATCH(D27,'Équipements'!$A$5:$A$304,0)),"")) | H27: Réglementaire | I27: CR-010 | J27: Multi-technique | K27: P2 - Haute | L27: Vérification périodique presse plieuse | N27: Contrôle réalisé - observations mineures au rapport | O27: Nadia Rousseau | P27: 45684 | Q27: 45684.556 | R27: 45684.67 | S27: 1 | T27: 2.75 | U27: =IF($A27="","",IFERROR(INDEX('Techniciens'!$F$5:$F$44,MATCH(O27,'Techniciens'!$B$5:$B$44,0)),'Paramètres'!$AA$10)) | V27: =IF($A27="","",IF(OR(AC27="Demandé",AC27="Planifié",AC27="Annulé"),0,N(T27)*N(U27))) | W27: =IF($A27="","",SUMIFS('Mouvements stock'!$H$5:$H$3004,'Mouvements stock'!$I$5:$I$3004,$A27,'Mouvements stock'!$C$5:$C$3004,"Sortie")-SUMIFS('Mouvements stock'!$H$5:$H$3004,'Mouvements stock'!$I$5:$I$3004,$A27,'Mouvements stock'!$C$5:$C$3004,"Retour")) | X27: 0 | Y27: 230 | Z27: CONTROLIS (organisme fictif) | AA27: =IF($A27="","",N(V27)+N(W27)+N(X27)+N(Y27)) | AB27: =IF($A27="","",N(S27)*'Paramètres'!$AA$9*IFERROR(INDEX('Paramètres'!$O$5:$O$7,MATCH(G27,'Paramètres'!$N$5:$N$7,0)),0)) | AC27: Clôturé | AD27: =IF(OR($A27="",Q27=""),"",(Q27-B27)*24) | AE27: =IF(OR(Q27="",R27=""),"",(R27-Q27)*24) | AF27: =IF(OR($A27="",B27=""),"",YEAR(B27)) | AG27: =IF(OR($A27="",B27=""),"",MONTH(B27))
A28: OT-2025-0024 | B28: 45663.438 | C28: Plan préventif | D28: EQ-ASS-001 | E28: =IF(D28="","",IFERROR(INDEX('Équipements'!$B$5:$B$304,MATCH(D28,'Équipements'!$A$5:$A$304,0)),"Code inconnu")) | F28: =IF(D28="","",IFERROR(INDEX('Équipements'!$D$5:$D$304,MATCH(D28,'Équipements'!$A$5:$A$304,0)),"")) | G28: =IF(D28="","",IFERROR(INDEX('Équipements'!$K$5:$K$304,MATCH(D28,'Équipements'!$A$5:$A$304,0)),"")) | H28: Préventif systématique | I28: GP-076 | J28: Mécanique | K28: P3 - Normale | L28: Graissage chaîne / galets et contrôle tension | N28: Gamme réalisée - RAS | O28: Lucas Fontaine | P28: 45670 | Q28: 45670.427 | R28: 45670.5 | S28: 1.8 | T28: 1.75 | U28: =IF($A28="","",IFERROR(INDEX('Techniciens'!$F$5:$F$44,MATCH(O28,'Techniciens'!$B$5:$B$44,0)),'Paramètres'!$AA$10)) | V28: =IF($A28="","",IF(OR(AC28="Demandé",AC28="Planifié",AC28="Annulé"),0,N(T28)*N(U28))) | W28: =IF($A28="","",SUMIFS('Mouvements stock'!$H$5:$H$3004,'Mouvements stock'!$I$5:$I$3004,$A28,'Mouvements stock'!$C$5:$C$3004,"Sortie")-SUMIFS('Mouvements stock'!$H$5:$H$3004,'Mouvements stock'!$I$5:$I$3004,$A28,'Mouvements stock'!$C$5:$C$3004,"Retour")) | X28: 0 | Y28: 0 | AA28: =IF($A28="","",N(V28)+N(W28)+N(X28)+N(Y28)) | AB28: =IF($A28="","",N(S28)*'Paramètres'!$AA$9*IFERROR(INDEX('Paramètres'!$O$5:$O$7,MATCH(G28,'Paramètres'!$N$5:$N$7,0)),0)) | AC28: Clôturé | AD28: =IF(OR($A28="",Q28=""),"",(Q28-B28)*24) | AE28: =IF(OR(Q28="",R28=""),"",(R28-Q28)*24) | AF28: =IF(OR($A28="",B28=""),"",YEAR(B28)) | AG28: =IF(OR($A28="",B28=""),"",MONTH(B28))
A29: OT-2025-0025 | B29: 45663.444 | C29: Plan préventif | D29: EQ-UTI-009 | E29: =IF(D29="","",IFERROR(INDEX('Équipements'!$B$5:$B$304,MATCH(D29,'Équipements'!$A$5:$A$304,0)),"Code inconnu")) | F29: =IF(D29="","",IFERROR(INDEX('Équipements'!$D$5:$D$304,MATCH(D29,'Équipements'!$A$5:$A$304,0)),"")) | G29: =IF(D29="","",IFERROR(INDEX('Équipements'!$K$5:$K$304,MATCH(D29,'Équipements'!$A$5:$A$304,0)),"")) | H29: Préventif systématique | I29: GP-101 | J29: Électrique | K29: P3 - Normale | L29: Étalonnage des sondes pH / redox | N29: Gamme réalisée - serrages repris | O29: Thomas Petit | P29: 45670 | Q29: 45670.604 | R29: 45670.677 | S29: 0 | T29: 1.75 | U29: =IF($A29="","",IFERROR(INDEX('Techniciens'!$F$5:$F$44,MATCH(O29,'Techniciens'!$B$5:$B$44,0)),'Paramètres'!$AA$10)) | V29: =IF($A29="","",IF(OR(AC29="Demandé",AC29="Planifié",AC29="Annulé"),0,N(T29)*N(U29))) | W29: =IF($A29="","",SUMIFS('Mouvements stock'!$H$5:$H$3004,'Mouvements stock'!$I$5:$I$3004,$A29,'Mouvements stock'!$C$5:$C$3004,"Sortie")-SUMIFS('Mouvements stock'!$H$5:$H$3004,'Mouvements stock'!$I$5:$I$3004,$A29,'Mouvements stock'!$C$5:$C$3004,"Retour")) | X29: 0 | Y29: 0 | AA29: =IF($A29="","",N(V29)+N(W29)+N(X29)+N(Y29)) | AB29: =IF($A29="","",N(S29)*'Paramètres'!$AA$9*IFERROR(INDEX('Paramètres'!$O$5:$O$7,MATCH(G29,'Paramètres'!$N$5:$N$7,0)),0)) | AC29: Clôturé | AD29: =IF(OR($A29="",Q29=""),"",(Q29-B29)*24) | AE29: =IF(OR(Q29="",R29=""),"",(R29-Q29)*24) | AF29: =IF(OR($A29="",B29=""),"",YEAR(B29)) | AG29: =IF(OR($A29="",B29=""),"",MONTH(B29))
A30: OT-2025-0026 | B30: 45663.451 | C30: Plan préventif | D30: EQ-LOG-002 | E30: =IF(D30="","",IFERROR(INDEX('Équipements'!$B$5:$B$304,MATCH(D30,'Équipements'!$A$5:$A$304,0)),"Code inconnu")) | F30: =IF(D30="","",IFERROR(INDEX('Équipements'!$D$5:$D$304,MATCH(D30,'Équipements'!$A$5:$A$304,0)),"")) | G30: =IF(D30="","",IFERROR(INDEX('Équipements'!$K$5:$K$304,MATCH(D30,'Équipements'!$A$5:$A$304,0)),"")) | H30: Préventif systématique | I30: GP-107 | J30: Multi-technique | K30: P3 - Normale | L30: Entretien périodique constructeur | N30: Gamme réalisée - RAS | O30: Antoine Mercier | P30: 45670 | Q30: 45670.549 | R30: 45670.715 | S30: 4 | T30: 2 | U30: =IF($A30="","",IFERROR(INDEX('Techniciens'!$F$5:$F$44,MATCH(O30,'Techniciens'!$B$5:$B$44,0)),'Paramètres'!$AA$10)) | V30: =IF($A30="","",IF(OR(AC30="Demandé",AC30="Planifié",AC30="Annulé"),0,N(T30)*N(U30))) | W30: =IF($A30="","",SUMIFS('Mouvements stock'!$H$5:$H$3004,'Mouvements stock'!$I$5:$I$3004,$A30,'Mouvements stock'!$C$5:$C$3004,"Sortie")-SUMIFS('Mouvements stock'!$H$5:$H$3004,'Mouvements stock'!$I$5:$I$3004,$A30,'Mouvements stock'!$C$5:$C$3004,"Retour")) | X30: 0 | Y30: 440 | Z30: Manutention Services 44 | AA30: =IF($A30="","",N(V30)+N(W30)+N(X30)+N(Y30)) | AB30: =IF($A30="","",N(S30)*'Paramètres'!$AA$9*IFERROR(INDEX('Paramètres'!$O$5:$O$7,MATCH(G30,'Paramètres'!$N$5:$N$7,0)),0)) | AC30: Clôturé | AD30: =IF(OR($A30="",Q30=""),"",(Q30-B30)*24) | AE30: =IF(OR(Q30="",R30=""),"",(R30-Q30)*24) | AF30: =IF(OR($A30="",B30=""),"",YEAR(B30)) | AG30: =IF(OR($A30="",B30=""),"",MONTH(B30))
A31: OT-2025-0027 | B31: 45663.472 | C31: Plan préventif | D31: EQ-PEI-002 | E31: =IF(D31="","",IFERROR(INDEX('Équipements'!$B$5:$B$304,MATCH(D31,'Équipements'!$A$5:$A$304,0)),"Code inconnu")) | F31: =IF(D31="","",IFERROR(INDEX('Équipements'!$D$5:$D$304,MATCH(D31,'Équipements'!$A$5:$A$304,0)),"")) | G31: =IF(D31="","",IFERROR(INDEX('Équipements'!$K$5:$K$304,MATCH(D31,'Équipements'!$A$5:$A$304,0)),"")) | H31: Préventif systématique | I31: GP-068 | J31: Mécanique | K31: P3 - Normale | L31: Nettoyage et remplacement des filtres | N31: Gamme réalisée - RAS | O31: Karim Benali | P31: 45670 | Q31: 45670.472 | R31: 45670.618 | S31: 3.5 | T31: 3.5 | U31: =IF($A31="","",IFERROR(INDEX('Techniciens'!$F$5:$F$44,MATCH(O31,'Techniciens'!$B$5:$B$44,0)),'Paramètres'!$AA$10)) | V31: =IF($A31="","",IF(OR(AC31="Demandé",AC31="Planifié",AC31="Annulé"),0,N(T31)*N(U31))) | W31: =IF($A31="","",SUMIFS('Mouvements stock'!$H$5:$H$3004,'Mouvements stock'!$I$5:$I$3004,$A31,'Mouvements stock'!$C$5:$C$3004,"Sortie")-SUMIFS('Mouvements stock'!$H$5:$H$3004,'Mouvements stock'!$I$5:$I$3004,$A31,'Mouvements stock'!$C$5:$C$3004,"Retour")) | X31: 0 | Y31: 0 | AA31: =IF($A31="","",N(V31)+N(W31)+N(X31)+N(Y31)) | AB31: =IF($A31="","",N(S31)*'Paramètres'!$AA$9*IFERROR(INDEX('Paramètres'!$O$5:$O$7,MATCH(G31,'Paramètres'!$N$5:$N$7,0)),0)) | AC31: Clôturé | AD31: =IF(OR($A31="",Q31=""),"",(Q31-B31)*24) | AE31: =IF(OR(Q31="",R31=""),"",(R31-Q31)*24) | AF31: =IF(OR($A31="",B31=""),"",YEAR(B31)) | AG31: =IF(OR($A31="",B31=""),"",MONTH(B31))
A32: OT-2025-0028 | B32: 45663.564 | C32: Opérateur tôlerie | D32: EQ-TOL-001 | E32: =IF(D32="","",IFERROR(INDEX('Équipements'!$B$5:$B$304,MATCH(D32,'Équipements'!$A$5:$A$304,0)),"Code inconnu")) | F32: =IF(D32="","",IFERROR(INDEX('Équipements'!$D$5:$D$304,MATCH(D32,'Équipements'!$A$5:$A$304,0)),"")) | G32: =IF(D32="","",IFERROR(INDEX('Équipements'!$K$5:$K$304,MATCH(D32,'Équipements'!$A$5:$A$304,0)),"")) | H32: Correctif | J32: Mécanique | K32: P1 - Urgent | L32: Collision tête de coupe | M32: Cause inconnue | N32: Remplacement céramique et buse, calibration capteur de hauteur | O32: Lucas Fontaine | Q32: 45663.603 | R32: 45664.186 | S32: 14.9 | T32: 14 | U32: =IF($A32="","",IFERROR(INDEX('Techniciens'!$F$5:$F$44,MATCH(O32,'Techniciens'!$B$5:$B$44,0)),'Paramètres'!$AA$10)) | V32: =IF($A32="","",IF(OR(AC32="Demandé",AC32="Planifié",AC32="Annulé"),0,N(T32)*N(U32))) | W32: =IF($A32="","",SUMIFS('Mouvements stock'!$H$5:$H$3004,'Mouvements stock'!$I$5:$I$3004,$A32,'Mouvements stock'!$C$5:$C$3004,"Sortie")-SUMIFS('Mouvements stock'!$H$5:$H$3004,'Mouvements stock'!$I$5:$I$3004,$A32,'Mouvements stock'!$C$5:$C$3004,"Retour")) | X32: 0 | Y32: 0 | AA32: =IF($A32="","",N(V32)+N(W32)+N(X32)+N(Y32)) | AB32: =IF($A32="","",N(S32)*'Paramètres'!$AA$9*IFERROR(INDEX('Paramètres'!$O$5:$O$7,MATCH(G32,'Paramètres'!$N$5:$N$7,0)),0)) | AC32: Clôturé | AD32: =IF(OR($A32="",Q32=""),"",(Q32-B32)*24) | AE32: =IF(OR(Q32="",R32=""),"",(R32-Q32)*24) | AF32: =IF(OR($A32="",B32=""),"",YEAR(B32)) | AG32: =IF(OR($A32="",B32=""),"",MONTH(B32))
A33: OT-2025-0029 | B33: 45663.751 | C33: Éric Laurent (chef d'atelier) | D33: EQ-USI-002 | E33: =IF(D33="","",IFERROR(INDEX('Équipements'!$B$5:$B$304,MATCH(D33,'Équipements'!$A$5:$A$304,0)),"Code inconnu")) | F33: =IF(D33="","",IFERROR(INDEX('Équipements'!$D$5:$D$304,MATCH(D33,'Équipements'!$A$5:$A$304,0)),"")) | G33: =IF(D33="","",IFERROR(INDEX('Équipements'!$K$5:$K$304,MATCH(D33,'Équipements'!$A$5:$A$304,0)),"")) | H33: Correctif | J33: Électrique | K33: P1 - Urgent | L33: Arrêt d'urgence intempestif | M33: Défaut électrique | N33: Recherche de panne, remplacement relais de sécurité | O33: Julien Moreau | Q33: 45663.773 | R33: 45663.877 | S33: 3 | T33: 2.5 | U33: =IF($A33="","",IFERROR(INDEX('Techniciens'!$F$5:$F$44,MATCH(O33,'Techniciens'!$B$5:$B$44,0)),'Paramètres'!$AA$10)) | V33: =IF($A33="","",IF(OR(AC33="Demandé",AC33="Planifié",AC33="Annulé"),0,N(T33)*N(U33))) | W33: =IF($A33="","",SUMIFS('Mouvements stock'!$H$5:$H$3004,'Mouvements stock'!$I$5:$I$3004,$A33,'Mouvements stock'!$C$5:$C$3004,"Sortie")-SUMIFS('Mouvements stock'!$H$5:$H$3004,'Mouvements stock'!$I$5:$I$3004,$A33,'Mouvements stock'!$C$5:$C$3004,"Retour")) | X33: 483 | Y33: 0 | AA33: =IF($A33="","",N(V33)+N(W33)+N(X33)+N(Y33)) | AB33: =IF($A33="","",N(S33)*'Paramètres'!$AA$9*IFERROR(INDEX('Paramètres'!$O$5:$O$7,MATCH(G33,'Paramètres'!$N$5:$N$7,0)),0)) | AC33: Clôturé | AD33: =IF(OR($A33="",Q33=""),"",(Q33-B33)*24) | AE33: =IF(OR(Q33="",R33=""),"",(R33-Q33)*24) | AF33: =IF(OR($A33="",B33=""),"",YEAR(B33)) | AG33: =IF(OR($A33="",B33=""),"",MONTH(B33))
A34: OT-2025-0030 | B34: 45664.396 | C34: Plan préventif | D34: EQ-USI-001 | E34: =IF(D34="","",IFERROR(INDEX('Équipements'!$B$5:$B$304,MATCH(D34,'Équipements'!$A$5:$A$304,0)),"Code inconnu")) | F34: =IF(D34="","",IFERROR(INDEX('Équipements'!$D$5:$D$304,MATCH(D34,'Équipements'!$A$5:$A$304,0)),"")) | G34: =IF(D34="","",IFERROR(INDEX('Équipements'!$K$5:$K$304,MATCH(D34,'Équipements'!$A$5:$A$304,0)),"")) | H34: Préventif systématique | I34: GP-001 | J34: Mécanique | K34: P3 - Normale | L34: Contrôle niveaux, nettoyage filtres et bac à copeaux | N34: Gamme réalisée - RAS | O34: Antoine Mercier | P34: 45671 | Q34: 45671.531 | R34: 45671.615 | S34: 2 | T34: 2 | U34: =IF($A34="","",IFERROR(INDEX('Techniciens'!$F$5:$F$44,MATCH(O34,'Techniciens'!$B$5:$B$44,0)),'Paramètres'!$AA$10)) | V34: =IF($A34="","",IF(OR(AC34="Demandé",AC34="Planifié",AC34="Annulé"),0,N(T34)*N(U34))) | W34: =IF($A34="","",SUMIFS('Mouvements stock'!$H$5:$H$3004,'Mouvements stock'!$I$5:$I$3004,$A34,'Mouvements stock'!$C$5:$C$3004,"Sortie")-SUMIFS('Mouvements stock'!$H$5:$H$3004,'Mouvements stock'!$I$5:$I$3004,$A34,'Mouvements stock'!$C$5:$C$3004,"Retour")) | X34: 0 | Y34: 0 | AA34: =IF($A34="","",N(V34)+N(W34)+N(X34)+N(Y34)) | AB34: =IF($A34="","",N(S34)*'Paramètres'!$AA$9*IFERROR(INDEX('Paramètres'!$O$5:$O$7,MATCH(G34,'Paramètres'!$N$5:$N$7,0)),0)) | AC34: Clôturé | AD34: =IF(OR($A34="",Q34=""),"",(Q34-B34)*24) | AE34: =IF(OR(Q34="",R34=""),"",(R34-Q34)*24) | AF34: =IF(OR($A34="",B34=""),"",YEAR(B34)) | AG34: =IF(OR($A34="",B34=""),"",MONTH(B34))
A35: OT-2025-0031 | B35: 45664.451 | C35: Plan préventif | D35: EQ-PEI-004 | E35: =IF(D35="","",IFERROR(INDEX('Équipements'!$B$5:$B$304,MATCH(D35,'Équipements'!$A$5:$A$304,0)),"Code inconnu")) | F35: =IF(D35="","",IFERROR(INDEX('Équipements'!$D$5:$D$304,MATCH(D35,'Équipements'!$A$5:$A$304,0)),"")) | G35: =IF(D35="","",IFERROR(INDEX('Équipements'!$K$5:$K$304,MATCH(D35,'Équipements'!$A$5:$A$304,0)),"")) | H35: Préventif systématique | I35: GP-072 | J35: Mécanique | K35: P3 - Normale | L35: Graissage chaîne / galets et contrôle tension | N35: Gamme réalisée - RAS | O35: Karim Benali | P35: 45671 | Q35: 45671.528 | R35: 45671.642 | S35: 1.4 | T35: 2.75 | U35: =IF($A35="","",IFERROR(INDEX('Techniciens'!$F$5:$F$44,MATCH(O35,'Techniciens'!$B$5:$B$44,0)),'Paramètres'!$AA$10)) | V35: =IF($A35="","",IF(OR(AC35="Demandé",AC35="Planifié",AC35="Annulé"),0,N(T35)*N(U35))) | W35: =IF($A35="","",SUMIFS('Mouvements stock'!$H$5:$H$3004,'Mouvements stock'!$I$5:$I$3004,$A35,'Mouvements stock'!$C$5:$C$3004,"Sortie")-SUMIFS('Mouvements stock'!$H$5:$H$3004,'Mouvements stock'!$I$5:$I$3004,$A35,'Mouvements stock'!$C$5:$C$3004,"Retour")) | X35: 0 | Y35: 0 | AA35: =IF($A35="","",N(V35)+N(W35)+N(X35)+N(Y35)) | AB35: =IF($A35="","",N(S35)*'Paramètres'!$AA$9*IFERROR(INDEX('Paramètres'!$O$5:$O$7,MATCH(G35,'Paramètres'!$N$5:$N$7,0)),0)) | AC35: Clôturé | AD35: =IF(OR($A35="",Q35=""),"",(Q35-B35)*24) | AE35: =IF(OR(Q35="",R35=""),"",(R35-Q35)*24) | AF35: =IF(OR($A35="",B35=""),"",YEAR(B35)) | AG35: =IF(OR($A35="",B35=""),"",MONTH(B35))
A36: OT-2025-0032 | B36: 45664.853 | C36: Cariste | D36: EQ-LOG-006 | E36: =IF(D36="","",IFERROR(INDEX('Équipements'!$B$5:$B$304,MATCH(D36,'Équipements'!$A$5:$A$304,0)),"Code inconnu")) | F36: =IF(D36="","",IFERROR(INDEX('Équipements'!$D$5:$D$304,MATCH(D36,'Équipements'!$A$5:$A$304,0)),"")) | G36: =IF(D36="","",IFERROR(INDEX('Équipements'!$K$5:$K$304,MATCH(D36,'Équipements'!$A$5:$A$304,0)),"")) | H36: Correctif | J36: Mécanique | K36: P3 - Normale | L36: Frein de levée bruyant | M36: Usure | N36: Réglage et remplacement garnitures | O36: Lucas Fontaine | Q36: 45665.885 | R36: 45665.958 | S36: 0 | T36: 1.75 | U36: =IF($A36="","",IFERROR(INDEX('Techniciens'!$F$5:$F$44,MATCH(O36,'Techniciens'!$B$5:$B$44,0)),'Paramètres'!$AA$10)) | V36: =IF($A36="","",IF(OR(AC36="Demandé",AC36="Planifié",AC36="Annulé"),0,N(T36)*N(U36))) | W36: =IF($A36="","",SUMIFS('Mouvements stock'!$H$5:$H$3004,'Mouvements stock'!$I$5:$I$3004,$A36,'Mouvements stock'!$C$5:$C$3004,"Sortie")-SUMIFS('Mouvements stock'!$H$5:$H$3004,'Mouvements stock'!$I$5:$I$3004,$A36,'Mouvements stock'!$C$5:$C$3004,"Retour")) | X36: 0 | Y36: 0 | AA36: =IF($A36="","",N(V36)+N(W36)+N(X36)+N(Y36)) | AB36: =IF($A36="","",N(S36)*'Paramètres'!$AA$9*IFERROR(INDEX('Paramètres'!$O$5:$O$7,MATCH(G36,'Paramètres'!$N$5:$N$7,0)),0)) | AC36: Clôturé | AD36: =IF(OR($A36="",Q36=""),"",(Q36-B36)*24) | AE36: =IF(OR(Q36="",R36=""),"",(R36-Q36)*24) | AF36: =IF(OR($A36="",B36=""),"",YEAR(B36)) | AG36: =IF(OR($A36="",B36=""),"",MONTH(B36))
A37: OT-2025-0033 | B37: 45665.431 | C37: Plan préventif | D37: EQ-TOL-001 | E37: =IF(D37="","",IFERROR(INDEX('Équipements'!$B$5:$B$304,MATCH(D37,'Équipements'!$A$5:$A$304,0)),"Code inconnu")) | F37: =IF(D37="","",IFERROR(INDEX('Équipements'!$D$5:$D$304,MATCH(D37,'Équipements'!$A$5:$A$304,0)),"")) | G37: =IF(D37="","",IFERROR(INDEX('Équipements'!$K$5:$K$304,MATCH(D37,'Équipements'!$A$5:$A$304,0)),"")) | H37: Préventif systématique | I37: GP-039 | J37: Mécanique | K37: P3 - Normale | L37: Maintenance groupe froid laser (filtres, eau) | N37: Gamme réalisée - RAS | O37: Antoine Mercier | P37: 45672 | Q37: 45672.396 | R37: 45672.542 | S37: 0 | T37: 3.5 | U37: =IF($A37="","",IFERROR(INDEX('Techniciens'!$F$5:$F$44,MATCH(O37,'Techniciens'!$B$5:$B$44,0)),'Paramètres'!$AA$10)) | V37: =IF($A37="","",IF(OR(AC37="Demandé",AC37="Planifié",AC37="Annulé"),0,N(T37)*N(U37))) | W37: =IF($A37="","",SUMIFS('Mouvements stock'!$H$5:$H$3004,'Mouvements stock'!$I$5:$I$3004,$A37,'Mouvements stock'!$C$5:$C$3004,"Sortie")-SUMIFS('Mouvements stock'!$H$5:$H$3004,'Mouvements stock'!$I$5:$I$3004,$A37,'Mouvements stock'!$C$5:$C$3004,"Retour")) | X37: 0 | Y37: 0 | AA37: =IF($A37="","",N(V37)+N(W37)+N(X37)+N(Y37)) | AB37: =IF($A37="","",N(S37)*'Paramètres'!$AA$9*IFERROR(INDEX('Paramètres'!$O$5:$O$7,MATCH(G37,'Paramètres'!$N$5:$N$7,0)),0)) | AC37: Clôturé | AD37: =IF(OR($A37="",Q37=""),"",(Q37-B37)*24) | AE37: =IF(OR(Q37="",R37=""),"",(R37-Q37)*24) | AF37: =IF(OR($A37="",B37=""),"",YEAR(B37)) | AG37: =IF(OR($A37="",B37=""),"",MONTH(B37))
A38: OT-2025-0034 | B38: 45666.228 | C38: Marc Lefèvre | D38: EQ-UTI-004 | E38: =IF(D38="","",IFERROR(INDEX('Équipements'!$B$5:$B$304,MATCH(D38,'Équipements'!$A$5:$A$304,0)),"Code inconnu")) | F38: =IF(D38="","",IFERROR(INDEX('Équipements'!$D$5:$D$304,MATCH(D38,'Équipements'!$A$5:$A$304,0)),"")) | G38: =IF(D38="","",IFERROR(INDEX('Équipements'!$K$5:$K$304,MATCH(D38,'Équipements'!$A$5:$A$304,0)),"")) | H38: Correctif | J38: Mécanique | K38: P1 - Urgent | L38: Fuite sur tuyauterie / raccord | M38: Fuite | N38: Remplacement raccord et joints | O38: Antoine Mercier | Q38: 45666.261 | R38: 45666.438 | S38: 0 | T38: 4.25 | U38: =IF($A38="","",IFERROR(INDEX('Techniciens'!$F$5:$F$44,MATCH(O38,'Techniciens'!$B$5:$B$44,0)),'Paramètres'!$AA$10)) | V38: =IF($A38="","",IF(OR(AC38="Demandé",AC38="Planifié",AC38="Annulé"),0,N(T38)*N(U38))) | W38: =IF($A38="","",SUMIFS('Mouvements stock'!$H$5:$H$3004,'Mouvements stock'!$I$5:$I$3004,$A38,'Mouvements stock'!$C$5:$C$3004,"Sortie")-SUMIFS('Mouvements stock'!$H$5:$H$3004,'Mouvements stock'!$I$5:$I$3004,$A38,'Mouvements stock'!$C$5:$C$3004,"Retour")) | X38: 0 | Y38: 0 | AA38: =IF($A38="","",N(V38)+N(W38)+N(X38)+N(Y38)) | AB38: =IF($A38="","",N(S38)*'Paramètres'!$AA$9*IFERROR(INDEX('Paramètres'!$O$5:$O$7,MATCH(G38,'Paramètres'!$N$5:$N$7,0)),0)) | AC38: Clôturé | AD38: =IF(OR($A38="",Q38=""),"",(Q38-B38)*24) | AE38: =IF(OR(Q38="",R38=""),"",(R38-Q38)*24) | AF38: =IF(OR($A38="",B38=""),"",YEAR(B38)) | AG38: =IF(OR($A38="",B38=""),"",MONTH(B38))
A39: OT-2025-0035 | B39: 45667.347 | C39: Plan préventif | D39: EQ-USI-002 | E39: =IF(D39="","",IFERROR(INDEX('Équipements'!$B$5:$B$304,MATCH(D39,'Équipements'!$A$5:$A$304,0)),"Code inconnu")) | F39: =IF(D39="","",IFERROR(INDEX('Équipements'!$D$5:$D$304,MATCH(D39,'Équipements'!$A$5:$A$304,0)),"")) | G39: =IF(D39="","",IFERROR(INDEX('Équipements'!$K$5:$K$304,MATCH(D39,'Équipements'!$A$5:$A$304,0)),"")) | H39: Préventif systématique | I39: GP-005 | J39: Mécanique | K39: P3 - Normale | L39: Contrôle niveaux, nettoyage filtres et bac à copeaux | N39: Gamme réalisée - usure constatée, à surveiller | O39: Antoine Mercier | P39: 45674 | Q39: 45674.604 | R39: 45674.688 | S39: 2 | T39: 2 | U39: =IF($A39="","",IFERROR(INDEX('Techniciens'!$F$5:$F$44,MATCH(O39,'Techniciens'!$B$5:$B$44,0)),'Paramètres'!$AA$10)) | V39: =IF($A39="","",IF(OR(AC39="Demandé",AC39="Planifié",AC39="Annulé"),0,N(T39)*N(U39))) | W39: =IF($A39="","",SUMIFS('Mouvements stock'!$H$5:$H$3004,'Mouvements stock'!$I$5:$I$3004,$A39,'Mouvements stock'!$C$5:$C$3004,"Sortie")-SUMIFS('Mouvements stock'!$H$5:$H$3004,'Mouvements stock'!$I$5:$I$3004,$A39,'Mouvements stock'!$C$5:$C$3004,"Retour")) | X39: 0 | Y39: 0 | AA39: =IF($A39="","",N(V39)+N(W39)+N(X39)+N(Y39)) | AB39: =IF($A39="","",N(S39)*'Paramètres'!$AA$9*IFERROR(INDEX('Paramètres'!$O$5:$O$7,MATCH(G39,'Paramètres'!$N$5:$N$7,0)),0)) | AC39: Clôturé | AD39: =IF(OR($A39="",Q39=""),"",(Q39-B39)*24) | AE39: =IF(OR(Q39="",R39=""),"",(R39-Q39)*24) | AF39: =IF(OR($A39="",B39=""),"",YEAR(B39)) | AG39: =IF(OR($A39="",B39=""),"",MONTH(B39))
A40: OT-2025-0036 | B40: 45667.413 | C40: Éric Laurent (chef d'atelier) | D40: EQ-USI-001 | E40: =IF(D40="","",IFERROR(INDEX('Équipements'!$B$5:$B$304,MATCH(D40,'Équipements'!$A$5:$A$304,0)),"Code inconnu")) | F40: =IF(D40="","",IFERROR(INDEX('Équipements'!$D$5:$D$304,MATCH(D40,'Équipements'!$A$5:$A$304,0)),"")) | G40: =IF(D40="","",IFERROR(INDEX('Équipements'!$K$5:$K$304,MATCH(D40,'Équipements'!$A$5:$A$304,0)),"")) | H40: Correctif | J40: Automatisme | K40: P2 - Haute | L40: Perte des origines machine après coupure | M40: Défaut logiciel/automate | N40: Reprise des origines, remplacement pile de sauvegarde CN | O40: Sophie Garnier | Q40: 45667.59 | R40: 45668.08 | S40: 0 | T40: 11.75 | U40: =IF($A40="","",IFERROR(INDEX('Techniciens'!$F$5:$F$44,MATCH(O40,'Techniciens'!$B$5:$B$44,0)),'Paramètres'!$AA$10)) | V40: =IF($A40="","",IF(OR(AC40="Demandé",AC40="Planifié",AC40="Annulé"),0,N(T40)*N(U40))) | W40: =IF($A40="","",SUMIFS('Mouvements stock'!$H$5:$H$3004,'Mouvements stock'!$I$5:$I$3004,$A40,'Mouvements stock'!$C$5:$C$3004,"Sortie")-SUMIFS('Mouvements stock'!$H$5:$H$3004,'Mouvements stock'!$I$5:$I$3004,$A40,'Mouvements stock'!$C$5:$C$3004,"Retour")) | X40: 0 | Y40: 0 | AA40: =IF($A40="","",N(V40)+N(W40)+N(X40)+N(Y40)) | AB40: =IF($A40="","",N(S40)*'Paramètres'!$AA$9*IFERROR(INDEX('Paramètres'!$O$5:$O$7,MATCH(G40,'Paramètres'!$N$5:$N$7,0)),0)) | AC40: Clôturé | AD40: =IF(OR($A40="",Q40=""),"",(Q40-B40)*24) | AE40: =IF(OR(Q40="",R40=""),"",(R40-Q40)*24) | AF40: =IF(OR($A40="",B40=""),"",YEAR(B40)) | AG40: =IF(OR($A40="",B40=""),"",MONTH(B40))
A41: OT-2025-0037 | B41: 45667.417 | C41: Plan préventif | D41: EQ-USI-004 | E41: =IF(D41="","",IFERROR(INDEX('Équipements'!$B$5:$B$304,MATCH(D41,'Équipements'!$A$5:$A$304,0)),"Code inconnu")) | F41: =IF(D41="","",IFERROR(INDEX('Équipements'!$D$5:$D$304,MATCH(D41,'Équipements'!$A$5:$A$304,0)),"")) | G41: =IF(D41="","",IFERROR(INDEX('Équipements'!$K$5:$K$304,MATCH(D41,'Équipements'!$A$5:$A$304,0)),"")) | H41: Préventif systématique | I41: GP-013 | J41: Mécanique | K41: P3 - Normale | L41: Contrôle niveaux, nettoyage filtres et bac à copeaux | N41: Gamme réalisée - RAS | O41: Lucas Fontaine | P41: 45674 | Q41: 45674.299 | R41: 45674.351 | S41: 0 | T41: 1.25 | U41: =IF($A41="","",IFERROR(INDEX('Techniciens'!$F$5:$F$44,MATCH(O41,'Techniciens'!$B$5:$B$44,0)),'Paramètres'!$AA$10)) | V41: =IF($A41="","",IF(OR(AC41="Demandé",AC41="Planifié",AC41="Annulé"),0,N(T41)*N(U41))) | W41: =IF($A41="","",SUMIFS('Mouvements stock'!$H$5:$H$3004,'Mouvements stock'!$I$5:$I$3004,$A41,'Mouvements stock'!$C$5:$C$3004,"Sortie")-SUMIFS('Mouvements stock'!$H$5:$H$3004,'Mouvements stock'!$I$5:$I$3004,$A41,'Mouvements stock'!$C$5:$C$3004,"Retour")) | X41: 0 | Y41: 0 | AA41: =IF($A41="","",N(V41)+N(W41)+N(X41)+N(Y41)) | AB41: =IF($A41="","",N(S41)*'Paramètres'!$AA$9*IFERROR(INDEX('Paramètres'!$O$5:$O$7,MATCH(G41,'Paramètres'!$N$5:$N$7,0)),0)) | AC41: Clôturé | AD41: =IF(OR($A41="",Q41=""),"",(Q41-B41)*24) | AE41: =IF(OR(Q41="",R41=""),"",(R41-Q41)*24) | AF41: =IF(OR($A41="",B41=""),"",YEAR(B41)) | AG41: =IF(OR($A41="",B41=""),"",MONTH(B41))
A42: OT-2025-0038 | B42: 45668.362 | C42: Paul Roux (chef d'atelier) | D42: EQ-ASS-001 | E42: =IF(D42="","",IFERROR(INDEX('Équipements'!$B$5:$B$304,MATCH(D42,'Équipements'!$A$5:$A$304,0)),"Code inconnu")) | F42: =IF(D42="","",IFERROR(INDEX('Équipements'!$D$5:$D$304,MATCH(D42,'Équipements'!$A$5:$A$304,0)),"")) | G42: =IF(D42="","",IFERROR(INDEX('Équipements'!$K$5:$K$304,MATCH(D42,'Équipements'!$A$5:$A$304,0)),"")) | H42: Correctif | J42: Électrique | K42: P1 - Urgent | L42: Moteur d'entraînement en défaut thermique | M42: Défaut électrique | N42: Remplacement motoréducteur / disjoncteur moteur | O42: Antoine Mercier | Q42: 45668.372 | R42: 45668.476 | S42: 2.8 | T42: 2.5 | U42: =IF($A42="","",IFERROR(INDEX('Techniciens'!$F$5:$F$44,MATCH(O42,'Techniciens'!$B$5:$B$44,0)),'Paramètres'!$AA$10)) | V42: =IF($A42="","",IF(OR(AC42="Demandé",AC42="Planifié",AC42="Annulé"),0,N(T42)*N(U42))) | W42: =IF($A42="","",SUMIFS('Mouvements stock'!$H$5:$H$3004,'Mouvements stock'!$I$5:$I$3004,$A42,'Mouvements stock'!$C$5:$C$3004,"Sortie")-SUMIFS('Mouvements stock'!$H$5:$H$3004,'Mouvements stock'!$I$5:$I$3004,$A42,'Mouvements stock'!$C$5:$C$3004,"Retour")) | X42: 0 | Y42: 0 | AA42: =IF($A42="","",N(V42)+N(W42)+N(X42)+N(Y42)) | AB42: =IF($A42="","",N(S42)*'Paramètres'!$AA$9*IFERROR(INDEX('Paramètres'!$O$5:$O$7,MATCH(G42,'Paramètres'!$N$5:$N$7,0)),0)) | AC42: Clôturé | AD42: =IF(OR($A42="",Q42=""),"",(Q42-B42)*24) | AE42: =IF(OR(Q42="",R42=""),"",(R42-Q42)*24) | AF42: =IF(OR($A42="",B42=""),"",YEAR(B42)) | AG42: =IF(OR($A42="",B42=""),"",MONTH(B42))
A43: OT-2025-0039 | B43: 45668.417 | C43: Opérateur tôlerie | D43: EQ-TOL-005 | E43: =IF(D43="","",IFERROR(INDEX('Équipements'!$B$5:$B$304,MATCH(D43,'Équipements'!$A$5:$A$304,0)),"Code inconnu")) | F43: =IF(D43="","",IFERROR(INDEX('Équipements'!$D$5:$D$304,MATCH(D43,'Équipements'!$A$5:$A$304,0)),"")) | G43: =IF(D43="","",IFERROR(INDEX('Équipements'!$K$5:$K$304,MATCH(D43,'Équipements'!$A$5:$A$304,0)),"")) | H43: Correctif | J43: Hydraulique | K43: P2 - Haute | L43: Fuite d'huile vérin principal | N43: Doublon de demande - annulé | O43: Antoine Mercier | S43: 0 | T43: 0 | U43: =IF($A43="","",IFERROR(INDEX('Techniciens'!$F$5:$F$44,MATCH(O43,'Techniciens'!$B$5:$B$44,0)),'Paramètres'!$AA$10)) | V43: =IF($A43="","",IF(OR(AC43="Demandé",AC43="Planifié",AC43="Annulé"),0,N(T43)*N(U43))) | W43: =IF($A43="","",SUMIFS('Mouvements stock'!$H$5:$H$3004,'Mouvements stock'!$I$5:$I$3004,$A43,'Mouvements stock'!$C$5:$C$3004,"Sortie")-SUMIFS('Mouvements stock'!$H$5:$H$3004,'Mouvements stock'!$I$5:$I$3004,$A43,'Mouvements stock'!$C$5:$C$3004,"Retour")) | X43: 0 | Y43: 0 | AA43: =IF($A43="","",N(V43)+N(W43)+N(X43)+N(Y43)) | AB43: =IF($A43="","",N(S43)*'Paramètres'!$AA$9*IFERROR(INDEX('Paramètres'!$O$5:$O$7,MATCH(G43,'Paramètres'!$N$5:$N$7,0)),0)) | AC43: Annulé | AD43: =IF(OR($A43="",Q43=""),"",(Q43-B43)*24) | AE43: =IF(OR(Q43="",R43=""),"",(R43-Q43)*24) | AF43: =IF(OR($A43="",B43=""),"",YEAR(B43)) | AG43: =IF(OR($A43="",B43=""),"",MONTH(B43))
A44: OT-2025-0040 | B44: 45670.375 | C44: Plan préventif | D44: EQ-USI-009 | E44: =IF(D44="","",IFERROR(INDEX('Équipements'!$B$5:$B$304,MATCH(D44,'Équipements'!$A$5:$A$304,0)),"Code inconnu")) | F44: =IF(D44="","",IFERROR(INDEX('Équipements'!$D$5:$D$304,MATCH(D44,'Équipements'!$A$5:$A$304,0)),"")) | G44: =IF(D44="","",IFERROR(INDEX('Équipements'!$K$5:$K$304,MATCH(D44,'Équipements'!$A$5:$A$304,0)),"")) | H44: Préventif systématique | I44: GP-030 | J44: Mécanique | K44: P3 - Normale | L44: Contrôle lame, guides et liquide de coupe | N44: Gamme réalisée - usure constatée, à surveiller | O44: Karim Benali | P44: 45677 | Q44: 45677.556 | R44: 45677.587 | S44: 0 | T44: 0.75 | U44: =IF($A44="","",IFERROR(INDEX('Techniciens'!$F$5:$F$44,MATCH(O44,'Techniciens'!$B$5:$B$44,0)),'Paramètres'!$AA$10)) | V44: =IF($A44="","",IF(OR(AC44="Demandé",AC44="Planifié",AC44="Annulé"),0,N(T44)*N(U44))) | W44: =IF($A44="","",SUMIFS('Mouvements stock'!$H$5:$H$3004,'Mouvements stock'!$I$5:$I$3004,$A44,'Mouvements stock'!$C$5:$C$3004,"Sortie")-SUMIFS('Mouvements stock'!$H$5:$H$3004,'Mouvements stock'!$I$5:$I$3004,$A44,'Mouvements stock'!$C$5:$C$3004,"Retour")) | X44: 0 | Y44: 0 | AA44: =IF($A44="","",N(V44)+N(W44)+N(X44)+N(Y44)) | AB44: =IF($A44="","",N(S44)*'Paramètres'!$AA$9*IFERROR(INDEX('Paramètres'!$O$5:$O$7,MATCH(G44,'Paramètres'!$N$5:$N$7,0)),0)) | AC44: Clôturé | AD44: =IF(OR($A44="",Q44=""),"",(Q44-B44)*24) | AE44: =IF(OR(Q44="",R44=""),"",(R44-Q44)*24) | AF44: =IF(OR($A44="",B44=""),"",YEAR(B44)) | AG44: =IF(OR($A44="",B44=""),"",MONTH(B44))
A45: OT-2025-0041 | B45: 45670.49 | C45: Plan préventif | D45: EQ-LOG-008 | E45: =IF(D45="","",IFERROR(INDEX('Équipements'!$B$5:$B$304,MATCH(D45,'Équipements'!$A$5:$A$304,0)),"Code inconnu")) | F45: =IF(D45="","",IFERROR(INDEX('Équipements'!$D$5:$D$304,MATCH(D45,'Équipements'!$A$5:$A$304,0)),"")) | G45: =IF(D45="","",IFERROR(INDEX('Équipements'!$K$5:$K$304,MATCH(D45,'Équipements'!$A$5:$A$304,0)),"")) | H45: Préventif systématique | I45: GP-119 | J45: Mécanique | K45: P3 - Normale | L45: Contrôle câbles, crochets, freins et fins de course | N45: Gamme réalisée - RAS | O45: Karim Benali | P45: 45677 | Q45: 45677.406 | R45: 45677.562 | S45: 0 | T45: 3.75 | U45: =IF($A45="","",IFERROR(INDEX('Techniciens'!$F$5:$F$44,MATCH(O45,'Techniciens'!$B$5:$B$44,0)),'Paramètres'!$AA$10)) | V45: =IF($A45="","",IF(OR(AC45="Demandé",AC45="Planifié",AC45="Annulé"),0,N(T45)*N(U45))) | W45: =IF($A45="","",SUMIFS('Mouvements stock'!$H$5:$H$3004,'Mouvements stock'!$I$5:$I$3004,$A45,'Mouvements stock'!$C$5:$C$3004,"Sortie")-SUMIFS('Mouvements stock'!$H$5:$H$3004,'Mouvements stock'!$I$5:$I$3004,$A45,'Mouvements stock'!$C$5:$C$3004,"Retour")) | X45: 0 | Y45: 0 | AA45: =IF($A45="","",N(V45)+N(W45)+N(X45)+N(Y45)) | AB45: =IF($A45="","",N(S45)*'Paramètres'!$AA$9*IFERROR(INDEX('Paramètres'!$O$5:$O$7,MATCH(G45,'Paramètres'!$N$5:$N$7,0)),0)) | AC45: Clôturé | AD45: =IF(OR($A45="",Q45=""),"",(Q45-B45)*24) | AE45: =IF(OR(Q45="",R45=""),"",(R45-Q45)*24) | AF45: =IF(OR($A45="",B45=""),"",YEAR(B45)) | AG45: =IF(OR($A45="",B45=""),"",MONTH(B45))
A46: OT-2025-0042 | B46: 45670.753 | C46: Ronde maintenance | D46: EQ-UTI-001 | E46: =IF(D46="","",IFERROR(INDEX('Équipements'!$B$5:$B$304,MATCH(D46,'Équipements'!$A$5:$A$304,0)),"Code inconnu")) | F46: =IF(D46="","",IFERROR(INDEX('Équipements'!$D$5:$D$304,MATCH(D46,'Équipements'!$A$5:$A$304,0)),"")) | G46: =IF(D46="","",IFERROR(INDEX('Équipements'!$K$5:$K$304,MATCH(D46,'Équipements'!$A$5:$A$304,0)),"")) | H46: Correctif | J46: Mécanique | K46: P1 - Urgent | L46: Arrêt sur température haute | M46: Encrassement | N46: Nettoyage refroidisseur, remplacement filtre à huile | O46: Antoine Mercier | Q46: 45670.774 | R46: 45672.755 | S46: 26.2 | T46: 3.75 | U46: =IF($A46="","",IFERROR(INDEX('Techniciens'!$F$5:$F$44,MATCH(O46,'Techniciens'!$B$5:$B$44,0)),'Paramètres'!$AA$10)) | V46: =IF($A46="","",IF(OR(AC46="Demandé",AC46="Planifié",AC46="Annulé"),0,N(T46)*N(U46))) | W46: =IF($A46="","",SUMIFS('Mouvements stock'!$H$5:$H$3004,'Mouvements stock'!$I$5:$I$3004,$A46,'Mouvements stock'!$C$5:$C$3004,"Sortie")-SUMIFS('Mouvements stock'!$H$5:$H$3004,'Mouvements stock'!$I$5:$I$3004,$A46,'Mouvements stock'!$C$5:$C$3004,"Retour")) | X46: 0 | Y46: 0 | AA46: =IF($A46="","",N(V46)+N(W46)+N(X46)+N(Y46)) | AB46: =IF($A46="","",N(S46)*'Paramètres'!$AA$9*IFERROR(INDEX('Paramètres'!$O$5:$O$7,MATCH(G46,'Paramètres'!$N$5:$N$7,0)),0)) | AC46: Clôturé | AD46: =IF(OR($A46="",Q46=""),"",(Q46-B46)*24) | AE46: =IF(OR(Q46="",R46=""),"",(R46-Q46)*24) | AF46: =IF(OR($A46="",B46=""),"",YEAR(B46)) | AG46: =IF(OR($A46="",B46=""),"",MONTH(B46))
A47: OT-2025-0043 | B47: 45670.763 | C47: Inès Girard (cheffe d'équipe) | D47: EQ-PEI-005 | E47: =IF(D47="","",IFERROR(INDEX('Équipements'!$B$5:$B$304,MATCH(D47,'Équipements'!$A$5:$A$304,0)),"Code inconnu")) | F47: =IF(D47="","",IFERROR(INDEX('Équipements'!$D$5:$D$304,MATCH(D47,'Équipements'!$A$5:$A$304,0)),"")) | G47: =IF(D47="","",IFERROR(INDEX('Équipements'!$K$5:$K$304,MATCH(D47,'Équipements'!$A$5:$A$304,0)),"")) | H47: Correctif | J47: Électrique | K47: P4 - Basse | L47: Ventilateur d'extraction en défaut | M47: Défaut électrique | N47: Remplacement contacteur et courroie | O47: Antoine Mercier | Q47: 45676.84 | R47: 45677.09 | S47: 0 | T47: 6 | U47: =IF($A47="","",IFERROR(INDEX('Techniciens'!$F$5:$F$44,MATCH(O47,'Techniciens'!$B$5:$B$44,0)),'Paramètres'!$AA$10)) | V47: =IF($A47="","",IF(OR(AC47="Demandé",AC47="Planifié",AC47="Annulé"),0,N(T47)*N(U47))) | W47: =IF($A47="","",SUMIFS('Mouvements stock'!$H$5:$H$3004,'Mouvements stock'!$I$5:$I$3004,$A47,'Mouvements stock'!$C$5:$C$3004,"Sortie")-SUMIFS('Mouvements stock'!$H$5:$H$3004,'Mouvements stock'!$I$5:$I$3004,$A47,'Mouvements stock'!$C$5:$C$3004,"Retour")) | X47: 0 | Y47: 0 | AA47: =IF($A47="","",N(V47)+N(W47)+N(X47)+N(Y47)) | AB47: =IF($A47="","",N(S47)*'Paramètres'!$AA$9*IFERROR(INDEX('Paramètres'!$O$5:$O$7,MATCH(G47,'Paramètres'!$N$5:$N$7,0)),0)) | AC47: Clôturé | AD47: =IF(OR($A47="",Q47=""),"",(Q47-B47)*24) | AE47: =IF(OR(Q47="",R47=""),"",(R47-Q47)*24) | AF47: =IF(OR($A47="",B47=""),"",YEAR(B47)) | AG47: =IF(OR($A47="",B47=""),"",MONTH(B47))
A48: OT-2025-0044 | B48: 45670.878 | C48: Sylvie Mathieu (resp. logistique) | D48: EQ-LOG-006 | E48: =IF(D48="","",IFERROR(INDEX('Équipements'!$B$5:$B$304,MATCH(D48,'Équipements'!$A$5:$A$304,0)),"Code inconnu")) | F48: =IF(D48="","",IFERROR(INDEX('Équipements'!$D$5:$D$304,MATCH(D48,'Équipements'!$A$5:$A$304,0)),"")) | G48: =IF(D48="","",IFERROR(INDEX('Équipements'!$K$5:$K$304,MATCH(D48,'Équipements'!$A$5:$A$304,0)),"")) | H48: Correctif | J48: Électrique | K48: P2 - Haute | L48: Défaut boîte à boutons de commande | M48: Défaut électrique | N48: Remplacement contacteur de boîte à boutons | O48: Antoine Mercier | Q48: 45671.058 | R48: 45671.266 | S48: 9.3 | T48: 5 | U48: =IF($A48="","",IFERROR(INDEX('Techniciens'!$F$5:$F$44,MATCH(O48,'Techniciens'!$B$5:$B$44,0)),'Paramètres'!$AA$10)) | V48: =IF($A48="","",IF(OR(AC48="Demandé",AC48="Planifié",AC48="Annulé"),0,N(T48)*N(U48))) | W48: =IF($A48="","",SUMIFS('Mouvements stock'!$H$5:$H$3004,'Mouvements stock'!$I$5:$I$3004,$A48,'Mouvements stock'!$C$5:$C$3004,"Sortie")-SUMIFS('Mouvements stock'!$H$5:$H$3004,'Mouvements stock'!$I$5:$I$3004,$A48,'Mouvements stock'!$C$5:$C$3004,"Retour")) | X48: 0 | Y48: 0 | AA48: =IF($A48="","",N(V48)+N(W48)+N(X48)+N(Y48)) | AB48: =IF($A48="","",N(S48)*'Paramètres'!$AA$9*IFERROR(INDEX('Paramètres'!$O$5:$O$7,MATCH(G48,'Paramètres'!$N$5:$N$7,0)),0)) | AC48: Clôturé | AD48: =IF(OR($A48="",Q48=""),"",(Q48-B48)*24) | AE48: =IF(OR(Q48="",R48=""),"",(R48-Q48)*24) | AF48: =IF(OR($A48="",B48=""),"",YEAR(B48)) | AG48: =IF(OR($A48="",B48=""),"",MONTH(B48))
A49: OT-2025-0045 | B49: 45671.569 | C49: Inès Girard (cheffe d'équipe) | D49: EQ-PEI-004 | E49: =IF(D49="","",IFERROR(INDEX('Équipements'!$B$5:$B$304,MATCH(D49,'Équipements'!$A$5:$A$304,0)),"Code inconnu")) | F49: =IF(D49="","",IFERROR(INDEX('Équipements'!$D$5:$D$304,MATCH(D49,'Équipements'!$A$5:$A$304,0)),"")) | G49: =IF(D49="","",IFERROR(INDEX('Équipements'!$K$5:$K$304,MATCH(D49,'Équipements'!$A$5:$A$304,0)),"")) | H49: Correctif | J49: Électrique | K49: P1 - Urgent | L49: Défaut variateur de vitesse | N49: Doublon de demande - annulé | O49: Thomas Petit | S49: 0 | T49: 0 | U49: =IF($A49="","",IFERROR(INDEX('Techniciens'!$F$5:$F$44,MATCH(O49,'Techniciens'!$B$5:$B$44,0)),'Paramètres'!$AA$10)) | V49: =IF($A49="","",IF(OR(AC49="Demandé",AC49="Planifié",AC49="Annulé"),0,N(T49)*N(U49))) | W49: =IF($A49="","",SUMIFS('Mouvements stock'!$H$5:$H$3004,'Mouvements stock'!$I$5:$I$3004,$A49,'Mouvements stock'!$C$5:$C$3004,"Sortie")-SUMIFS('Mouvements stock'!$H$5:$H$3004,'Mouvements stock'!$I$5:$I$3004,$A49,'Mouvements stock'!$C$5:$C$3004,"Retour")) | X49: 0 | Y49: 0 | AA49: =IF($A49="","",N(V49)+N(W49)+N(X49)+N(Y49)) | AB49: =IF($A49="","",N(S49)*'Paramètres'!$AA$9*IFERROR(INDEX('Paramètres'!$O$5:$O$7,MATCH(G49,'Paramètres'!$N$5:$N$7,0)),0)) | AC49: Annulé | AD49: =IF(OR($A49="",Q49=""),"",(Q49-B49)*24) | AE49: =IF(OR(Q49="",R49=""),"",(R49-Q49)*24) | AF49: =IF(OR($A49="",B49=""),"",YEAR(B49)) | AG49: =IF(OR($A49="",B49=""),"",MONTH(B49))
A50: OT-2025-0046 | B50: 45672.354 | C50: Plan préventif | D50: EQ-PEI-003 | E50: =IF(D50="","",IFERROR(INDEX('Équipements'!$B$5:$B$304,MATCH(D50,'Équipements'!$A$5:$A$304,0)),"Code inconnu")) | F50: =IF(D50="","",IFERROR(INDEX('Équipements'!$D$5:$D$304,MATCH(D50,'Équipements'!$A$5:$A$304,0)),"")) | G50: =IF(D50="","",IFERROR(INDEX('Équipements'!$K$5:$K$304,MATCH(D50,'Équipements'!$A$5:$A$304,0)),"")) | H50: Préventif systématique | I50: GP-070 | J50: Mécanique | K50: P3 - Normale | L50: Nettoyage et remplacement des filtres | N50: Gamme réalisée - RAS | O50: Antoine Mercier | P50: 45679 | Q50: 45679.562 | R50: 45679.698 | S50: 1.6 | T50: 3.25 | U50: =IF($A50="","",IFERROR(INDEX('Techniciens'!$F$5:$F$44,MATCH(O50,'Techniciens'!$B$5:$B$44,0)),'Paramètres'!$AA$10)) | V50: =IF($A50="","",IF(OR(AC50="Demandé",AC50="Planifié",AC50="Annulé"),0,N(T50)*N(U50))) | W50: =IF($A50="","",SUMIFS('Mouvements stock'!$H$5:$H$3004,'Mouvements stock'!$I$5:$I$3004,$A50,'Mouvements stock'!$C$5:$C$3004,"Sortie")-SUMIFS('Mouvements stock'!$H$5:$H$3004,'Mouvements stock'!$I$5:$I$3004,$A50,'Mouvements stock'!$C$5:$C$3004,"Retour")) | X50: 0 | Y50: 0 | AA50: =IF($A50="","",N(V50)+N(W50)+N(X50)+N(Y50)) | AB50: =IF($A50="","",N(S50)*'Paramètres'!$AA$9*IFERROR(INDEX('Paramètres'!$O$5:$O$7,MATCH(G50,'Paramètres'!$N$5:$N$7,0)),0)) | AC50: Clôturé | AD50: =IF(OR($A50="",Q50=""),"",(Q50-B50)*24) | AE50: =IF(OR(Q50="",R50=""),"",(R50-Q50)*24) | AF50: =IF(OR($A50="",B50=""),"",YEAR(B50)) | AG50: =IF(OR($A50="",B50=""),"",MONTH(B50))
A51: OT-2025-0047 | B51: 45672.396 | C51: Plan préventif | D51: EQ-ASS-006 | E51: =IF(D51="","",IFERROR(INDEX('Équipements'!$B$5:$B$304,MATCH(D51,'Équipements'!$A$5:$A$304,0)),"Code inconnu")) | F51: =IF(D51="","",IFERROR(INDEX('Équipements'!$D$5:$D$304,MATCH(D51,'Équipements'!$A$5:$A$304,0)),"")) | G51: =IF(D51="","",IFERROR(INDEX('Équipements'!$K$5:$K$304,MATCH(D51,'Équipements'!$A$5:$A$304,0)),"")) | H51: Préventif systématique | I51: GP-085 | J51: Mécanique | K51: P3 - Normale | L51: Graissage chaîne / galets et contrôle tension | N51: Gamme réalisée - RAS | O51: Lucas Fontaine | P51: 45679 | Q51: 45679.552 | R51: 45679.635 | S51: 2 | T51: 2 | U51: =IF($A51="","",IFERROR(INDEX('Techniciens'!$F$5:$F$44,MATCH(O51,'Techniciens'!$B$5:$B$44,0)),'Paramètres'!$AA$10)) | V51: =IF($A51="","",IF(OR(AC51="Demandé",AC51="Planifié",AC51="Annulé"),0,N(T51)*N(U51))) | W51: =IF($A51="","",SUMIFS('Mouvements stock'!$H$5:$H$3004,'Mouvements stock'!$I$5:$I$3004,$A51,'Mouvements stock'!$C$5:$C$3004,"Sortie")-SUMIFS('Mouvements stock'!$H$5:$H$3004,'Mouvements stock'!$I$5:$I$3004,$A51,'Mouvements stock'!$C$5:$C$3004,"Retour")) | X51: 0 | Y51: 0 | AA51: =IF($A51="","",N(V51)+N(W51)+N(X51)+N(Y51)) | AB51: =IF($A51="","",N(S51)*'Paramètres'!$AA$9*IFERROR(INDEX('Paramètres'!$O$5:$O$7,MATCH(G51,'Paramètres'!$N$5:$N$7,0)),0)) | AC51: Clôturé | AD51: =IF(OR($A51="",Q51=""),"",(Q51-B51)*24) | AE51: =IF(OR(Q51="",R51=""),"",(R51-Q51)*24) | AF51: =IF(OR($A51="",B51=""),"",YEAR(B51)) | AG51: =IF(OR($A51="",B51=""),"",MONTH(B51))
A52: OT-2025-0048 | B52: 45673.472 | C52: Plan préventif | D52: EQ-TOL-006 | E52: =IF(D52="","",IFERROR(INDEX('Équipements'!$B$5:$B$304,MATCH(D52,'Équipements'!$A$5:$A$304,0)),"Code inconnu")) | F52: =IF(D52="","",IFERROR(INDEX('Équipements'!$D$5:$D$304,MATCH(D52,'Équipements'!$A$5:$A$304,0)),"")) | G52: =IF(D52="","",IFERROR(INDEX('Équipements'!$K$5:$K$304,MATCH(D52,'Équipements'!$A$5:$A$304,0)),"")) | H52: Préventif systématique | I52: GP-055 | J52: Électrique | K52: P3 - Normale | L52: Contrôle des sécurités (barrages, AU, pédale) | N52: Gamme réalisée - RAS | O52: Thomas Petit | P52: 45680 | Q52: 45680.479 | R52: 45680.542 | S52: 0.8 | T52: 1.5 | U52: =IF($A52="","",IFERROR(INDEX('Techniciens'!$F$5:$F$44,MATCH(O52,'Techniciens'!$B$5:$B$44,0)),'Paramètres'!$AA$10)) | V52: =IF($A52="","",IF(OR(AC52="Demandé",AC52="Planifié",AC52="Annulé"),0,N(T52)*N(U52))) | W52: =IF($A52="","",SUMIFS('Mouvements stock'!$H$5:$H$3004,'Mouvements stock'!$I$5:$I$3004,$A52,'Mouvements stock'!$C$5:$C$3004,"Sortie")-SUMIFS('Mouvements stock'!$H$5:$H$3004,'Mouvements stock'!$I$5:$I$3004,$A52,'Mouvements stock'!$C$5:$C$3004,"Retour")) | X52: 0 | Y52: 0 | AA52: =IF($A52="","",N(V52)+N(W52)+N(X52)+N(Y52)) | AB52: =IF($A52="","",N(S52)*'Paramètres'!$AA$9*IFERROR(INDEX('Paramètres'!$O$5:$O$7,MATCH(G52,'Paramètres'!$N$5:$N$7,0)),0)) | AC52: Clôturé | AD52: =IF(OR($A52="",Q52=""),"",(Q52-B52)*24) | AE52: =IF(OR(Q52="",R52=""),"",(R52-Q52)*24) | AF52: =IF(OR($A52="",B52=""),"",YEAR(B52)) | AG52: =IF(OR($A52="",B52=""),"",MONTH(B52))
A53: OT-2025-0049 | B53: 45674.358 | C53: Inès Girard (cheffe d'équipe) | D53: EQ-PEI-003 | E53: =IF(D53="","",IFERROR(INDEX('Équipements'!$B$5:$B$304,MATCH(D53,'Équipements'!$A$5:$A$304,0)),"Code inconnu")) | F53: =IF(D53="","",IFERROR(INDEX('Équipements'!$D$5:$D$304,MATCH(D53,'Équipements'!$A$5:$A$304,0)),"")) | G53: =IF(D53="","",IFERROR(INDEX('Équipements'!$K$5:$K$304,MATCH(D53,'Équipements'!$A$5:$A$304,0)),"")) | H53: Correctif | J53: Mécanique | K53: P2 - Haute | L53: Pompe de bain en défaut | M53: Usure | N53: Remplacement pompe | O53: Lucas Fontaine | Q53: 45674.577 | R53: 45674.827 | S53: 11.3 | T53: 6 | U53: =IF($A53="","",IFERROR(INDEX('Techniciens'!$F$5:$F$44,MATCH(O53,'Techniciens'!$B$5:$B$44,0)),'Paramètres'!$AA$10)) | V53: =IF($A53="","",IF(OR(AC53="Demandé",AC53="Planifié",AC53="Annulé"),0,N(T53)*N(U53))) | W53: =IF($A53="","",SUMIFS('Mouvements stock'!$H$5:$H$3004,'Mouvements stock'!$I$5:$I$3004,$A53,'Mouvements stock'!$C$5:$C$3004,"Sortie")-SUMIFS('Mouvements stock'!$H$5:$H$3004,'Mouvements stock'!$I$5:$I$3004,$A53,'Mouvements stock'!$C$5:$C$3004,"Retour")) | X53: 0 | Y53: 0 | AA53: =IF($A53="","",N(V53)+N(W53)+N(X53)+N(Y53)) | AB53: =IF($A53="","",N(S53)*'Paramètres'!$AA$9*IFERROR(INDEX('Paramètres'!$O$5:$O$7,MATCH(G53,'Paramètres'!$N$5:$N$7,0)),0)) | AC53: Clôturé | AD53: =IF(OR($A53="",Q53=""),"",(Q53-B53)*24) | AE53: =IF(OR(Q53="",R53=""),"",(R53-Q53)*24) | AF53: =IF(OR($A53="",B53=""),"",YEAR(B53)) | AG53: =IF(OR($A53="",B53=""),"",MONTH(B53))
A54: OT-2025-0050 | B54: 45674.417 | C54: Plan préventif | D54: EQ-USI-005 | E54: =IF(D54="","",IFERROR(INDEX('Équipements'!$B$5:$B$304,MATCH(D54,'Équipements'!$A$5:$A$304,0)),"Code inconnu")) | F54: =IF(D54="","",IFERROR(INDEX('Équipements'!$D$5:$D$304,MATCH(D54,'Équipements'!$A$5:$A$304,0)),"")) | G54: =IF(D54="","",IFERROR(INDEX('Équipements'!$K$5:$K$304,MATCH(D54,'Équipements'!$A$5:$A$304,0)),"")) | H54: Préventif systématique | I54: GP-017 | J54: Mécanique | K54: P3 - Normale | L54: Contrôle niveaux, nettoyage filtres et bac à copeaux | N54: Gamme réalisée - RAS | O54: Karim Benali | P54: 45681 | Q54: 45681.34 | R54: 45681.413 | S54: 1.8 | T54: 1.75 | U54: =IF($A54="","",IFERROR(INDEX('Techniciens'!$F$5:$F$44,MATCH(O54,'Techniciens'!$B$5:$B$44,0)),'Paramètres'!$AA$10)) | V54: =IF($A54="","",IF(OR(AC54="Demandé",AC54="Planifié",AC54="Annulé"),0,N(T54)*N(U54))) | W54: =IF($A54="","",SUMIFS('Mouvements stock'!$H$5:$H$3004,'Mouvements stock'!$I$5:$I$3004,$A54,'Mouvements stock'!$C$5:$C$3004,"Sortie")-SUMIFS('Mouvements stock'!$H$5:$H$3004,'Mouvements stock'!$I$5:$I$3004,$A54,'Mouvements stock'!$C$5:$C$3004,"Retour")) | X54: 0 | Y54: 0 | AA54: =IF($A54="","",N(V54)+N(W54)+N(X54)+N(Y54)) | AB54: =IF($A54="","",N(S54)*'Paramètres'!$AA$9*IFERROR(INDEX('Paramètres'!$O$5:$O$7,MATCH(G54,'Paramètres'!$N$5:$N$7,0)),0)) | AC54: Clôturé | AD54: =IF(OR($A54="",Q54=""),"",(Q54-B54)*24) | AE54: =IF(OR(Q54="",R54=""),"",(R54-Q54)*24) | AF54: =IF(OR($A54="",B54=""),"",YEAR(B54)) | AG54: =IF(OR($A54="",B54=""),"",MONTH(B54))
A55: OT-2025-0051 | B55: 45674.469 | C55: Plan préventif | D55: EQ-PEI-005 | E55: =IF(D55="","",IFERROR(INDEX('Équipements'!$B$5:$B$304,MATCH(D55,'Équipements'!$A$5:$A$304,0)),"Code inconnu")) | F55: =IF(D55="","",IFERROR(INDEX('Équipements'!$D$5:$D$304,MATCH(D55,'Équipements'!$A$5:$A$304,0)),"")) | G55: =IF(D55="","",IFERROR(INDEX('Équipements'!$K$5:$K$304,MATCH(D55,'Équipements'!$A$5:$A$304,0)),"")) | H55: Préventif systématique | I55: GP-074 | J55: Mécanique | K55: P3 - Normale | L55: Nettoyage et remplacement des filtres | N55: Gamme réalisée - RAS | O55: Lucas Fontaine | P55: 45681 | Q55: 45681.347 | R55: 45681.472 | S55: 1.5 | T55: 3 | U55: =IF($A55="","",IFERROR(INDEX('Techniciens'!$F$5:$F$44,MATCH(O55,'Techniciens'!$B$5:$B$44,0)),'Paramètres'!$AA$10)) | V55: =IF($A55="","",IF(OR(AC55="Demandé",AC55="Planifié",AC55="Annulé"),0,N(T55)*N(U55))) | W55: =IF($A55="","",SUMIFS('Mouvements stock'!$H$5:$H$3004,'Mouvements stock'!$I$5:$I$3004,$A55,'Mouvements stock'!$C$5:$C$3004,"Sortie")-SUMIFS('Mouvements stock'!$H$5:$H$3004,'Mouvements stock'!$I$5:$I$3004,$A55,'Mouvements stock'!$C$5:$C$3004,"Retour")) | X55: 0 | Y55: 0 | AA55: =IF($A55="","",N(V55)+N(W55)+N(X55)+N(Y55)) | AB55: =IF($A55="","",N(S55)*'Paramètres'!$AA$9*IFERROR(INDEX('Paramètres'!$O$5:$O$7,MATCH(G55,'Paramètres'!$N$5:$N$7,0)),0)) | AC55: Clôturé | AD55: =IF(OR($A55="",Q55=""),"",(Q55-B55)*24) | AE55: =IF(OR(Q55="",R55=""),"",(R55-Q55)*24) | AF55: =IF(OR($A55="",B55=""),"",YEAR(B55)) | AG55: =IF(OR($A55="",B55=""),"",MONTH(B55))
A56: OT-2025-0052 | B56: 45675.262 | C56: Éric Laurent (chef d'atelier) | D56: EQ-USI-003 | E56: =IF(D56="","",IFERROR(INDEX('Équipements'!$B$5:$B$304,MATCH(D56,'Équipements'!$A$5:$A$304,0)),"Code inconnu")) | F56: =IF(D56="","",IFERROR(INDEX('Équipements'!$D$5:$D$304,MATCH(D56,'Équipements'!$A$5:$A$304,0)),"")) | G56: =IF(D56="","",IFERROR(INDEX('Équipements'!$K$5:$K$304,MATCH(D56,'Équipements'!$A$5:$A$304,0)),"")) | H56: Correctif | J56: Hydraulique | K56: P4 - Basse | L56: Fuite d'huile hydraulique sous la table | M56: Fuite | N56: Remplacement flexible et joints, appoint huile | O56: Antoine Mercier | Q56: 45678.856 | R56: 45679.356 | S56: 0 | T56: 12 | U56: =IF($A56="","",IFERROR(INDEX('Techniciens'!$F$5:$F$44,MATCH(O56,'Techniciens'!$B$5:$B$44,0)),'Paramètres'!$AA$10)) | V56: =IF($A56="","",IF(OR(AC56="Demandé",AC56="Planifié",AC56="Annulé"),0,N(T56)*N(U56))) | W56: =IF($A56="","",SUMIFS('Mouvements stock'!$H$5:$H$3004,'Mouvements stock'!$I$5:$I$3004,$A56,'Mouvements stock'!$C$5:$C$3004,"Sortie")-SUMIFS('Mouvements stock'!$H$5:$H$3004,'Mouvements stock'!$I$5:$I$3004,$A56,'Mouvements stock'!$C$5:$C$3004,"Retour")) | X56: 0 | Y56: 0 | AA56: =IF($A56="","",N(V56)+N(W56)+N(X56)+N(Y56)) | AB56: =IF($A56="","",N(S56)*'Paramètres'!$AA$9*IFERROR(INDEX('Paramètres'!$O$5:$O$7,MATCH(G56,'Paramètres'!$N$5:$N$7,0)),0)) | AC56: Clôturé | AD56: =IF(OR($A56="",Q56=""),"",(Q56-B56)*24) | AE56: =IF(OR(Q56="",R56=""),"",(R56-Q56)*24) | AF56: =IF(OR($A56="",B56=""),"",YEAR(B56)) | AG56: =IF(OR($A56="",B56=""),"",MONTH(B56))
